 Dungeon Crawl Stone Soup version 0.30-a0-165-g1891117ce2 (webtiles) character file.

Game seed: 7737658932401057081

373540 qw the Peltast (level 22, 152/152 HPs)
             Began as a Gargoyle Fighter on Sept 28, 2022.
             Was an Elder of Okawaru.
             Quit the game on level 2 of the Depths.
             The game lasted 00:33:29 (47697 turns).

qw the Peltast (Gargoyle Fighter)                  Turns: 47697, Time: 00:33:30

Health: 152/152    AC: 56    Str: 31    XL:     22   Next: 72%
Magic:  26/26      EV: 17    Int:  9    God:    Okawaru [****..]
Gold:   1451       SH: 28    Dex: 18    Spells: 21/21 levels left

rFire   + . .      SeeInvis +    n - +8 broad axe (vamp)
rCold   + . .      Faith    .    q - +0 tower shield
rNeg    + . .      Spirit   .    A - +4 plate armour of the Leaf {rF+ rCorr Slay+3}
rPois   inf        Reflect  +    C - +2 helmet "Micw" {Dex+3}
rElec   +          Harm     .    J - scarf {repulsion}
rCorr   +          Rampage  .    H - +2 pair of gloves of Impermeability {Dex+3}
Will    +....      NoCast   +    K - +3 pair of mountain boots {steadfast, rC+}
Stlth   ..........               a - amulet "Ogan" {Reflect -Cast Dex+3 SH+5 SInv}
HPRegen 0.35/turn                L - +4 ring of protection
MPRegen 0.20/turn                z - +4 ring of evasion

@: flying, repel missiles
A: sickness immunity, AC +16, big wings, negative energy resistance 1,
electricity resistance, torment resistance 1, petrification resistance, low MP
1, subdued magic 1, MP-powered wands
}: 2/15 runes: serpentine, barnacled
a: Renounce Religion, Heroism, Finesse


You were on level 2 of the Depths.
You worshipped Okawaru.
Okawaru was greatly pleased with you.
You visited 8 branches of the dungeon, and saw 37 of its levels.
You visited the Abyss 2 times.

You collected 5818 gold pieces.
You spent 4367 gold pieces at shops.


Innate Abilities, Weirdness & Mutations

You are immune to sickness and miasma.
Your stone body is resilient. (AC +16)
You are immune to poison.
Your large and strong wings let you fly.
You resist negative energy. (rN+)
You are resistant to electric shocks. (rElec)
You are resistant to unholy torment.
You are immune to petrification.
Your magical capacity is low. (-10% MP)
Your spells are a little easier to cast, but a little less powerful.
You expend magic power (3 MP) to strengthen your wands.


   Skills:
 - Level 20.0 Fighting
 - Level 18.0 Axes
 - Level 11.0 Throwing
 - Level 19.0 Armour
 + Level 9.0 Dodging
 - Level 20.9 Shields
 - Level 10.0 Invocations


You had 21 spell levels left.
You didn't know any spells.
Your spell library was empty.

Inventory:

Hand Weapons
 b - the +7 broad axe of Floods {elec, SInv}
   (Okawaru gifted it to you on level 9 of the Dungeon)

   It occasionally discharges a powerful burst of electricity upon striking a
   foe.
   SInv:      It lets you see invisible.
 n - a +8 vampiric broad axe (weapon)
Missiles
 c - 7 boomerangs of dispersal
 p - 6 silver boomerangs
 u - 34 boomerangs
 w - 16 javelins (quivered)
 B - 7 silver javelins
Armour
 m - a +1 cloak
 q - a +0 tower shield (worn)
 s - +0 gold dragon scales
 x - a +4 plate armour of cold resistance
 A - the +4 plate armour of the Leaf (worn) {rF+ rCorr Slay+3}
   (You bought it in a shop on level 2 of the Vaults)

   Slay:      It affects your accuracy & damage with ranged weapons and melee
   (+3).
   rF:        It protects you from fire.
   rCorr:     It protects you from acid and corrosion.
 C - the +2 helmet "Micw" (worn) {Dex+3}
   (You bought it in a shop on level 2 of the Orcish Mines)

   Dex:       It affects your dexterity (+3).
 H - the +2 pair of gloves of Impermeability (worn) {Dex+3}
   (You bought it in a shop on level 2 of the Orcish Mines)

   Dex:       It affects your dexterity (+3).
 J - a scarf of repulsion (worn)
 K - the +3 pair of mountain boots (worn) {steadfast, rC+}
   (You acquired it on level 4 of the Vaults)

   It prevents involuntary movement, except for blinking, teleportation, or
   banishment.
   rC:        It protects you from cold.
Jewellery
 a - the amulet "Ogan" (around neck) {Reflect -Cast Dex+3 SH+5 SInv}
   (You acquired it on level 2 of the Dungeon)

   [amulet of reflection]

   It reflects blocked missile attacks.
   Dex:       It affects your dexterity (+3).
   SInv:      It lets you see invisible.
   -Cast:     It prevents spellcasting.
   SH:        It affects your SH (+5).
 v - a ring of fire
 z - a +4 ring of evasion (right hand)
 D - a ring of resist corrosion
 G - a ring of resist corrosion
 I - a ring of protection from fire
 L - a +4 ring of protection (left hand)
Scrolls
 f - 16 scrolls of identify
 y - a scroll of brand weapon
Potions
 d - 8 potions of might
 e - 7 potions of cancellation
 h - 17 potions of curing
 i - 7 potions of haste
 j - 4 potions of resistance
 k - 8 potions of lignification
 l - 6 potions of attraction
 o - 4 potions of magic
 t - 2 potions of mutation
 E - 2 potions of heal wounds

Dungeon Overview and Level Annotations

Branches:
Dungeon (15/15)            Temple (1/1) D:6            Lair (5/5) D:8
 Shoals (4/4) Lair:2        Snake (4/4) Lair:3        Slime (0/5) Lair:5
    Orc (2/2) D:10            Elf (0/3) Orc:2        Vaults (4/5) D:13
  Crypt (0/3) Vaults:2     Depths (2/4) D:15

Altars:
Ashenzari
Cheibriados
Dithmenos
Elyvilon
Fedhas
Gozag
Hepliaklqana
Kikubaaqudgha
Makhleb
Nemelex Xobeh
Okawaru
Qazlal
Ru
Sif Muna
Trog
Uskayaw
Vehumet
Wu Jian
Xom
Yredelemnul
Zin
The Shining One
Jiyva

Shops:
D:4 :   D:6 ?   D:11 =*   D:14 =*   Orc:2 =([[   Shoals:1 *   Snake:3 [
Vaults:2 (*!   Depths:1 !

Portals:
Hell: Depths:1 Depths:2
Pandemonium: Depths:2
Ziggurat: Depths:1
Trove: D:14 (give +3 storm dragon scales)

Annotations:
D:7 3 runed translucent doors, qw's ghost, amateur GrFi
D:13 4 runed translucent doors
Lair:1 1 runed translucent door, qw's ghost, journeyman GrFi
Lair:2 3 runed translucent doors, qw's ghost, journeyman GrFi


Message History

47684 ||| Stepping randomly (stuck).
There are monsters nearby!
There are monsters nearby!
47685 ||| Stepping randomly (stuck).
There are monsters nearby!
There are monsters nearby!
47686 ||| Stepping randomly (stuck).
There are monsters nearby!
There are monsters nearby!
47687 ||| Stepping randomly (stuck).
There are monsters nearby!
There are monsters nearby!
47688 ||| Stepping randomly (stuck).
There are monsters nearby!
There are monsters nearby!
47689 ||| Stepping randomly (stuck).
There are monsters nearby!
There are monsters nearby!
47690 ||| Stepping randomly (stuck).
The ice dragon roars deafeningly!
There are monsters nearby!
There are monsters nearby!
47691 ||| Stepping randomly (stuck).
There are monsters nearby!
There are monsters nearby!
47692 ||| Stepping randomly (stuck).
There are monsters nearby!
There are monsters nearby!
47693 ||| Stepping randomly (stuck).
There are monsters nearby!
There are monsters nearby!
47694 ||| Stepping randomly (stuck).
You see here 3 javelins.
There are monsters nearby!
There are monsters nearby!
47695 ||| Stepping randomly (stuck).
There are monsters nearby!
There are monsters nearby!
47696 ||| Stepping randomly (stuck).
Are you sure you want to abandon this character and quit the game? (Confirm with "yes".)

#..#..#..#..#..# ##..
#..#..CCC#.D...# ##..#
#..#.CDCi#CC...# #..##
#..####################.##
#)...................)..#
#....................(..#
#..######################
#..#.....#.....#uLT..
#..#.....#@....#CD....#
#..#..#..#)(#..#..###'#
#..#..#..#).#..#..# #
#.....#..().#.....#
#....(#.....#.....#
###################


You could see a frost giant, a fire giant and a spriggan defender.

Vanquished Creatures
  Sojobo (Vaults:4)
  Boris (4 times) (Vaults:3 Vaults:4 Depths:1 Depths:2)
  Margery (Vaults:4)
  2 golden dragons
  A pearl dragon (Abyss:3)
  Nikola (Vaults:1)
  Rupert (D:14)
  A tentacled monstrosity (Shoals:3)
  Jorgrun (Shoals:1)
  Mlioglotl (Snake:2)
  3 liches
  3 krakens
  4 sphinxes
  A tentacled starspawn (Abyss:3)
  2 tengu reavers (Vaults:4)
  A shadow dragon (Vaults:2)
  A draconian knight (Vaults:4)
  A revenant (Vaults:2)
  7 nagarajas
  3 fire giants
  5 frost giants
  A daeva (Abyss:3)
  2 iron dragons
  11 vault wardens
  20 ironbound preservers
  6 ironbound thunderhulks
  8 stone giants
  8 very ugly things
  2 war gargoyles (Vaults:3)
  2 vampire knights
  A lorocyproca (Vaults:4)
  19 dire elephants
  5 spark wasps (Depths:2)
  Nessos (Lair:5)
  2 eidola
  8 ettins
  5 merfolk javelineers
  7 yaktaur captains
  8 great orbs of eyes
  2 fire dragons
  16 merfolk impalers
  2 entropy weavers
  9 vault guards
  2 hydras (Lair:3)
  A salamander tyrant (Snake:4)
  An ice dragon (Depths:1)
  A hell beast (Depths:2)
  A peacekeeper (Vaults:3)
  2 spriggan air magi
  6 ogre magi
  An anaconda (shapeshifter) (Vaults:1)
  2 merfolk avatars (Shoals:3)
  An alligator snapping turtle (Shoals:2)
  4 catoblepae
  3 boulder beetles
  2 death knights
  11 anacondas
  6 ironbound frosthearts
  6 centaur warriors
  17 two-headed ogres
  4 merfolk aquamancers
  5 tengu warriors
  7 death yaks
  2 dancing weapons (D:13)
  3 satyrs
  12 naga warriors
  6 deep troll earth magi
  4 deep troll shamans
  A vampire mage (Vaults:2)
  8 shock serpents
  Urug (D:11)
  An orc high priest (Orc:1)
  16 naga sharpshooters
  2 sun demons
  A thrashing horror (Abyss:3)
  3 wretched stars (Abyss:3)
  4 skeletal warriors (D:14)
  A sixfirhy (Depths:2)
  Amaemon (D:11)
  4 hell knights (Vaults:4)
  Lodul (D:10)
  6 iron trolls
  9 naga ritualists
  8 salamander mystics
  60 deep trolls
  6 sea snakes
  7 wizards
  4 glowing orange brains
  2 lindwurms (Vaults:1)
  A flayed ghost (Vaults:2)
  4 necromancers
  6 orc knights
  5 deep elf pyromancers
  16 harpies
  21 ironbound convokers
  16 ugly things
  4 phantasmal warriors
  9 mana vipers
  17 salamanders
  13 fauns
  8 cyclopes
  13 manticores
  6 orc sorcerers
  6 merfolk sirens
  A moth of wrath (shapeshifter) (Vaults:2)
  Maurice (D:8)
  17 vault sentinels
  23 elephants
  A human skeleton (Vaults:2)
  A guardian serpent (shapeshifter) (D:15)
  2 apocalypse crabs
  24 black mambas
  3 guardian serpents
  6 water nymphs
  21 naga magi
  A centaur zombie (D:15)
  6 torpor snails
  3 smoke demons
  18 cane toads
  4 orange demons
  2 efreet (D:13)
  An unseen horror (shapeshifter) (D:15)
  2 gargoyles
  2 centaur skeletons (D:15)
  A rime drake (Lair:4)
  15 yaktaurs
  3 freezing wraiths (D:15)
  A tengu conjurer (Depths:1)
  5 kobold demonologists
  8 komodo dragons
  4 ancient zymes
  3 hellwings
  A queen bee (Lair:2)
  3 polar bears
  2 burning bushes (Lair:4)
  14 trolls
  2 hornets
  10 wind drakes
  A harpy skeleton (Abyss:3)
  29 merfolk
  7 snapping turtles
  2 raiju (Abyss:3)
  7 dream sheep
  20 blink frogs
  32 slime creatures
  A stone giant simulacrum (Vaults:2)
  7 large abominations
  4 shadows
  A ynoxinul (Abyss:2)
  10 water elementals
  7 wyverns
  12 basilisks
  A vampire (D:12)
  3 small abominations (Abyss:3)
  9 wraiths
  A basilisk (shapeshifter) (D:14)
  2 chaos spawn
  3 redbacks
  Grum (D:9)
  3 steam dragons
  38 yaks
  A yak (shapeshifter) (D:15)
  2 vampire mosquitoes (D:14)
  A neqoxec (Depths:2)
  2 wargs (D:15)
  48 nagas
  Duvessa (D:4)
  3 acid dragons
  Menkaure (D:4)
  19 water moccasins
  A sky beast (D:7)
  An ice beast (D:8)
  2 black bears
  27 orc warriors
  29 ogres
  9 starcursed masses (Abyss:3)
  2 boggarts (D:14)
  6 centaurs
  A human zombie (Vaults:2)
  22 wolves
  A phantom (D:4)
  4 kobold brigands
  13 bullfrogs
  A bullfrog (shapeshifter) (D:12)
  A necrophage (D:5)
  4 earth elementals
  2 gnoll sergeants (D:9)
  9 wights (D:9)
  Dowan (D:4)
  44 killer bees
  An electric eel (Lair:5)
  3 howler monkeys (D:11)
  A crimson imp (Orc:2)
  A hound (D:6)
  2 jellies
  A gnoll bouda (D:4)
  19 orc priests
  An iron imp (Orc:2)
  3 iguanas
  21 orc wizards
  Robin (D:4)
  14 gnolls
  8 adders
  2 shadow imps
  A white imp (Orc:2)
  An ufetubus (Abyss:3)
  2 worms
  A dart slug (D:3)
  79 orcs
  5 bats
  9 endoplasms
  2 giant cockroaches
  13 goblins
  15 hobgoblins
  3 jackals (D:2)
  2 quokkas
  11 ball pythons
  4 frilled lizards
  20 kobolds
  2 rats (D:2)
  A spectral kobold (D:1)
  6 tentacles
1516 creatures vanquished.

Vanquished Creatures (others)
  A naga sharpshooter (Snake:4)
  A black mamba (Snake:1)
  A ynoxinul (Abyss:3)
  A naga (Snake:4)
  A swamp drake (Orc:2)
  A boggart (D:14)
  A shadow imp (Orc:2)
  4 orcs (Orc:2)
  25 fungi
  96 plants
  2 starspawn tentacles (Abyss:3)
  12 tentacles
146 creatures vanquished.

Grand Total: 1662 creatures vanquished

Notes
Turn   | Place    | Note
-------+----------+-------------------------------------------
     0 | D:1      | qw the Gargoyle Fighter began the quest for the Orb.
     0 | D:1      | Reached XP level 1. HP: 14/14 MP: 1/1
     0 | D:1      | 0 ||| qw: Version: 0.2-a-12-gaebbb33
     0 | D:1      | 0 ||| qw: Game counter: 934
     0 | D:1      | 0 ||| qw: Always use a shield: true
     0 | D:1      | 0 ||| qw: God list: Okawaru
     0 | D:1      | 0 ||| qw: Allow faded altars: false
     0 | D:1      | 0 ||| qw: Do Orc after D:15 true
     0 | D:1      | 0 ||| qw: Do second Lair branch before Depths: true
     0 | D:1      | 0 ||| qw: Lair rune preference: random
     0 | D:1      | 0 ||| qw: Plans: Normal, Zot:1-4, God:TSO, Crypt, Tomb,
                  | Pan, Slime:5, Hells, Abyss, Orb
     0 | D:1      | 0 ||| PLANNING D:1-11
    80 | D:1      | Reached XP level 2. HP: 12/19 MP: 2/2
   501 | D:1      | 501 ||| Stepping ~*~*~tactically~*~*~ (stealth).
   609 | D:1      | 609 ||| Stepping ~*~*~tactically~*~*~ (stealth).
   711 | D:1      | 711 ||| Stepping ~*~*~tactically~*~*~ (water).
   715 | D:1      | Reached skill level 3 in Axes
   723 | D:1      | Found a faded altar of an unknown god.
   747 | D:1      | Reached XP level 3. HP: 19/23 MP: 3/3
  1032 | D:1      | You fall into a shaft and drop 1 floor!
  1068 | D:2      | 1068 ||| Stepping ~*~*~tactically~*~*~ (stealth).
  1165 | D:2      | 1165 ||| Stepping ~*~*~tactically~*~*~ (stealth).
  1213 | D:2      | 1213 ||| READING scroll labelled SITTUOZE DA RO OCE.
  1213 | D:2      | Identified a scroll of acquirement
  1213 | D:2      | 1213 ||| ACQUIRING amulet "Ogan" {Reflect -Cast Dex+3 SH+5
                  | SInv}
  1213 | D:2      | Acquired the amulet "Ogan" {Reflect -Cast Dex+3 SH+5 SInv}
  1215 | D:2      | 1215 ||| UPGRADING to amulet "Ogan" {Reflect -Cast Dex+3
                  | SH+5 SInv}.
  1220 | D:2      | 1220 ||| READING 4 scrolls labelled SYORYI JYWIR.
  1221 | D:2      | 1221 ||| READING 2 scrolls labelled JUVVOB FIXYAL.
  1222 | D:2      | 1222 ||| READING 2 scrolls labelled WEAKLI XIRONWI.
  1223 | D:2      | 1223 ||| DRINKING 2 bubbling pink potions.
  1224 | D:2      | 1224 ||| READING 3 scrolls of identify.
  1224 | D:2      | 1224 ||| IDENTIFYING viscous cyan potion
  1225 | D:2      | 1225 ||| READING 2 scrolls of identify.
  1225 | D:2      | 1225 ||| IDENTIFYING inky potion
  1226 | D:2      | 1226 ||| DROPPING scroll of noise.
  1227 | D:2      | 1227 ||| FLEEEEING.
  1228 | D:2      | 1228 ||| FLEEEEING.
  1230 | D:2      | 1230 ||| STAIRDANCE
  1348 | D:1      | Reached XP level 4. HP: 28/28 MP: 4/4
  1456 | D:1      | 1456 ||| DROPPING scroll of blinking.
  1457 | D:1      | 1457 ||| DROPPING potion of ambrosia.
  1624 | D:2      | 1624 ||| Stepping ~*~*~tactically~*~*~ (stealth).
  1636 | D:2      | 1636 ||| Stepping ~*~*~tactically~*~*~ (stealth).
  1649 | D:2      | 1649 ||| Stepping ~*~*~tactically~*~*~ (stealth).
  1650 | D:2      | 1650 ||| Stepping ~*~*~tactically~*~*~ (stealth).
  1652 | D:2      | 1652 ||| Stepping ~*~*~tactically~*~*~ (stealth).
  1710 | D:2      | 1710 ||| Stepping ~*~*~tactically~*~*~ (stealth).
  1711 | D:2      | 1711 ||| Stepping ~*~*~tactically~*~*~ (stealth).
  1714 | D:2      | Reached skill level 1 in Dodging
  1714 | D:2      | 1714 ||| Stepping ~*~*~tactically~*~*~ (stealth).
  1716 | D:2      | 1716 ||| Stepping ~*~*~tactically~*~*~ (stealth).
  1908 | D:2      | 1908 ||| READING scroll labelled DUROZAGUUPO.
  1909 | D:2      | 1909 ||| READING scroll labelled ALIXORCHOMIMP.
  1910 | D:2      | 1910 ||| READING scroll labelled CIEQ BEUV ICZISOU.
  1911 | D:2      | 1911 ||| DRINKING 2 coppery potions.
  1912 | D:2      | 1912 ||| READING 6 scrolls of identify.
  1912 | D:2      | 1912 ||| IDENTIFYING dark potion
  1913 | D:2      | 1913 ||| READING 5 scrolls of identify.
  1913 | D:2      | 1913 ||| IDENTIFYING bubbling puce potion
  1914 | D:2      | 1914 ||| READING 4 scrolls of identify.
  1914 | D:2      | 1914 ||| IDENTIFYING brown potion
  1915 | D:2      | 1915 ||| DROPPING potion of degeneration.
  1916 | D:2      | 1916 ||| DROPPING potion of flight.
  1994 | D:3      | 1994 ||| DROPPING +0 club.
  2142 | D:3      | 2142 ||| Stepping ~*~*~tactically~*~*~ (stealth).
  2144 | D:3      | 2144 ||| Stepping ~*~*~tactically~*~*~ (hiding).
  2152 | D:3      | HP: 3/28 [gnoll/+0 flail (6)]
  2153 | D:3      | 2153 ||| DRINKING potion of heal wounds.
  2156 | D:3      | Reached XP level 5. HP: 30/32 MP: 5/5
  2231 | D:3      | 2231 ||| Stepping ~*~*~tactically~*~*~ (stealth).
  2303 | D:3      | 2303 ||| FLEEEEING.
  2304 | D:3      | 2304 ||| FLEEEEING.
  2305 | D:3      | 2305 ||| FLEEEEING.
  2306 | D:3      | 2306 ||| FLEEEEING.
  2307 | D:3      | 2307 ||| FLEEEEING.
  2308 | D:3      | 2308 ||| FLEEEEING.
  2309 | D:3      | 2309 ||| FLEEEEING.
  2310 | D:3      | 2310 ||| FLEEEEING.
  2311 | D:3      | 2311 ||| FLEEEEING.
  2312 | D:3      | 2312 ||| FLEEEEING.
  2313 | D:3      | 2313 ||| FLEEEEING.
  2314 | D:3      | 2314 ||| FLEEEEING.
  2315 | D:3      | 2315 ||| FLEEEEING.
  2316 | D:3      | 2316 ||| FLEEEEING.
  2317 | D:3      | 2317 ||| FLEEEEING.
  2318 | D:3      | 2318 ||| FLEEEEING.
  2322 | D:3      | 2322 ||| FLEEEEING.
  2323 | D:3      | 2323 ||| FLEEEEING.
  2324 | D:3      | 2324 ||| FLEEEEING.
  2325 | D:3      | 2325 ||| FLEEEEING.
  2326 | D:3      | 2326 ||| FLEEEEING.
  2327 | D:3      | 2327 ||| FLEEEEING.
  2328 | D:3      | 2328 ||| FLEEEEING.
  2329 | D:3      | 2329 ||| FLEEEEING.
  2330 | D:3      | 2330 ||| FLEEEEING.
  2331 | D:3      | 2331 ||| FLEEEEING.
  2334 | D:3      | 2334 ||| FLEEEEING.
  2335 | D:3      | 2335 ||| FLEEEEING.
  2336 | D:3      | 2336 ||| FLEEEEING.
  2337 | D:3      | 2337 ||| FLEEEEING.
  2338 | D:3      | 2338 ||| FLEEEEING.
  2339 | D:3      | 2339 ||| FLEEEEING.
  2340 | D:3      | 2340 ||| FLEEEEING.
  2341 | D:3      | 2341 ||| FLEEEEING.
  2342 | D:3      | 2342 ||| STAIRDANCE
  2384 | D:2      | 2384 ||| UPGRADING to +0 chain mail.
  2394 | D:2      | 2394 ||| DROPPING +0 scale mail.
  2412 | D:3      | 2412 ||| Stepping ~*~*~tactically~*~*~ (stealth).
  2414 | D:3      | 2414 ||| Stepping ~*~*~tactically~*~*~ (hiding).
  2544 | D:3      | 2544 ||| DROPPING +0 whip.
  2829 | D:3      | 2829 ||| UPGRADING to +0 pair of boots.
  2900 | D:4      | Found Zeuwnij's Book Boutique.
  2968 | D:4      | 2968 ||| Stepping ~*~*~tactically~*~*~ (stealth).
  2969 | D:4      | 2969 ||| Stepping ~*~*~tactically~*~*~ (stealth).
  2978 | D:4      | 2978 ||| FLEEEEING.
  2985 | D:4      | 2985 ||| Stepping ~*~*~tactically~*~*~ (hiding).
  2986 | D:4      | Noticed Menkaure
  2987 | D:4      | Noticed Robin
  2996 | D:4      | HP: 6/32 [gnoll/+0 spear[a gnoll bouda] (4)]
  2997 | D:4      | 2997 ||| DRINKING potion of heal wounds.
  3005 | D:4      | Reached XP level 6. HP: 32/37 MP: 6/6
  3030 | D:4      | Killed Menkaure
  3031 | D:4      | Killed Robin
  3303 | D:4      | Found a white marble altar of Elyvilon.
  3327 | D:4      | 3327 ||| Stepping ~*~*~tactically~*~*~ (stealth).
  3411 | D:4      | Reached XP level 7. HP: 44/44 MP: 7/7
  3413 | D:4      | Found a glowing golden altar of the Shining One.
  3483 | D:4      | Noticed Duvessa
  3483 | D:4      | Noticed Dowan
  3499 | D:4      | Killed Duvessa
  3500 | D:4      | Reached skill level 6 in Axes
  3507 | D:4      | Killed Dowan
  3964 | D:4      | 3964 ||| UPGRADING to +0 helmet.
  3969 | D:4      | 3969 ||| DROPPING amulet of reflection.
  3970 | D:4      | 3970 ||| READING scroll labelled NOREIN TAFE.
  3971 | D:4      | 3971 ||| READING 4 scrolls of identify.
  3971 | D:4      | 3971 ||| IDENTIFYING purple potion
  4007 | D:5      | Entered Level 5 of the Dungeon
  4356 | D:5      | Found a blossoming altar of Fedhas.
  4767 | D:5      | 4767 ||| Stepping ~*~*~tactically~*~*~ (hiding).
  5091 | D:5      | 5091 ||| UPGRADING to +0 pair of gloves.
  5096 | D:5      | 5096 ||| UPGRADING to +0 plate armour.
  5106 | D:5      | 5106 ||| DROPPING +0 chain mail.
  5107 | D:5      | 5107 ||| READING scroll labelled LIUNITR TOERR.
  5108 | D:5      | 5108 ||| READING 3 scrolls of identify.
  5108 | D:5      | 5108 ||| IDENTIFYING fizzy grey potion
  5155 | D:5      | 5155 ||| STAIRDANCE
  5159 | D:5      | 5159 ||| STAIRDANCE
  5163 | D:5      | 5163 ||| STAIRDANCE
  5167 | D:5      | 5167 ||| STAIRDANCE
  5171 | D:5      | 5171 ||| STAIRDANCE
  5175 | D:5      | 5175 ||| STAIRDANCE
  5179 | D:5      | 5179 ||| STAIRDANCE
  5183 | D:5      | 5183 ||| STAIRDANCE
  5187 | D:5      | 5187 ||| STAIRDANCE
  5191 | D:5      | 5191 ||| STAIRDANCE
  5195 | D:5      | 5195 ||| STAIRDANCE
  5199 | D:5      | 5199 ||| STAIRDANCE
  5203 | D:5      | 5203 ||| STAIRDANCE
  5207 | D:5      | 5207 ||| STAIRDANCE
  5211 | D:5      | 5211 ||| STAIRDANCE
  5215 | D:5      | 5215 ||| STAIRDANCE
  5219 | D:5      | 5219 ||| STAIRDANCE
  5223 | D:5      | 5223 ||| STAIRDANCE
  5227 | D:5      | 5227 ||| STAIRDANCE
  5231 | D:5      | 5231 ||| STAIRDANCE
  5342 | D:4      | Found a hide-covered altar of Uskayaw.
  5389 | D:6      | 5389 ||| STAIRDANCE
  5406 | D:5      | Reached XP level 8. HP: 47/49 MP: 8/8
  5434 | D:6      | 5434 ||| STAIRDANCE
  5530 | D:6      | HP: 8/49 [orc warrior/+0 dire flail (12)]
  5530 | D:6      | HP: 2/49 [orc warrior/+0 dire flail (6)]
  5531 | D:6      | 5531 ||| DRINKING potion of heal wounds.
  5885 | D:6      | Noticed a shadow
  5902 | D:6      | Killed a shadow
  6083 | D:6      | Found a sacrificial altar of Ru.
  6145 | D:6      | 6145 ||| Stepping ~*~*~tactically~*~*~ (stealth).
  6162 | D:6      | Reached skill level 6 in Fighting
  6199 | D:6      | Found Jecezyaw's Magic Scroll Shop.
  6214 | D:6      | Found an ancient bone altar of Kikubaaqudgha.
  6247 | D:6      | Found a glowing silver altar of Zin.
  6305 | D:6      | Found a sparkling altar of Nemelex Xobeh.
  6326 | D:6      | 6326 ||| BUYING scroll of enchant armour (75 gold).
  6326 | D:6      | Bought a scroll of enchant armour for 75 gold pieces
  6326 | D:6      | 6326 ||| BUYING scroll of identify (20 gold).
  6326 | D:6      | Bought a scroll of identify for 20 gold pieces
  6326 | D:6      | 6326 ||| BUYING scroll of identify (20 gold).
  6326 | D:6      | Bought a scroll of identify for 20 gold pieces
  6326 | D:6      | 6326 ||| BUYING scroll of identify (20 gold).
  6326 | D:6      | Bought a scroll of identify for 20 gold pieces
  6326 | D:6      | 6326 ||| BUYING scroll of teleportation (30 gold).
  6326 | D:6      | Bought a scroll of teleportation for 30 gold pieces
  6326 | D:6      | 6326 ||| READING scroll of enchant armour.
  6326 | D:6      | 6326 ||| ENCHANTING +0 pair of gloves.
  6366 | D:6      | Found a staircase to the Ecumenical Temple.
  6367 | D:6      | 6367 ||| PLANNING TEMPLE
  6375 | Temple   | Entered the Ecumenical Temple
  6376 | Temple   | 6376 ||| PLANNING OKAWARU WORSHIP
  6427 | Temple   | Became a worshipper of Warmaster Okawaru
  6428 | Temple   | 6428 ||| PLANNING D:1-11
  6466 | D:6      | Found a broken altar of Ashenzari.
  6633 | D:6      | Reached skill level 6 in Armour
  6633 | D:6      | Reached XP level 9. HP: 55/55 MP: 9/9
  6649 | D:6      | Found an opulent altar of Gozag.
  6798 | D:6      | 6798 ||| READING scroll labelled DANINI QUS.
  6864 | D:7      | HP: 9/55 [yak (9)]
  6865 | D:7      | 6865 ||| READING scroll of teleportation.
  6866 | D:7      | Reached * piety under Okawaru
  6867 | D:7      | Reached skill level 9 in Axes
  6867 | D:7      | 6867 ||| INVOKING Heroism.
  6873 | D:7      | Reached skill level 1 in Invocations
  7124 | D:7      | 7124 ||| Stepping ~*~*~tactically~*~*~ (stealth).
  7239 | D:7      | Reached skill level 3 in Invocations
  7298 | D:7      | Found a runed translucent gate.
  7299 | D:7      | Found a runed translucent gate.
  7300 | D:7      | Found a runed translucent gate.
  7302 | D:7      | Noticed qw's ghost (amateur GrFi)
  7444 | D:7      | 7444 ||| INVOKING Heroism.
  7445 | D:7      | Found a bloodstained altar of Trog.
  8049 | D:7      | 8049 ||| INVOKING Heroism.
  8304 | D:7      | 8304 ||| UPGRADING to +2 helmet.
  8314 | D:7      | 8314 ||| DROPPING +0 helmet.
  8315 | D:7      | 8315 ||| DROPPING amulet of faith.
  8316 | D:7      | 8316 ||| READING scroll labelled PAGENO ADEDU.
  8338 | D:8      | Found a staircase to the Lair.
  8340 | D:8      | 8340 ||| STAIRDANCE
  8445 | D:8      | Found a shadowy altar of Dithmenos.
  8461 | D:8      | 8461 ||| Stepping ~*~*~tactically~*~*~ (stealth).
  8465 | D:8      | 8465 ||| Stepping ~*~*~tactically~*~*~ (stealth).
  8469 | D:8      | 8469 ||| Stepping ~*~*~tactically~*~*~ (stealth).
  8471 | D:8      | 8471 ||| Stepping ~*~*~tactically~*~*~ (stealth).
  8480 | D:8      | 8480 ||| Stepping ~*~*~tactically~*~*~ (stealth).
  8486 | D:8      | 8486 ||| INVOKING Heroism.
  8504 | D:8      | Noticed Maurice
  8505 | D:8      | 8505 ||| Stepping ~*~*~tactically~*~*~ (stealth).
  8525 | D:8      | 8525 ||| Stepping ~*~*~tactically~*~*~ (stealth).
  8529 | D:8      | 8529 ||| Stepping ~*~*~tactically~*~*~ (hiding).
  8530 | D:8      | 8530 ||| Stepping ~*~*~tactically~*~*~ (hiding).
  8531 | D:8      | 8531 ||| Stepping ~*~*~tactically~*~*~ (hiding).
  8545 | D:8      | Killed Maurice
  8545 | D:8      | Reached ** piety under Okawaru
  8546 | D:8      | Reached XP level 10. HP: 63/63 MP: 13/13
  8591 | D:8      | 8591 ||| INVOKING Heroism.
  8625 | D:8      | 8625 ||| INVOKING Heroism.
  8646 | D:8      | 8646 ||| INVOKING Heroism.
  8768 | D:8      | 8768 ||| INVOKING Heroism.
  9177 | D:8      | 9177 ||| PLANNING LAIR
  9177 | D:8      | 9177 ||| UPGRADING to +2 chain mail of fire resistance.
  9187 | D:8      | 9187 ||| UPGRADING to +1 cloak.
  9192 | D:8      | 9192 ||| UPGRADING to +2 pair of boots.
  9202 | D:8      | 9202 ||| DROPPING +0 pair of boots.
  9203 | D:8      | 9203 ||| READING 6 scrolls of identify.
  9203 | D:8      | 9203 ||| IDENTIFYING sedimented black potion
  9204 | D:8      | 9204 ||| READING 5 scrolls of identify.
  9204 | D:8      | 9204 ||| IDENTIFYING green potion
  9205 | D:8      | 9205 ||| READING 4 scrolls of identify.
  9205 | D:8      | 9205 ||| IDENTIFYING fuming brown potion
  9206 | D:8      | 9206 ||| DROPPING potion of invisibility.
  9207 | D:8      | 9207 ||| DROPPING potion of brilliance.
  9254 | Lair:1   | Entered Level 1 of the Lair of Beasts
  9301 | Lair:1   | You fall into a shaft and drop 1 floor!
  9303 | Lair:2   | 9303 ||| INVOKING Heroism.
  9317 | Lair:2   | Reached *** piety under Okawaru
  9321 | Lair:2   | Noticed a manticore
  9333 | Lair:2   | 9333 ||| INVOKING Heroism.
  9335 | Lair:2   | Killed a manticore
  9540 | Lair:2   | 9540 ||| INVOKING Heroism.
  9549 | Lair:2   | Reached **** piety under Okawaru
  9561 | Lair:2   | 9561 ||| INVOKING Heroism.
  9567 | Lair:2   | 9567 ||| Stepping ~*~*~tactically~*~*~ (stealth).
  9568 | Lair:2   | 9568 ||| Stepping ~*~*~tactically~*~*~ (stealth).
  9586 | Lair:2   | Noticed a cane toad
  9587 | Lair:2   | 9587 ||| Stepping ~*~*~tactically~*~*~ (stealth).
  9591 | Lair:2   | 9591 ||| INVOKING Heroism.
  9594 | Lair:2   | Killed a cane toad
  9595 | Lair:2   | Reached XP level 11. HP: 61/69 MP: 11/14
  9690 | Lair:2   | 9690 ||| Stepping ~*~*~tactically~*~*~ (stealth).
  9691 | Lair:2   | 9691 ||| Stepping ~*~*~tactically~*~*~ (stealth).
  9697 | Lair:2   | 9697 ||| Stepping ~*~*~tactically~*~*~ (hiding).
  9749 | Lair:2   | Reached skill level 9 in Fighting
  9761 | Lair:2   | 9761 ||| Stepping ~*~*~tactically~*~*~ (stealth).
  9772 | Lair:2   | 9772 ||| Stepping ~*~*~tactically~*~*~ (stealth).
  9790 | Lair:2   | 9790 ||| Stepping ~*~*~tactically~*~*~ (stealth).
  9791 | Lair:2   | 9791 ||| Stepping ~*~*~tactically~*~*~ (stealth).
  9798 | Lair:2   | 9798 ||| Stepping ~*~*~tactically~*~*~ (stealth).
  9813 | Lair:2   | 9813 ||| Stepping ~*~*~tactically~*~*~ (stealth).
  9832 | Lair:2   | 9832 ||| INVOKING Heroism.
  9843 | Lair:2   | Reached skill level 6 in Invocations
  9857 | Lair:2   | Reached ***** piety under Okawaru
  9901 | Lair:2   | 9901 ||| INVOKING Heroism.
  9946 | Lair:2   | 9946 ||| Stepping ~*~*~tactically~*~*~ (stealth).
  9958 | Lair:2   | 9958 ||| Stepping ~*~*~tactically~*~*~ (stealth).
  9965 | Lair:2   | 9965 ||| Stepping ~*~*~tactically~*~*~ (stealth).
  9966 | Lair:2   | 9966 ||| Stepping ~*~*~tactically~*~*~ (stealth).
  9966 | Lair:2   | Found a staircase to the Shoals.
  9978 | Lair:2   | 9978 ||| Stepping ~*~*~tactically~*~*~ (stealth).
  9997 | Lair:2   | 9997 ||| INVOKING Heroism.
 10046 | Lair:2   | 10046 ||| INVOKING Heroism.
 10051 | Lair:2   | 10051 ||| Stepping ~*~*~tactically~*~*~ (stealth).
 10058 | Lair:2   | 10058 ||| Stepping ~*~*~tactically~*~*~ (stealth).
 10155 | Lair:2   | 10155 ||| Stepping ~*~*~tactically~*~*~ (stealth).
 10158 | Lair:2   | 10158 ||| Stepping ~*~*~tactically~*~*~ (stealth).
 10162 | Lair:2   | 10162 ||| Stepping ~*~*~tactically~*~*~ (stealth).
 10163 | Lair:2   | 10163 ||| Stepping ~*~*~tactically~*~*~ (stealth).
 10192 | Lair:2   | 10192 ||| Stepping ~*~*~tactically~*~*~ (stealth).
 10252 | Lair:2   | 10252 ||| Stepping ~*~*~tactically~*~*~ (stealth).
 10254 | Lair:2   | 10254 ||| INVOKING Heroism.
 10353 | Lair:2   | 10353 ||| INVOKING Heroism.
 10394 | Lair:2   | 10394 ||| DROPPING +3 hand axe.
 10430 | Lair:2   | 10430 ||| INVOKING Heroism.
 10452 | Lair:2   | Reached skill level 12 in Axes
 10532 | Lair:2   | Identified the +3 leather armour of Xooklyas {rC- Regen+
                  | Str+5}
 10564 | Lair:1   | 10564 ||| INVOKING Heroism.
 10567 | Lair:1   | 10567 ||| Stepping ~*~*~tactically~*~*~ (stealth).
 10615 | Lair:1   | 10615 ||| READING scroll of enchant armour.
 10615 | Lair:1   | 10615 ||| ENCHANTING +1 pair of gloves.
 10696 | Lair:1   | 10696 ||| Stepping ~*~*~tactically~*~*~ (stealth).
 10702 | Lair:1   | 10702 ||| INVOKING Heroism.
 10718 | Lair:1   | Received a gift from Okawaru
 10720 | Lair:1   | Reached skill level 9 in Invocations
 10734 | Lair:1   | Reached XP level 12. HP: 20/76 MP: 18/18
 10734 | Lair:1   | HP: 18/76 [elephant (2)]
 10735 | Lair:1   | 10735 ||| DRINKING 2 potions of heal wounds.
 10736 | Lair:1   | 10736 ||| INVOKING Heroism.
 10766 | Lair:1   | 10766 ||| Stepping ~*~*~tactically~*~*~ (stealth).
 10797 | Lair:1   | 10797 ||| INVOKING Heroism.
 10982 | Lair:1   | Noticed a death yak
 10983 | Lair:1   | 10983 ||| Stepping ~*~*~tactically~*~*~ (stealth).
 10985 | Lair:1   | 10985 ||| Stepping ~*~*~tactically~*~*~ (stealth).
 10986 | Lair:1   | 10986 ||| INVOKING Heroism.
 10987 | Lair:1   | 10987 ||| INVOKING Finesse.
 11013 | Lair:1   | Killed a death yak
 11014 | Lair:1   | Reached skill level 6 in Shields
 11185 | Lair:1   | 11185 ||| Stepping ~*~*~tactically~*~*~ (stealth).
 11187 | Lair:1   | 11187 ||| INVOKING Heroism.
 11411 | Lair:1   | Found a runed translucent door.
 11412 | Lair:1   | Found a shimmering altar of Xom.
 11412 | Lair:1   | Noticed qw's ghost (journeyman GrFi)
 11776 | Lair:1   | 11776 ||| DRINKING 2 amethyst potions.
 11777 | Lair:1   | 11777 ||| READING 3 scrolls of identify.
 11777 | Lair:1   | 11777 ||| IDENTIFYING emerald potion
 11813 | Lair:2   | 11813 ||| Stepping ~*~*~tactically~*~*~ (hiding).
 11838 | Lair:2   | 11838 ||| Stepping ~*~*~tactically~*~*~ (stealth).
 11840 | Lair:2   | 11840 ||| Stepping ~*~*~tactically~*~*~ (hiding).
 11844 | Lair:2   | 11844 ||| INVOKING Heroism.
 11864 | Lair:2   | Found a runed translucent gate.
 11864 | Lair:2   | Found a runed translucent gate.
 11864 | Lair:2   | Found a runed translucent gate.
 11864 | Lair:2   | Noticed qw's ghost (journeyman GrFi)
 11864 | Lair:2   | Noticed qw's ghost (journeyman GrFi)
 11866 | Lair:2   | 11866 ||| Stepping ~*~*~tactically~*~*~ (stealth).
 11901 | Lair:2   | Noticed qw's ghost (journeyman GrFi)
 11971 | Lair:2   | 11971 ||| Stepping ~*~*~tactically~*~*~ (stealth).
 11973 | Lair:2   | 11973 ||| INVOKING Heroism.
 12012 | Lair:2   | 12012 ||| Stepping ~*~*~tactically~*~*~ (stealth).
 12016 | Lair:2   | 12016 ||| Stepping ~*~*~tactically~*~*~ (stealth).
 12265 | Lair:2   | Reached skill level 1 in Throwing
 12437 | Lair:2   | 12437 ||| DROPPING +0 plate armour.
 12438 | Lair:2   | 12438 ||| UPGRADING to +1 plate armour of fire resistance.
 12448 | Lair:2   | 12448 ||| DROPPING +2 chain mail of fire resistance.
 12470 | Lair:3   | 12470 ||| INVOKING Heroism.
 12500 | Lair:3   | 12500 ||| INVOKING Heroism.
 12682 | Lair:3   | 12682 ||| FLEEEEING.
 12683 | Lair:3   | 12683 ||| STAIRDANCE
 12793 | Lair:3   | 12793 ||| INVOKING Heroism.
 12802 | Lair:3   | Identified the +1 pair of boots of Okawaru's Condemnation
                  | {rPois Str+2} (Okawaru gifted it to you on level 3 of the
                  | Lair of Beasts)
 12802 | Lair:3   | Received a gift from Okawaru
 12935 | Lair:3   | Reached skill level 9 in Armour
 13077 | Lair:3   | 13077 ||| SWAPPING to +1 war axe of electrocution.
 13078 | Lair:3   | 13078 ||| DROPPING +0 war axe.
 13118 | Lair:3   | 13118 ||| INVOKING Heroism.
 13206 | Lair:3   | 13206 ||| Stepping ~*~*~tactically~*~*~ (hiding).
 13209 | Lair:3   | 13209 ||| INVOKING Heroism.
 13210 | Lair:3   | Found a staircase to the Snake Pit.
 13364 | Lair:3   | Noticed an eight-headed hydra
 13365 | Lair:3   | 13365 ||| INVOKING Heroism.
 13366 | Lair:3   | 13366 ||| SWAPPING to +0 flail.
 13367 | Lair:3   | 13367 ||| INVOKING Finesse.
 13378 | Lair:3   | Killed an eight-headed hydra
 13379 | Lair:3   | 13379 ||| SWAPPING to +1 war axe of electrocution.
 13497 | Lair:3   | Noticed a six-headed hydra
 13498 | Lair:3   | 13498 ||| INVOKING Heroism.
 13499 | Lair:3   | 13499 ||| INVOKING Finesse.
 13501 | Lair:3   | 13501 ||| SWAPPING to +0 flail.
 13502 | Lair:3   | 13502 ||| SWAPPING to +1 war axe of electrocution.
 13504 | Lair:3   | 13504 ||| SWAPPING to +0 flail.
 13515 | Lair:3   | Killed a six-headed hydra
 13516 | Lair:3   | 13516 ||| SWAPPING to +1 war axe of electrocution.
 13802 | Lair:3   | 13802 ||| UPGRADING to +1 pair of boots of Okawaru's
                  | Condemnation {rPois Str+2}.
 13812 | Lair:3   | 13812 ||| DROPPING +2 pair of boots.
 13813 | Lair:3   | 13813 ||| UPGRADING to ring of resist corrosion.
 13814 | Lair:3   | 13814 ||| READING 3 scrolls of identify.
 13814 | Lair:3   | 13814 ||| IDENTIFYING fuming cyan potion
 13815 | Lair:3   | 13815 ||| DROPPING potion of berserk rage.
 13844 | Lair:4   | 13844 ||| INVOKING Heroism.
 13867 | Lair:4   | Reached XP level 13. HP: 82/82 MP: 20/20
 14008 | Lair:4   | 14008 ||| INVOKING Heroism.
 14024 | Lair:4   | 14024 ||| INVOKING Heroism.
 14028 | Lair:4   | Reached skill level 3 in Dodging
 14205 | Lair:4   | 14205 ||| Stepping ~*~*~tactically~*~*~ (stealth).
 14296 | Lair:4   | 14296 ||| Stepping ~*~*~tactically~*~*~ (stealth).
 14299 | Lair:4   | 14299 ||| Stepping ~*~*~tactically~*~*~ (stealth).
 14381 | Lair:4   | 14381 ||| Stepping ~*~*~tactically~*~*~ (stealth).
 14511 | Lair:4   | 14511 ||| Stepping ~*~*~tactically~*~*~ (stealth).
 14582 | Lair:4   | 14582 ||| INVOKING Heroism.
 14583 | Lair:4   | 14583 ||| INVOKING Finesse.
 14649 | Lair:4   | 14649 ||| INVOKING Heroism.
 14650 | Lair:4   | 14650 ||| INVOKING Finesse.
 14704 | Lair:4   | 14704 ||| FLEEEEING.
 14705 | Lair:4   | 14705 ||| FLEEEEING.
 14706 | Lair:4   | 14706 ||| FLEEEEING.
 14707 | Lair:4   | 14707 ||| FLEEEEING.
 14708 | Lair:4   | 14708 ||| FLEEEEING.
 14709 | Lair:4   | 14709 ||| FLEEEEING.
 14710 | Lair:4   | 14710 ||| FLEEEEING.
 14711 | Lair:4   | 14711 ||| FLEEEEING.
 14712 | Lair:4   | 14712 ||| FLEEEEING.
 14713 | Lair:4   | 14713 ||| FLEEEEING.
 14714 | Lair:4   | 14714 ||| FLEEEEING.
 14728 | Lair:4   | 14728 ||| FLEEEEING.
 14729 | Lair:4   | 14729 ||| FLEEEEING.
 14730 | Lair:4   | 14730 ||| FLEEEEING.
 14731 | Lair:4   | 14731 ||| FLEEEEING.
 14732 | Lair:4   | 14732 ||| FLEEEEING.
 14733 | Lair:4   | 14733 ||| FLEEEEING.
 14734 | Lair:4   | 14734 ||| FLEEEEING.
 14735 | Lair:4   | 14735 ||| FLEEEEING.
 14736 | Lair:4   | 14736 ||| FLEEEEING.
 14737 | Lair:4   | 14737 ||| FLEEEEING.
 14738 | Lair:4   | 14738 ||| FLEEEEING.
 14739 | Lair:4   | 14739 ||| FLEEEEING.
 14740 | Lair:4   | 14740 ||| FLEEEEING.
 14741 | Lair:4   | 14741 ||| FLEEEEING.
 14742 | Lair:4   | 14742 ||| FLEEEEING.
 14743 | Lair:4   | 14743 ||| FLEEEEING.
 14744 | Lair:4   | 14744 ||| FLEEEEING.
 14745 | Lair:4   | 14745 ||| FLEEEEING.
 14746 | Lair:4   | 14746 ||| INVOKING Heroism.
 14784 | Lair:4   | 14784 ||| Stepping ~*~*~tactically~*~*~ (stealth).
 14788 | Lair:4   | 14788 ||| Stepping ~*~*~tactically~*~*~ (stealth).
 14789 | Lair:4   | 14789 ||| Stepping ~*~*~tactically~*~*~ (stealth).
 14791 | Lair:4   | 14791 ||| Stepping ~*~*~tactically~*~*~ (stealth).
 14792 | Lair:4   | 14792 ||| Stepping ~*~*~tactically~*~*~ (stealth).
 15005 | Lair:4   | 15005 ||| READING 2 scrolls labelled PIURPH VEITS.
 15006 | Lair:4   | 15006 ||| DROPPING scroll of fear.
 15039 | Lair:5   | Entered Level 5 of the Lair of Beasts
 15040 | Lair:5   | 15040 ||| STAIRDANCE
 15083 | Lair:5   | 15083 ||| STAIRDANCE
 15112 | Lair:5   | 15112 ||| STAIRDANCE
 15115 | Lair:4   | 15115 ||| INVOKING Heroism.
 15229 | Lair:5   | 15229 ||| STAIRDANCE
 15238 | Lair:5   | 15238 ||| STAIRDANCE
 15240 | Lair:4   | 15240 ||| INVOKING Heroism.
 15352 | Lair:5   | 15352 ||| STAIRDANCE
 15374 | Lair:5   | 15374 ||| STAIRDANCE
 15376 | Lair:4   | 15376 ||| INVOKING Heroism.
 15391 | Lair:5   | 15391 ||| STAIRDANCE
 15414 | Lair:4   | 15414 ||| INVOKING Heroism.
 15429 | Lair:5   | 15429 ||| STAIRDANCE
 15440 | Lair:4   | 15440 ||| INVOKING Heroism.
 15514 | Lair:5   | 15514 ||| STAIRDANCE
 15520 | Lair:5   | 15520 ||| STAIRDANCE
 15553 | Lair:5   | 15553 ||| STAIRDANCE
 15555 | Lair:4   | 15555 ||| INVOKING Heroism.
 15599 | Lair:5   | 15599 ||| STAIRDANCE
 15608 | Lair:5   | 15608 ||| INVOKING Heroism.
 15717 | Lair:5   | 15717 ||| INVOKING Heroism.
 15793 | Lair:5   | 15793 ||| INVOKING Heroism.
 15799 | Lair:5   | Reached ****** piety under Okawaru
 15986 | Lair:5   | Noticed Nessos
 15987 | Lair:5   | 15987 ||| INVOKING Finesse.
 15994 | Lair:5   | Killed Nessos
 15995 | Lair:5   | Gained mutation: Your large and strong wings let you fly.
                  | [Gargoyle growth]
 15995 | Lair:5   | Reached XP level 14. HP: 71/90 MP: 16/21
 16018 | Lair:5   | Identified the +2 broad axe of a treasure trove {flame,
                  | rN++ Str+3} (Okawaru gifted it to you on level 5 of the
                  | Lair of Beasts)
 16018 | Lair:5   | Received a gift from Okawaru
 16079 | Lair:5   | 16079 ||| SWAPPING to +2 broad axe of a treasure trove
                  | {flame, rN++ Str+3}.
 16080 | Lair:5   | 16080 ||| DROPPING +0 flail.
 16081 | Lair:5   | 16081 ||| DROPPING +1 war axe of electrocution.
 16146 | Lair:5   | 16146 ||| INVOKING Heroism.
 16153 | Lair:5   | Reached skill level 15 in Axes
 16247 | Lair:5   | 16247 ||| INVOKING Heroism.
 16248 | Lair:5   | 16248 ||| INVOKING Finesse.
 16272 | Lair:5   | 16272 ||| Stepping ~*~*~tactically~*~*~ (stealth).
 16287 | Lair:5   | Reached skill level 12 in Fighting
 16318 | Lair:5   | 16318 ||| INVOKING Finesse.
 16319 | Lair:5   | 16319 ||| INVOKING Heroism.
 16328 | Lair:5   | 16328 ||| Stepping ~*~*~tactically~*~*~ (stealth).
 16329 | Lair:5   | 16329 ||| Stepping ~*~*~tactically~*~*~ (stealth).
 16330 | Lair:5   | 16330 ||| Stepping ~*~*~tactically~*~*~ (stealth).
 16710 | Lair:5   | 16710 ||| INVOKING Heroism.
 16716 | Lair:5   | 16716 ||| INVOKING Finesse.
 16732 | Lair:5   | 16732 ||| INVOKING Heroism.
 16739 | Lair:5   | Received a gift from Okawaru
 16801 | Lair:5   | 16801 ||| Stepping ~*~*~tactically~*~*~ (stealth).
 16802 | Lair:5   | 16802 ||| INVOKING Heroism.
 16806 | Lair:5   | 16806 ||| Stepping ~*~*~tactically~*~*~ (stealth).
 16810 | Lair:5   | 16810 ||| Stepping ~*~*~tactically~*~*~ (stealth).
 16813 | Lair:5   | 16813 ||| Stepping ~*~*~tactically~*~*~ (stealth).
 16814 | Lair:5   | 16814 ||| Stepping ~*~*~tactically~*~*~ (stealth).
 16820 | Lair:5   | 16820 ||| Stepping ~*~*~tactically~*~*~ (hiding).
 16914 | Lair:5   | 16914 ||| Stepping ~*~*~tactically~*~*~ (hiding).
 16949 | Lair:5   | Found a viscous altar of Jiyva.
 16949 | Lair:5   | Found a staircase to the Slime Pits.
 17131 | Lair:5   | 17131 ||| PLANNING D:1-11
 17131 | Lair:5   | 17131 ||| READING scroll labelled LAR KASCHUNNOWK.
 17295 | D:9      | 17295 ||| INVOKING Heroism.
 17316 | D:9      | Identified the +7 broad axe of Floods {elec, SInv} (Okawaru
                  | gifted it to you on level 9 of the Dungeon)
 17316 | D:9      | Received a gift from Okawaru
 17408 | D:9      | 17408 ||| SWAPPING to +7 broad axe of Floods {elec, SInv}.
 17432 | D:9      | 17432 ||| Stepping ~*~*~tactically~*~*~ (stealth).
 17434 | D:9      | 17434 ||| Stepping ~*~*~tactically~*~*~ (stealth).
 17460 | D:9      | 17460 ||| Stepping ~*~*~tactically~*~*~ (stealth).
 17461 | D:9      | Noticed Grum
 17462 | D:9      | 17462 ||| Stepping ~*~*~tactically~*~*~ (hiding).
 17465 | D:9      | 17465 ||| Stepping ~*~*~tactically~*~*~ (hiding).
 17468 | D:9      | 17468 ||| INVOKING Heroism.
 17469 | D:9      | 17469 ||| INVOKING Finesse.
 17479 | D:9      | Killed Grum
 17838 | D:9      | 17838 ||| Stepping ~*~*~tactically~*~*~ (stealth).
 17839 | D:9      | 17839 ||| Stepping ~*~*~tactically~*~*~ (stealth).
 17909 | D:9      | Reached skill level 3 in Throwing
 18168 | D:9      | 18168 ||| READING scroll labelled KOXAZI WALEU.
 18177 | D:10     | Entered Level 10 of the Dungeon
 18179 | D:10     | 18179 ||| INVOKING Heroism.
 18221 | D:10     | 18221 ||| Stepping ~*~*~tactically~*~*~ (stealth).
 18224 | D:10     | 18224 ||| Stepping ~*~*~tactically~*~*~ (stealth).
 18351 | D:10     | 18351 ||| FLEEEEING.
 18352 | D:10     | 18352 ||| FLEEEEING.
 18353 | D:10     | 18353 ||| FLEEEEING.
 18354 | D:10     | 18354 ||| FLEEEEING.
 18484 | D:10     | Noticed Lodul
 18485 | D:10     | 18485 ||| Stepping ~*~*~tactically~*~*~ (hiding).
 18488 | D:10     | 18488 ||| Stepping ~*~*~tactically~*~*~ (hiding).
 18490 | D:10     | 18490 ||| Stepping ~*~*~tactically~*~*~ (hiding).
 18491 | D:10     | 18491 ||| INVOKING Heroism.
 18509 | D:10     | Killed Lodul
 18551 | D:10     | 18551 ||| INVOKING Heroism.
 18606 | D:10     | Found a staircase to the Orcish Mines.
 18633 | D:10     | Found a radiant altar of Vehumet.
 18841 | D:11     | Found Leodaleb's Jewellery Shoppe.
 18849 | D:11     | 18849 ||| BUYING +4 ring of evasion (504 gold).
 18849 | D:11     | Bought a +4 ring of evasion for 504 gold pieces
 18849 | D:11     | 18849 ||| SHOPLISTING +6 ring of dexterity (504 gold, have
                  | 416).
 18849 | D:11     | 18849 ||| SHOPLISTING ring "Det Zory" {rF+ Dex+6} (700
                  | gold, have 416).
 18931 | D:11     | 18931 ||| INVOKING Heroism.
 19240 | D:11     | 19240 ||| Stepping ~*~*~tactically~*~*~ (stealth).
 19241 | D:11     | 19241 ||| Stepping ~*~*~tactically~*~*~ (stealth).
 19245 | D:11     | 19245 ||| Stepping ~*~*~tactically~*~*~ (stealth).
 19272 | D:11     | Noticed Urug
 19273 | D:11     | 19273 ||| INVOKING Heroism.
 19274 | D:11     | 19274 ||| INVOKING Finesse.
 19291 | D:11     | Killed Urug
 19497 | D:11     | Noticed Amaemon
 19507 | D:11     | Killed Amaemon
 19580 | D:11     | Found Fysy Fobor's Hallowed Reliquary.
 19582 | D:11     | Noticed an angel
 19589 | D:11     | 19589 ||| BUYING 2 potions of curing (66 gold).
 19589 | D:11     | Bought 2 potions of curing for 66 gold pieces
 19589 | D:11     | 19589 ||| BUYING potion of curing (33 gold).
 19589 | D:11     | Bought a potion of curing for 33 gold pieces
 19589 | D:11     | 19589 ||| BUYING ring of positive energy (220 gold).
 19589 | D:11     | Bought a ring of positive energy for 220 gold pieces
 19695 | D:11     | 19695 ||| PLANNING D
 19695 | D:11     | 19695 ||| DROPPING ring of magical power.
 19696 | D:11     | 19696 ||| UPGRADING to +4 ring of evasion.
 19747 | D:12     | 19747 ||| Stepping ~*~*~tactically~*~*~ (hiding).
 19754 | D:12     | Reached skill level 12 in Armour
 19760 | D:12     | 19760 ||| INVOKING Heroism.
 19762 | D:12     | 19762 ||| Stepping ~*~*~tactically~*~*~ (hiding).
 19766 | D:12     | Reached XP level 15. HP: 96/96 MP: 20/22
 20288 | D:12     | 20288 ||| UPGRADING to ring of protection from fire.
 20290 | D:12     | 20290 ||| READING scroll labelled GATWIE TIRPHI.
 20298 | D:13     | 20298 ||| PLANNING GAUNTLET
 20301 | D:13     | 20301 ||| STAIRDANCE
 20344 | D:13     | Received a gift from Okawaru
 20364 | D:13     | Found a runed translucent door.
 20382 | D:13     | Reached skill level 6 in Throwing
 20407 | D:13     | Found a runed translucent door.
 20408 | D:13     | 20408 ||| Stepping ~*~*~tactically~*~*~ (hiding).
 20528 | D:13     | Found a runed translucent door.
 20531 | D:13     | 20531 ||| INVOKING Heroism.
 20543 | D:13     | Identified the +1 chain mail of Space {Int+4} (Okawaru
                  | gifted it to you on level 13 of the Dungeon)
 20543 | D:13     | Received a gift from Okawaru
 20659 | D:13     | Found a gate to the Vaults.
 20763 | D:13     | Found a runed translucent door.
 20835 | D:13     | 20835 ||| RIP GAUNTLET
 20845 | D:13     | 20845 ||| PLANNING D
 20845 | D:13     | 20845 ||| INVOKING Heroism.
 20854 | D:13     | Gained mutation: You are clumsy. (Dex -2) [a neqoxec]
 20856 | D:13     | Gained mutation: You are frail. (-10% HP) [a neqoxec]
 20864 | D:13     | 20864 ||| DRINKING 3 potions of mutation.
 20864 | D:13     | Lost mutation: You are frail. (-10% HP) [potion of
                  | mutation]
 20864 | D:13     | Lost mutation: You are clumsy. (Dex -2) [potion of
                  | mutation]
 20864 | D:13     | Gained mutation: You occasionally lose the ability to read
                  | scrolls when taking damage. [potion of mutation]
 20900 | D:13     | 20900 ||| DRINKING 2 potions of mutation.
 20900 | D:13     | Lost mutation: You occasionally lose the ability to read
                  | scrolls when taking damage. [potion of mutation]
 20900 | D:13     | Gained mutation: Your spells are a little easier to cast,
                  | but a little less powerful. [potion of mutation]
 20900 | D:13     | Gained mutation: Your magical capacity is low. (-10% MP)
                  | [potion of mutation]
 20900 | D:13     | Gained mutation: You expend magic power (3 MP) to
                  | strengthen your wands. [potion of mutation]
 20916 | D:13     | 20916 ||| Stepping ~*~*~tactically~*~*~ (stealth).
 20917 | D:13     | 20917 ||| Stepping ~*~*~tactically~*~*~ (stealth).
 21095 | D:13     | 21095 ||| INVOKING Heroism.
 21218 | D:13     | 21218 ||| Stepping ~*~*~tactically~*~*~ (hiding).
 21423 | D:13     | 21423 ||| Stepping ~*~*~tactically~*~*~ (hiding).
 21424 | D:13     | 21424 ||| Stepping ~*~*~tactically~*~*~ (hiding).
 21659 | D:13     | 21659 ||| DROPPING +1 chain mail of Space {Int+4}.
 21708 | D:14     | Found a hide-covered altar of Uskayaw.
 21811 | D:14     | 21811 ||| INVOKING Heroism.
 21812 | D:14     | 21812 ||| INVOKING Finesse.
 21996 | D:14     | Found Viazeamo's Pet Rocks.
 22072 | D:14     | 22072 ||| READING scroll of enchant armour.
 22072 | D:14     | 22072 ||| ENCHANTING +1 plate armour of fire resistance.
 22110 | D:14     | 22110 ||| INVOKING Heroism.
 22113 | D:14     | 22113 ||| Stepping ~*~*~tactically~*~*~ (stealth).
 22174 | D:14     | 22174 ||| INVOKING Heroism.
 22405 | D:14     | 22405 ||| INVOKING Heroism.
 22694 | D:14     | Noticed Rupert
 22695 | D:14     | 22695 ||| INVOKING Heroism.
 22696 | D:14     | 22696 ||| INVOKING Finesse.
 22703 | D:14     | Killed Rupert
 22801 | D:14     | Found Feonel's Jewellery Emporium.
 22806 | D:14     | 22806 ||| SHOPLISTING +4 ring of protection (648 gold, have
                  | 443).
 22806 | D:14     | 22806 ||| SHOPLISTING ring of protection from fire (450
                  | gold, have 443).
 22806 | D:14     | 22806 ||| BUYING ring of resist corrosion (360 gold).
 22806 | D:14     | Bought a ring of resist corrosion for 360 gold pieces
 22947 | D:14     | 22947 ||| FLEEEEING.
 22948 | D:14     | 22948 ||| FLEEEEING.
 22949 | D:14     | 22949 ||| FLEEEEING.
 22950 | D:14     | 22950 ||| FLEEEEING.
 22953 | D:14     | 22953 ||| FLEEEEING.
 22954 | D:14     | 22954 ||| FLEEEEING.
 22970 | D:14     | 22970 ||| FLEEEEING.
 22971 | D:14     | 22971 ||| FLEEEEING.
 22986 | D:14     | 22986 ||| FLEEEEING.
 22987 | D:14     | 22987 ||| FLEEEEING.
 22988 | D:14     | 22988 ||| FLEEEEING.
 23003 | D:14     | 23003 ||| FLEEEEING.
 23004 | D:14     | 23004 ||| FLEEEEING.
 23099 | D:14     | Found a portal to a secret trove of treasure.
 23126 | D:14     | 23126 ||| DROPPING ring of positive energy.
 23127 | D:14     | 23127 ||| UPGRADING to +6 ring of strength.
 23183 | D:15     | Entered Level 15 of the Dungeon
 23242 | D:15     | 23242 ||| INVOKING Heroism.
 23245 | D:15     | 23245 ||| Stepping ~*~*~tactically~*~*~ (hiding).
 23314 | Abyss:2  | Cast into level 2 of the Abyss (a wizard)
 23377 | Abyss:2  | 23377 ||| Stepping ~*~*~tactically~*~*~ (stealth).
 23467 | Abyss:2  | 23467 ||| Stepping ~*~*~tactically~*~*~ (stealth).
 23495 | Abyss:2  | 23495 ||| Stepping ~*~*~tactically~*~*~ (stealth).
 23498 | Abyss:2  | 23498 ||| Stepping ~*~*~tactically~*~*~ (stealth).
 23507 | Abyss:2  | 23507 ||| INVOKING Heroism.
 23525 | D:15     | Escaped the Abyss
 23532 | D:15     | 23532 ||| INVOKING Heroism.
 23755 | D:15     | 23755 ||| INVOKING Heroism.
 23756 | D:15     | Paralysed by an orc sorcerer for 2 turns
 23789 | D:15     | 23789 ||| Stepping ~*~*~tactically~*~*~ (hiding).
 23796 | D:15     | 23796 ||| Stepping ~*~*~tactically~*~*~ (stealth).
 23805 | D:15     | Received a gift from Okawaru
 23924 | D:15     | 23924 ||| Stepping ~*~*~tactically~*~*~ (hiding).
 24032 | D:15     | Received a gift from Okawaru
 24033 | D:15     | Reached XP level 16. HP: 104/104 MP: 21/21
 24085 | D:15     | 24085 ||| Stepping ~*~*~tactically~*~*~ (hiding).
 24087 | D:15     | 24087 ||| Stepping ~*~*~tactically~*~*~ (hiding).
 24092 | D:15     | 24092 ||| Stepping ~*~*~tactically~*~*~ (hiding).
 24110 | D:15     | 24110 ||| Stepping ~*~*~tactically~*~*~ (stealth).
 24115 | D:15     | 24115 ||| Stepping ~*~*~tactically~*~*~ (hiding).
 24345 | D:15     | Found a broken altar of Ashenzari.
 24711 | D:15     | Found a staircase to the Depths.
 24715 | D:15     | 24715 ||| PLANNING ORC
 24715 | D:15     | 24715 ||| UPGRADING to +0 kite shield.
 24725 | D:15     | 24725 ||| DROPPING +0 buckler.
 24873 | Orc:1    | Entered Level 1 of the Orcish Mines
 24874 | Orc:1    | 24874 ||| INVOKING Heroism.
 24894 | Orc:1    | 24894 ||| INVOKING Heroism.
 24901 | Orc:1    | Reached skill level 9 in Shields
 24984 | Orc:1    | 24984 ||| INVOKING Heroism.
 25199 | Orc:1    | Received a gift from Okawaru
 25468 | Orc:2    | Entered Level 2 of the Orcish Mines
 25469 | Orc:2    | 25469 ||| STAIRDANCE
 25587 | Orc:2    | 25587 ||| INVOKING Heroism.
 25588 | Orc:2    | 25588 ||| STAIRDANCE
 25593 | Orc:2    | 25593 ||| STAIRDANCE
 25600 | Orc:2    | 25600 ||| STAIRDANCE
 25611 | Orc:2    | 25611 ||| STAIRDANCE
 25662 | Orc:2    | 25662 ||| STAIRDANCE
 25702 | Orc:2    | 25702 ||| STAIRDANCE
 25707 | Orc:2    | 25707 ||| STAIRDANCE
 25712 | Orc:2    | 25712 ||| INVOKING Heroism.
 25713 | Orc:2    | 25713 ||| STAIRDANCE
 25767 | Orc:2    | 25767 ||| STAIRDANCE
 25769 | Orc:1    | 25769 ||| INVOKING Heroism.
 25813 | Orc:2    | 25813 ||| STAIRDANCE
 25815 | Orc:1    | 25815 ||| INVOKING Heroism.
 25847 | Orc:2    | 25847 ||| STAIRDANCE
 25891 | Orc:2    | 25891 ||| STAIRDANCE
 25897 | Orc:2    | 25897 ||| STAIRDANCE
 25905 | Orc:2    | 25905 ||| STAIRDANCE
 25907 | Orc:1    | 25907 ||| INVOKING Heroism.
 25913 | Orc:2    | 25913 ||| STAIRDANCE
 25967 | Orc:2    | 25967 ||| STAIRDANCE
 25969 | Orc:1    | Received a gift from Okawaru
 25972 | Orc:2    | 25972 ||| STAIRDANCE
 25977 | Orc:2    | 25977 ||| STAIRDANCE
 25979 | Orc:1    | 25979 ||| INVOKING Heroism.
 26034 | Orc:2    | 26034 ||| INVOKING Heroism.
 26035 | Orc:2    | 26035 ||| INVOKING Finesse.
 26196 | Orc:2    | Found a staircase to the Elven Halls.
 26207 | Orc:2    | 26207 ||| INVOKING Heroism.
 26289 | Orc:2    | 26289 ||| Stepping ~*~*~tactically~*~*~ (stealth).
 26290 | Orc:2    | 26290 ||| Stepping ~*~*~tactically~*~*~ (stealth).
 26292 | Orc:2    | 26292 ||| Stepping ~*~*~tactically~*~*~ (hiding).
 26296 | Orc:2    | 26296 ||| Stepping ~*~*~tactically~*~*~ (stealth).
 26314 | Orc:2    | 26314 ||| Stepping ~*~*~tactically~*~*~ (stealth).
 26315 | Orc:2    | 26315 ||| Stepping ~*~*~tactically~*~*~ (stealth).
 26330 | Orc:2    | 26330 ||| INVOKING Heroism.
 26333 | Orc:2    | 26333 ||| INVOKING Finesse.
 26336 | Orc:2    | 26336 ||| INVOKING Finesse.
 26340 | Orc:2    | 26340 ||| Stepping ~*~*~tactically~*~*~ (stealth).
 26381 | Orc:2    | 26381 ||| Stepping ~*~*~tactically~*~*~ (hiding).
 26438 | Orc:2    | 26438 ||| Stepping ~*~*~tactically~*~*~ (stealth).
 26439 | Orc:2    | 26439 ||| Stepping ~*~*~tactically~*~*~ (stealth).
 26443 | Orc:2    | 26443 ||| INVOKING Heroism.
 26452 | Orc:2    | Reached skill level 12 in Shields
 26480 | Orc:2    | Found Roblu Lajyt's Armour Shop.
 26482 | Orc:2    | Found Otu Boim's Antique Armour Shoppe.
 26556 | Orc:2    | Found Gudare's Weapon Emporium.
 26561 | Orc:2    | Found Fedonil's Jewellery Shoppe.
 26563 | Orc:2    | 26563 ||| BUYING +2 helmet "Micw" {Dex+3} (361 gold).
 26563 | Orc:2    | Bought the +2 helmet "Micw" {Dex+3} for 361 gold pieces
 26563 | Orc:2    | 26563 ||| BUYING +2 pair of gloves of Impermeability
                  | {Dex+3} (361 gold).
 26563 | Orc:2    | Bought the +2 pair of gloves of Impermeability {Dex+3} for
                  | 361 gold pieces
 26563 | Orc:2    | 26563 ||| SHOPLISTING +9 plate armour "Cepnezuff" {rC- rN+
                  | Int+2} (993 gold, have 143).
 26578 | Orc:2    | 26578 ||| SHOPLISTING +4 ring of evasion (396 gold, have
                  | 143).
 26578 | Orc:2    | 26578 ||| SHOPLISTING ring of ice (275 gold, have 143).
 26578 | Orc:2    | 26578 ||| SHOPLISTING ring of protection from fire (275
                  | gold, have 143).
 26641 | Orc:2    | Identified the +1 robe "Licu" {rF- Will+ Dex+2}
 26724 | Orc:2    | 26724 ||| UPGRADING to +2 helmet "Micw" {Dex+3}.
 26734 | Orc:2    | 26734 ||| DROPPING +2 helmet.
 26735 | Orc:2    | 26735 ||| UPGRADING to +2 pair of gloves of Impermeability
                  | {Dex+3}.
 26745 | Orc:2    | 26745 ||| DROPPING +2 pair of gloves.
 26746 | Orc:2    | 26746 ||| DROPPING +1 hat.
 26747 | Orc:2    | 26747 ||| DROPPING +1 hat of stealth.
 26748 | Orc:2    | 26748 ||| DROPPING +2 hat.
 26796 | Orc:1    | 26796 ||| INVOKING Heroism.
 26801 | Orc:1    | Received a gift from Okawaru
 26927 | Orc:1    | 26927 ||| PLANNING SNAKE:1-3
 27074 | Snake:1  | Entered Level 1 of the Snake Pit
 27075 | Snake:1  | 27075 ||| INVOKING Heroism.
 27076 | Snake:1  | 27076 ||| SWAPPING to +3 vampiric broad axe.
 27211 | Snake:1  | 27211 ||| READING 2 scrolls of enchant weapon.
 27211 | Snake:1  | 27211 ||| ENCHANTING +3 vampiric broad axe.
 27212 | Snake:1  | 27212 ||| READING scroll of enchant weapon.
 27212 | Snake:1  | 27212 ||| ENCHANTING +4 vampiric broad axe.
 27242 | Snake:1  | 27242 ||| INVOKING Heroism.
 27264 | Snake:1  | Received a gift from Okawaru
 27399 | Snake:1  | 27399 ||| INVOKING Heroism.
 27461 | Snake:1  | 27461 ||| INVOKING Heroism.
 27542 | Snake:1  | 27542 ||| INVOKING Heroism.
 27552 | Snake:1  | Received a gift from Okawaru
 27722 | Snake:1  | 27722 ||| Stepping ~*~*~tactically~*~*~ (hiding).
 27758 | Snake:1  | 27758 ||| INVOKING Heroism.
 27763 | Snake:1  | Reached skill level 6 in Dodging
 27778 | Snake:1  | Reached XP level 17. HP: 108/108 MP: 22/22
 28078 | Snake:2  | 28078 ||| Stepping ~*~*~tactically~*~*~ (hiding).
 28079 | Snake:2  | 28079 ||| INVOKING Heroism.
 28104 | Snake:2  | 28104 ||| Stepping ~*~*~tactically~*~*~ (stealth).
 28126 | Snake:2  | 28126 ||| Stepping ~*~*~tactically~*~*~ (hiding).
 28140 | Snake:2  | 28140 ||| READING scroll of enchant armour.
 28140 | Snake:2  | 28140 ||| ENCHANTING +2 plate armour of fire resistance.
 28146 | Snake:2  | 28146 ||| Stepping ~*~*~tactically~*~*~ (hiding).
 28151 | Snake:2  | 28151 ||| Stepping ~*~*~tactically~*~*~ (hiding).
 28160 | Snake:2  | 28160 ||| INVOKING Heroism.
 28164 | Snake:2  | 28164 ||| Stepping ~*~*~tactically~*~*~ (hiding).
 28283 | Snake:2  | 28283 ||| Stepping ~*~*~tactically~*~*~ (hiding).
 28284 | Snake:2  | 28284 ||| Stepping ~*~*~tactically~*~*~ (hiding).
 28288 | Snake:2  | 28288 ||| Stepping ~*~*~tactically~*~*~ (hiding).
 28315 | Snake:2  | 28315 ||| Stepping ~*~*~tactically~*~*~ (hiding).
 28320 | Snake:2  | 28320 ||| Stepping ~*~*~tactically~*~*~ (stealth).
 28325 | Snake:2  | Identified the +2 buckler "Vuub" {Harm rPois Will-}
                  | (Okawaru gifted it to you on level 2 of the Snake Pit)
 28325 | Snake:2  | Received a gift from Okawaru
 28334 | Snake:2  | 28334 ||| INVOKING Heroism.
 28389 | Snake:2  | Reached skill level 18 in Axes
 28406 | Snake:2  | 28406 ||| Stepping ~*~*~tactically~*~*~ (hiding).
 28439 | Snake:2  | 28439 ||| Stepping ~*~*~tactically~*~*~ (stealth).
 28441 | Snake:2  | 28441 ||| Stepping ~*~*~tactically~*~*~ (stealth).
 28481 | Snake:2  | 28481 ||| Stepping ~*~*~tactically~*~*~ (hiding).
 28484 | Snake:2  | 28484 ||| Stepping ~*~*~tactically~*~*~ (hiding).
 28486 | Snake:2  | 28486 ||| Stepping ~*~*~tactically~*~*~ (hiding).
 28487 | Snake:2  | 28487 ||| Stepping ~*~*~tactically~*~*~ (hiding).
 28647 | Snake:2  | 28647 ||| Stepping ~*~*~tactically~*~*~ (hiding).
 28649 | Snake:2  | 28649 ||| Stepping ~*~*~tactically~*~*~ (hiding).
 28650 | Snake:2  | 28650 ||| Stepping ~*~*~tactically~*~*~ (hiding).
 28653 | Snake:2  | 28653 ||| Stepping ~*~*~tactically~*~*~ (hiding).
 28828 | Snake:2  | 28828 ||| Stepping ~*~*~tactically~*~*~ (hiding).
 28834 | Snake:2  | 28834 ||| Stepping ~*~*~tactically~*~*~ (hiding).
 28837 | Snake:2  | 28837 ||| INVOKING Heroism.
 28842 | Snake:2  | 28842 ||| Stepping ~*~*~tactically~*~*~ (hiding).
 28845 | Snake:2  | 28845 ||| Stepping ~*~*~tactically~*~*~ (hiding).
 28996 | Snake:3  | Noticed Mlioglotl
 28997 | Snake:3  | 28997 ||| INVOKING Heroism.
 28998 | Snake:3  | 28998 ||| INVOKING Finesse.
 28999 | Snake:3  | 28999 ||| STAIRDANCE
 29041 | Snake:3  | 29041 ||| STAIRDANCE
 29043 | Snake:2  | 29043 ||| INVOKING Heroism.
 29044 | Snake:2  | 29044 ||| INVOKING Finesse.
 29055 | Snake:2  | Killed Mlioglotl
 29093 | Snake:3  | 29093 ||| INVOKING Heroism.
 29160 | Snake:3  | Found Tischadgh's Armour Emporium.
 29161 | Snake:3  | 29161 ||| Stepping ~*~*~tactically~*~*~ (hiding).
 29190 | Snake:3  | 29190 ||| SHOPLISTING +5 chain mail "Buabar" {rElec rC+ rN+
                  | Dex+4} (1009 gold, have 435).
 29225 | Snake:3  | 29225 ||| Stepping ~*~*~tactically~*~*~ (hiding).
 29227 | Snake:3  | 29227 ||| Stepping ~*~*~tactically~*~*~ (hiding).
 29238 | Snake:3  | 29238 ||| INVOKING Heroism.
 29408 | Snake:3  | 29408 ||| INVOKING Heroism.
 29481 | Snake:3  | 29481 ||| INVOKING Heroism.
 29657 | Snake:3  | 29657 ||| PLANNING SHOALS:1-3
 29741 | Shoals:1 | Entered Level 1 of the Shoals
 29741 | Shoals:1 | Found Sidwyniq's Gadget Gallery.
 29917 | Shoals:1 | Noticed Jorgrun
 29939 | Shoals:1 | Killed Jorgrun
 30049 | Shoals:1 | 30049 ||| Stepping ~*~*~tactically~*~*~ (hiding).
 30622 | Shoals:2 | 30622 ||| Stepping ~*~*~tactically~*~*~ (hiding).
 30643 | Shoals:2 | 30643 ||| Stepping ~*~*~tactically~*~*~ (hiding).
 30645 | Shoals:2 | 30645 ||| Stepping ~*~*~tactically~*~*~ (hiding).
 30708 | Shoals:2 | 30708 ||| Stepping ~*~*~tactically~*~*~ (hiding).
 30744 | Shoals:2 | 30744 ||| READING scroll of enchant armour.
 30744 | Shoals:2 | 30744 ||| ENCHANTING +3 plate armour of fire resistance.
 30801 | Shoals:2 | Noticed a kraken
 30804 | Shoals:2 | 30804 ||| INVOKING Heroism.
 30810 | Shoals:2 | Killed a kraken
 30864 | Shoals:2 | 30864 ||| Stepping ~*~*~tactically~*~*~ (hiding).
 30890 | Shoals:2 | 30890 ||| INVOKING Heroism.
 31068 | Shoals:2 | 31068 ||| INVOKING Heroism.
 31080 | Shoals:2 | 31080 ||| INVOKING Finesse.
 31579 | Shoals:3 | 31579 ||| INVOKING Heroism.
 31580 | Shoals:3 | 31580 ||| INVOKING Finesse.
 31608 | Shoals:3 | Received a gift from Okawaru
 31671 | Shoals:3 | 31671 ||| INVOKING Heroism.
 31694 | Shoals:3 | 31694 ||| Stepping ~*~*~tactically~*~*~ (hiding).
 31695 | Shoals:3 | 31695 ||| Stepping ~*~*~tactically~*~*~ (hiding).
 31729 | Shoals:3 | 31729 ||| INVOKING Heroism.
 31787 | Shoals:3 | 31787 ||| INVOKING Heroism.
 31788 | Shoals:3 | 31788 ||| INVOKING Finesse.
 31816 | Shoals:3 | Reached XP level 18. HP: 116/116 MP: 17/22
 31816 | Shoals:3 | 31816 ||| DROPPING +2 broad axe of a treasure trove {flame,
                  | rN++ Str+3}.
 31868 | Shoals:3 | 31868 ||| INVOKING Heroism.
 31894 | Shoals:3 | 31894 ||| INVOKING Heroism.
 31962 | Shoals:3 | 31962 ||| Stepping ~*~*~tactically~*~*~ (hiding).
 32123 | Shoals:3 | 32123 ||| INVOKING Heroism.
 32125 | Shoals:3 | 32125 ||| Stepping ~*~*~tactically~*~*~ (hiding).
 32154 | Shoals:3 | Identified the ring of Ilaffoyrr {rPois Stlth+}
 32157 | Shoals:3 | Noticed a tentacled monstrosity
 32158 | Shoals:3 | 32158 ||| INVOKING Finesse.
 32170 | Shoals:3 | Killed a tentacled monstrosity
 32178 | Shoals:3 | 32178 ||| INVOKING Heroism.
 32307 | Shoals:3 | 32307 ||| INVOKING Heroism.
 32314 | Shoals:3 | Reached skill level 15 in Fighting
 32678 | Shoals:3 | 32678 ||| PLANNING SNAKE:4
 32678 | Shoals:3 | 32678 ||| DROPPING +1 plate armour of positive energy.
 32679 | Shoals:3 | 32679 ||| READING scroll labelled UDUCVE JISAE.
 32890 | Snake:4  | Entered Level 4 of the Snake Pit
 32893 | Snake:4  | 32893 ||| INVOKING Heroism.
 32997 | Snake:4  | Received a gift from Okawaru
 33082 | Snake:4  | 33082 ||| INVOKING Heroism.
 33116 | Snake:4  | 33116 ||| Stepping ~*~*~tactically~*~*~ (hiding).
 33117 | Snake:4  | 33117 ||| Stepping ~*~*~tactically~*~*~ (hiding).
 33143 | Snake:4  | Received a gift from Okawaru
 33145 | Snake:4  | 33145 ||| INVOKING Heroism.
 33162 | Snake:4  | Reached skill level 15 in Armour
 33170 | Snake:4  | Received a gift from Okawaru
 33194 | Snake:4  | 33194 ||| INVOKING Heroism.
 33210 | Snake:4  | Reached skill level 9 in Throwing
 33219 | Snake:4  | 33219 ||| INVOKING Heroism.
 33225 | Snake:4  | Received a gift from Okawaru
 33233 | Snake:4  | Reached skill level 15 in Shields
 33294 | Snake:4  | 33294 ||| Stepping ~*~*~tactically~*~*~ (stealth).
 33295 | Snake:4  | 33295 ||| Stepping ~*~*~tactically~*~*~ (stealth).
 33296 | Snake:4  | 33296 ||| Stepping ~*~*~tactically~*~*~ (stealth).
 33317 | Snake:4  | 33317 ||| Stepping ~*~*~tactically~*~*~ (stealth).
 33346 | Snake:4  | 33346 ||| INVOKING Heroism.
 33746 | Snake:4  | 33746 ||| Stepping ~*~*~tactically~*~*~ (hiding).
 33748 | Snake:4  | 33748 ||| INVOKING Heroism.
 33780 | Snake:4  | 33780 ||| Stepping ~*~*~tactically~*~*~ (hiding).
 33782 | Snake:4  | 33782 ||| Stepping ~*~*~tactically~*~*~ (hiding).
 33789 | Snake:4  | 33789 ||| Stepping ~*~*~tactically~*~*~ (hiding).
 33826 | Snake:4  | Got a serpentine rune of Zot
 33830 | Snake:4  | 33830 ||| Stepping ~*~*~tactically~*~*~ (hiding).
 33831 | Snake:4  | 33831 ||| Stepping ~*~*~tactically~*~*~ (hiding).
 33834 | Snake:4  | 33834 ||| Stepping ~*~*~tactically~*~*~ (stealth).
 33835 | Snake:4  | 33835 ||| INVOKING Heroism.
 33934 | Snake:4  | 33934 ||| PLANNING VAULTS:1-4
 33934 | Snake:4  | 33934 ||| DROPPING +2 pair of boots.
 34167 | Vaults:1 | Entered Level 1 of the Vaults
 34170 | Vaults:1 | Identified the +1 pair of gloves "Ulonou Biem" {Rampage}
 34170 | Vaults:1 | Noticed Nikola
 34171 | Vaults:1 | 34171 ||| INVOKING Heroism.
 34172 | Vaults:1 | 34172 ||| INVOKING Finesse.
 34178 | Vaults:1 | 34178 ||| Stepping ~*~*~tactically~*~*~ (hiding).
 34179 | Vaults:1 | 34179 ||| Stepping ~*~*~tactically~*~*~ (hiding).
 34215 | Vaults:1 | 34215 ||| INVOKING Finesse.
 34221 | Vaults:1 | HP: 30/120 [Nikola/arc of chain lightning (26)]
 34222 | Vaults:1 | 34222 ||| READING 7 scrolls of teleportation.
 34223 | Vaults:1 | 34223 ||| DRINKING potion of heal wounds.
 34227 | Vaults:1 | Killed Nikola
 34228 | Vaults:1 | Reached XP level 19. HP: 81/125 MP: 16/23
 34415 | Vaults:1 | Received a gift from Okawaru
 34461 | Vaults:1 | 34461 ||| Stepping ~*~*~tactically~*~*~ (hiding).
 34462 | Vaults:1 | 34462 ||| INVOKING Heroism.
 34467 | Vaults:1 | Noticed a golden dragon
 34468 | Vaults:1 | 34468 ||| INVOKING Finesse.
 34478 | Vaults:1 | 34478 ||| Stepping ~*~*~tactically~*~*~ (hiding).
 34489 | Vaults:1 | Received a gift from Okawaru
 34495 | Vaults:1 | Killed a golden dragon
 34500 | Vaults:1 | 34500 ||| INVOKING Heroism.
 34545 | Vaults:1 | Identified the +1 ring mail of Cuositz {-Cast rElec Regen+
                  | Dex+8} (Okawaru gifted it to you on level 1 of the Vaults)
 34545 | Vaults:1 | Received a gift from Okawaru
 34773 | Vaults:1 | 34773 ||| INVOKING Heroism.
 34774 | Vaults:1 | 34774 ||| INVOKING Finesse.
 35193 | Vaults:1 | You are sucked into a shaft and drop 1 floor!
 35239 | Vaults:2 | 35239 ||| INVOKING Heroism.
 35256 | Vaults:2 | 35256 ||| Stepping ~*~*~tactically~*~*~ (stealth).
 35294 | Vaults:2 | 35294 ||| READING scroll of enchant weapon.
 35294 | Vaults:2 | 35294 ||| ENCHANTING +5 vampiric broad axe.
 35307 | Vaults:2 | 35307 ||| INVOKING Heroism.
 35324 | Vaults:2 | 35324 ||| Stepping ~*~*~tactically~*~*~ (hiding).
 35344 | Vaults:2 | 35344 ||| DRINKING 11 potions of curing.
 35344 | Vaults:2 | 35344 ||| (to cure confusion)
 35345 | Vaults:2 | 35345 ||| INVOKING Finesse.
 35405 | Vaults:2 | 35405 ||| Stepping ~*~*~tactically~*~*~ (hiding).
 35406 | Vaults:2 | 35406 ||| Stepping ~*~*~tactically~*~*~ (hiding).
 35513 | Vaults:2 | 35513 ||| UPGRADING to +0 tower shield.
 35523 | Vaults:2 | 35523 ||| UPGRADING to +0 gold dragon scales.
 35533 | Vaults:2 | 35533 ||| DROPPING +0 kite shield.
 35534 | Vaults:2 | 35534 ||| UPGRADING to scarf of repulsion.
 35544 | Vaults:2 | 35544 ||| DROPPING +6 ring of intelligence.
 35555 | Vaults:1 | 35555 ||| INVOKING Heroism.
 35665 | Vaults:1 | 35665 ||| INVOKING Finesse.
 35894 | Vaults:1 | 35894 ||| INVOKING Heroism.
 36175 | Vaults:2 | 36175 ||| INVOKING Heroism.
 36353 | Vaults:2 | 36353 ||| INVOKING Heroism.
 36369 | Vaults:2 | Reached XP level 20. HP: 134/134 MP: 24/24
 36465 | Vaults:2 | Received a gift from Okawaru
 36475 | Vaults:2 | Found a staircase to the Crypt.
 36476 | Vaults:2 | 36476 ||| Stepping ~*~*~tactically~*~*~ (hiding).
 36483 | Vaults:2 | 36483 ||| Stepping ~*~*~tactically~*~*~ (hiding).
 36487 | Vaults:2 | 36487 ||| Stepping ~*~*~tactically~*~*~ (hiding).
 36496 | Vaults:2 | 36496 ||| Stepping ~*~*~tactically~*~*~ (cloud).
 36500 | Vaults:2 | 36500 ||| Stepping ~*~*~tactically~*~*~ (hiding).
 36514 | Vaults:2 | 36514 ||| Stepping ~*~*~tactically~*~*~ (hiding).
 36608 | Vaults:2 | 36608 ||| Stepping ~*~*~tactically~*~*~ (stealth).
 36609 | Vaults:2 | 36609 ||| INVOKING Heroism.
 36870 | Vaults:2 | 36870 ||| INVOKING Heroism.
 37013 | Vaults:2 | Found Esuliq's Antique Weapon Emporium.
 37013 | Vaults:2 | Found Xousmakh's Assorted Antiques.
 37019 | Vaults:2 | 37019 ||| BUYING faintly glowing plate armour (1036 gold).
 37019 | Vaults:2 | Bought a faintly glowing plate armour for 1036 gold pieces
 37019 | Vaults:2 | Identified the +4 plate armour of the Leaf {rF+ rCorr
                  | Slay+3} (You bought it in a shop on level 2 of the Vaults)
 37019 | Vaults:2 | 37019 ||| BUYING potion of haste (370 gold).
 37019 | Vaults:2 | Bought a potion of haste for 370 gold pieces
 37019 | Vaults:2 | 37019 ||| BUYING potion of lignification (111 gold).
 37019 | Vaults:2 | Bought a potion of lignification for 111 gold pieces
 37025 | Vaults:2 | Found Ubirr's Distillery.
 37032 | Vaults:2 | 37032 ||| BUYING potion of magic (184 gold).
 37032 | Vaults:2 | Bought a potion of magic for 184 gold pieces
 37032 | Vaults:2 | 37032 ||| BUYING potion of might (92 gold).
 37032 | Vaults:2 | Bought a potion of might for 92 gold pieces
 37037 | Vaults:2 | 37037 ||| INVOKING Heroism.
 37038 | Vaults:2 | 37038 ||| Stepping ~*~*~tactically~*~*~ (hiding).
 37040 | Vaults:2 | 37040 ||| Stepping ~*~*~tactically~*~*~ (hiding).
 37041 | Vaults:2 | 37041 ||| Stepping ~*~*~tactically~*~*~ (hiding).
 37211 | Vaults:2 | 37211 ||| DROPPING +4 plate armour of fire resistance.
 37212 | Vaults:2 | 37212 ||| UPGRADING to +4 plate armour of the Leaf {rF+
                  | rCorr Slay+3}.
 37344 | Vaults:3 | Reached skill level 18 in Shields
 37389 | Vaults:3 | 37389 ||| FLEEEEING.
 37390 | Vaults:3 | 37390 ||| FLEEEEING.
 37391 | Vaults:3 | 37391 ||| FLEEEEING.
 37392 | Vaults:3 | 37392 ||| FLEEEEING.
 37393 | Vaults:3 | 37393 ||| FLEEEEING.
 37394 | Vaults:3 | 37394 ||| FLEEEEING.
 37395 | Vaults:3 | 37395 ||| FLEEEEING.
 37396 | Vaults:3 | 37396 ||| FLEEEEING.
 37397 | Vaults:3 | 37397 ||| FLEEEEING.
 37398 | Vaults:3 | 37398 ||| FLEEEEING.
 37399 | Vaults:3 | 37399 ||| FLEEEEING.
 37400 | Vaults:3 | 37400 ||| FLEEEEING.
 37401 | Vaults:3 | 37401 ||| FLEEEEING.
 37402 | Vaults:3 | 37402 ||| FLEEEEING.
 37403 | Vaults:3 | 37403 ||| FLEEEEING.
 37404 | Vaults:3 | 37404 ||| FLEEEEING.
 37405 | Vaults:3 | 37405 ||| FLEEEEING.
 37408 | Vaults:3 | 37408 ||| INVOKING Heroism.
 37435 | Vaults:3 | 37435 ||| Stepping ~*~*~tactically~*~*~ (hiding).
 37893 | Vaults:3 | 37893 ||| Stepping ~*~*~tactically~*~*~ (hiding).
 37900 | Vaults:3 | 37900 ||| INVOKING Heroism.
 37933 | Vaults:3 | 37933 ||| READING 7 scrolls of teleportation.
 37970 | Vaults:3 | 37970 ||| INVOKING Heroism.
 38039 | Vaults:3 | 38039 ||| INVOKING Heroism.
 38041 | Vaults:3 | Received a gift from Okawaru
 38055 | Vaults:3 | 38055 ||| INVOKING Finesse.
 38105 | Vaults:3 | 38105 ||| INVOKING Heroism.
 38177 | Vaults:3 | 38177 ||| INVOKING Heroism.
 38178 | Vaults:3 | Noticed Boris
 38179 | Vaults:3 | 38179 ||| INVOKING Finesse.
 38184 | Vaults:3 | 38184 ||| Stepping ~*~*~tactically~*~*~ (hiding).
 38209 | Vaults:3 | Killed Boris
 38254 | Vaults:3 | Received a gift from Okawaru
 38319 | Vaults:3 | 38319 ||| Stepping ~*~*~tactically~*~*~ (stealth).
 38497 | Vaults:3 | 38497 ||| INVOKING Heroism.
 38597 | Vaults:3 | 38597 ||| Stepping ~*~*~tactically~*~*~ (stealth).
 38603 | Vaults:3 | 38603 ||| INVOKING Heroism.
 38822 | Vaults:3 | 38822 ||| INVOKING Heroism.
 38824 | Vaults:3 | 38824 ||| Stepping ~*~*~tactically~*~*~ (hiding).
 39215 | Vaults:4 | 39215 ||| INVOKING Heroism.
 39252 | Vaults:4 | 39252 ||| INVOKING Heroism.
 39254 | Vaults:4 | Reached skill level 18 in Fighting
 39355 | Vaults:4 | 39355 ||| INVOKING Heroism.
 39356 | Vaults:4 | 39356 ||| INVOKING Finesse.
 39461 | Vaults:4 | 39461 ||| READING scroll of enchant weapon.
 39461 | Vaults:4 | 39461 ||| ENCHANTING +6 vampiric broad axe.
 39466 | Vaults:4 | 39466 ||| Stepping ~*~*~tactically~*~*~ (hiding).
 39468 | Vaults:4 | 39468 ||| Stepping ~*~*~tactically~*~*~ (stealth).
 39499 | Vaults:4 | 39499 ||| Stepping ~*~*~tactically~*~*~ (hiding).
 39557 | Vaults:4 | 39557 ||| Stepping ~*~*~tactically~*~*~ (stealth).
 39558 | Vaults:4 | 39558 ||| Stepping ~*~*~tactically~*~*~ (stealth).
 39565 | Vaults:4 | Reached XP level 21. HP: 141/141 MP: 25/25
 39566 | Vaults:4 | 39566 ||| Stepping ~*~*~tactically~*~*~ (stealth).
 39570 | Vaults:4 | 39570 ||| Stepping ~*~*~tactically~*~*~ (stealth).
 39599 | Vaults:4 | 39599 ||| Stepping ~*~*~tactically~*~*~ (stealth).
 39617 | Vaults:4 | Noticed Margery
 39618 | Vaults:4 | 39618 ||| DRINKING 4 potions of resistance.
 39619 | Vaults:4 | 39619 ||| INVOKING Heroism.
 39634 | Vaults:4 | Killed Margery
 39648 | Vaults:4 | Reached skill level 9 in Dodging
 39681 | Vaults:4 | 39681 ||| INVOKING Heroism.
 39698 | Vaults:4 | Identified the +9 falchion "Nongachy" {freeze, rElec rCorr
                  | MP+9} (Okawaru gifted it to you on level 4 of the Vaults)
 39698 | Vaults:4 | Received a gift from Okawaru
 39832 | Vaults:4 | 39832 ||| FLEEEEING.
 39833 | Vaults:4 | 39833 ||| FLEEEEING.
 39839 | Vaults:4 | 39839 ||| FLEEEEING.
 39840 | Vaults:4 | 39840 ||| FLEEEEING.
 39841 | Vaults:4 | 39841 ||| FLEEEEING.
 39842 | Vaults:4 | 39842 ||| FLEEEEING.
 39912 | Vaults:4 | 39912 ||| FLEEEEING.
 39912 | Vaults:4 | Noticed Boris
 39913 | Vaults:4 | 39913 ||| Stepping ~*~*~tactically~*~*~ (hiding).
 39915 | Vaults:4 | 39915 ||| INVOKING Heroism.
 39916 | Vaults:4 | 39916 ||| INVOKING Finesse.
 39927 | Vaults:4 | Killed Boris
 40039 | Vaults:4 | 40039 ||| DRINKING 13 potions of curing.
 40039 | Vaults:4 | 40039 ||| (to cure confusion)
 40100 | Abyss:3  | Cast into level 3 of the Abyss (a wizard)
 40120 | Abyss:3  | 40120 ||| Stepping ~*~*~tactically~*~*~ (stealth).
 40125 | Abyss:3  | 40125 ||| INVOKING Heroism.
 40178 | Abyss:3  | 40178 ||| Stepping ~*~*~tactically~*~*~ (hiding).
 40201 | Abyss:3  | 40201 ||| Stepping ~*~*~tactically~*~*~ (stealth).
 40226 | Abyss:3  | 40226 ||| Stepping ~*~*~tactically~*~*~ (stealth).
 40227 | Abyss:3  | 40227 ||| Stepping ~*~*~tactically~*~*~ (stealth).
 40228 | Abyss:3  | 40228 ||| Stepping ~*~*~tactically~*~*~ (stealth).
 40235 | Abyss:3  | 40235 ||| Stepping ~*~*~tactically~*~*~ (stealth).
 40237 | Abyss:3  | 40237 ||| Stepping ~*~*~tactically~*~*~ (stealth).
 40280 | Abyss:3  | 40280 ||| INVOKING Heroism.
 40309 | Abyss:3  | 40309 ||| Stepping ~*~*~tactically~*~*~ (stealth).
 40310 | Abyss:3  | 40310 ||| Stepping ~*~*~tactically~*~*~ (stealth).
 40315 | Abyss:3  | 40315 ||| Stepping ~*~*~tactically~*~*~ (stealth).
 40316 | Abyss:3  | 40316 ||| Stepping ~*~*~tactically~*~*~ (stealth).
 40317 | Abyss:3  | 40317 ||| Stepping ~*~*~tactically~*~*~ (stealth).
 40319 | Abyss:3  | 40319 ||| Stepping ~*~*~tactically~*~*~ (stealth).
 40324 | Abyss:3  | 40324 ||| Stepping ~*~*~tactically~*~*~ (stealth).
 40326 | Abyss:3  | 40326 ||| Stepping ~*~*~tactically~*~*~ (stealth).
 40344 | Abyss:3  | 40344 ||| Stepping ~*~*~tactically~*~*~ (stealth).
 40349 | Abyss:3  | 40349 ||| Stepping ~*~*~tactically~*~*~ (stealth).
 40356 | Abyss:3  | 40356 ||| Stepping ~*~*~tactically~*~*~ (stealth).
 40378 | Abyss:3  | 40378 ||| INVOKING Heroism.
 40386 | Abyss:3  | Noticed a pearl dragon
 40388 | Abyss:3  | 40388 ||| Stepping randomly (cloudy).
 40393 | Abyss:3  | Killed a pearl dragon
 40427 | Abyss:3  | 40427 ||| Stepping ~*~*~tactically~*~*~ (stealth).
 40428 | Abyss:3  | 40428 ||| Stepping ~*~*~tactically~*~*~ (stealth).
 40462 | Abyss:3  | 40462 ||| INVOKING Heroism.
 40465 | Abyss:3  | 40465 ||| Stepping ~*~*~tactically~*~*~ (hiding).
 40466 | Abyss:3  | 40466 ||| Stepping ~*~*~tactically~*~*~ (hiding).
 40497 | Vaults:4 | Escaped the Abyss
 40612 | Vaults:4 | 40612 ||| FLEEEEING.
 40613 | Vaults:4 | 40613 ||| FLEEEEING.
 40616 | Vaults:4 | 40616 ||| FLEEEEING.
 40617 | Vaults:4 | 40617 ||| FLEEEEING.
 40618 | Vaults:4 | 40618 ||| FLEEEEING.
 40619 | Vaults:4 | 40619 ||| FLEEEEING.
 40620 | Vaults:4 | 40620 ||| FLEEEEING.
 40621 | Vaults:4 | 40621 ||| FLEEEEING.
 40622 | Vaults:4 | 40622 ||| FLEEEEING.
 40624 | Vaults:4 | 40624 ||| FLEEEEING.
 40625 | Vaults:4 | 40625 ||| FLEEEEING.
 40626 | Vaults:4 | 40626 ||| FLEEEEING.
 40627 | Vaults:4 | 40627 ||| FLEEEEING.
 40629 | Vaults:4 | 40629 ||| FLEEEEING.
 40630 | Vaults:4 | 40630 ||| FLEEEEING.
 40631 | Vaults:4 | 40631 ||| FLEEEEING.
 40632 | Vaults:4 | 40632 ||| FLEEEEING.
 40633 | Vaults:4 | 40633 ||| STAIRDANCE
 40649 | Vaults:3 | 40649 ||| FLEEEEING.
 40650 | Vaults:3 | 40650 ||| FLEEEEING.
 40651 | Vaults:3 | 40651 ||| FLEEEEING.
 40652 | Vaults:3 | 40652 ||| FLEEEEING.
 40661 | Vaults:3 | 40661 ||| STAIRDANCE
 40780 | Vaults:4 | 40780 ||| STAIRDANCE
 40901 | Vaults:4 | 40901 ||| STAIRDANCE
 41094 | Vaults:4 | 41094 ||| Stepping ~*~*~tactically~*~*~ (hiding).
 41100 | Vaults:4 | 41100 ||| INVOKING Heroism.
 41116 | Vaults:4 | 41116 ||| READING scroll of acquirement.
 41116 | Vaults:4 | 41116 ||| ACQUIRING +3 pair of mountain boots {steadfast,
                  | rC+}
 41116 | Vaults:4 | Acquired the +3 pair of mountain boots {steadfast, rC+}
 41116 | Vaults:4 | Found the +3 pair of mountain boots {steadfast, rC+}
 41118 | Vaults:4 | 41118 ||| UPGRADING to +3 pair of mountain boots
                  | {steadfast, rC+}.
 41128 | Vaults:4 | 41128 ||| DROPPING +1 pair of boots of Okawaru's
                  | Condemnation {rPois Str+2}.
 41270 | Vaults:4 | Noticed Sojobo
 41271 | Vaults:4 | 41271 ||| INVOKING Heroism.
 41272 | Vaults:4 | 41272 ||| INVOKING Finesse.
 41282 | Vaults:4 | Killed Sojobo
 41397 | Vaults:4 | 41397 ||| FLEEEEING.
 41398 | Vaults:4 | 41398 ||| FLEEEEING.
 41403 | Vaults:4 | 41403 ||| FLEEEEING.
 41404 | Vaults:4 | 41404 ||| FLEEEEING.
 41405 | Vaults:4 | 41405 ||| FLEEEEING.
 41406 | Vaults:4 | 41406 ||| FLEEEEING.
 41407 | Vaults:4 | 41407 ||| FLEEEEING.
 41418 | Vaults:4 | 41418 ||| FLEEEEING.
 41424 | Vaults:4 | 41424 ||| FLEEEEING.
 41425 | Vaults:4 | 41425 ||| FLEEEEING.
 41426 | Vaults:4 | 41426 ||| FLEEEEING.
 41427 | Vaults:4 | 41427 ||| FLEEEEING.
 41428 | Vaults:4 | 41428 ||| FLEEEEING.
 41429 | Vaults:4 | 41429 ||| FLEEEEING.
 41430 | Vaults:4 | 41430 ||| FLEEEEING.
 41432 | Vaults:4 | 41432 ||| FLEEEEING.
 41437 | Vaults:4 | 41437 ||| FLEEEEING.
 41438 | Vaults:4 | 41438 ||| FLEEEEING.
 41439 | Vaults:4 | 41439 ||| FLEEEEING.
 41440 | Vaults:4 | 41440 ||| FLEEEEING.
 41455 | Vaults:4 | 41455 ||| INVOKING Heroism.
 41494 | Vaults:4 | 41494 ||| Stepping ~*~*~tactically~*~*~ (stealth).
 41495 | Vaults:4 | 41495 ||| Stepping ~*~*~tactically~*~*~ (stealth).
 41497 | Vaults:4 | 41497 ||| Stepping ~*~*~tactically~*~*~ (stealth).
 41546 | Vaults:4 | 41546 ||| Stepping ~*~*~tactically~*~*~ (stealth).
 41550 | Vaults:4 | 41550 ||| INVOKING Heroism.
 41942 | Vaults:4 | 41942 ||| PLANNING SHOALS:4
 42355 | Shoals:4 | Entered Level 4 of the Shoals
 42362 | Shoals:4 | 42362 ||| INVOKING Heroism.
 42380 | Shoals:4 | Received a gift from Okawaru
 42397 | Shoals:4 | 42397 ||| READING scroll of enchant weapon.
 42397 | Shoals:4 | 42397 ||| ENCHANTING +7 vampiric broad axe.
 42440 | Shoals:4 | 42440 ||| INVOKING Heroism.
 42442 | Shoals:4 | 42442 ||| Stepping ~*~*~tactically~*~*~ (hiding).
 42506 | Shoals:4 | 42506 ||| Stepping ~*~*~tactically~*~*~ (hiding).
 42514 | Shoals:4 | 42514 ||| INVOKING Heroism.
 42526 | Shoals:4 | 42526 ||| INVOKING Finesse.
 42692 | Shoals:4 | 42692 ||| STAIRDANCE
 42707 | Shoals:4 | 42707 ||| INVOKING Heroism.
 42758 | Shoals:4 | 42758 ||| INVOKING Heroism.
 42787 | Shoals:4 | Reached skill level 18 in Armour
 42790 | Shoals:4 | 42790 ||| Stepping ~*~*~tactically~*~*~ (hiding).
 42792 | Shoals:4 | 42792 ||| INVOKING Heroism.
 42793 | Shoals:4 | 42793 ||| INVOKING Finesse.
 42871 | Shoals:4 | Identified the +7 dagger "Bazud" {speed, Int+3}
 42891 | Shoals:4 | Identified the +1 chain mail of the Leaping Gods {Int+3}
 42923 | Shoals:4 | 42923 ||| Stepping ~*~*~tactically~*~*~ (hiding).
 42924 | Shoals:4 | 42924 ||| Stepping ~*~*~tactically~*~*~ (hiding).
 42925 | Shoals:4 | 42925 ||| Stepping ~*~*~tactically~*~*~ (hiding).
 42926 | Shoals:4 | 42926 ||| Stepping ~*~*~tactically~*~*~ (hiding).
 42941 | Shoals:4 | 42941 ||| Stepping ~*~*~tactically~*~*~ (stealth).
 43063 | Shoals:4 | 43063 ||| Stepping ~*~*~tactically~*~*~ (hiding).
 43064 | Shoals:4 | 43064 ||| INVOKING Heroism.
 43065 | Shoals:4 | 43065 ||| INVOKING Finesse.
 43075 | Shoals:4 | 43075 ||| Stepping ~*~*~tactically~*~*~ (hiding).
 43110 | Shoals:4 | Reached XP level 22. HP: 149/149 MP: 22/26
 43130 | Shoals:4 | 43130 ||| Stepping ~*~*~tactically~*~*~ (stealth).
 43133 | Shoals:4 | 43133 ||| Stepping ~*~*~tactically~*~*~ (hiding).
 43146 | Shoals:4 | Received a gift from Okawaru
 43241 | Shoals:4 | 43241 ||| Stepping ~*~*~tactically~*~*~ (hiding).
 43242 | Shoals:4 | 43242 ||| Stepping ~*~*~tactically~*~*~ (hiding).
 43310 | Shoals:4 | Got a barnacled rune of Zot
 43416 | Shoals:4 | 43416 ||| PLANNING DEPTHS
 43756 | Depths:1 | Entered Level 1 of the Depths
 43771 | Depths:1 | 43771 ||| INVOKING Heroism.
 43772 | Depths:1 | 43772 ||| INVOKING Finesse.
 43818 | Depths:1 | Found a gateway to Hell.
 43837 | Depths:1 | 43837 ||| INVOKING Heroism.
 43864 | Depths:1 | 43864 ||| INVOKING Finesse.
 43893 | Depths:1 | 43893 ||| Stepping ~*~*~tactically~*~*~ (stealth).
 43895 | Depths:1 | 43895 ||| Stepping ~*~*~tactically~*~*~ (stealth).
 43902 | Depths:1 | Received a gift from Okawaru
 43904 | Depths:1 | Noticed Boris
 43905 | Depths:1 | 43905 ||| INVOKING Heroism.
 43917 | Depths:1 | Killed Boris
 43940 | Depths:1 | 43940 ||| Stepping ~*~*~tactically~*~*~ (stealth).
 43943 | Depths:1 | 43943 ||| Stepping ~*~*~tactically~*~*~ (hiding).
 43990 | Depths:1 | 43990 ||| Stepping ~*~*~tactically~*~*~ (stealth).
 43993 | Depths:1 | 43993 ||| INVOKING Finesse.
 44002 | Depths:1 | 44002 ||| INVOKING Heroism.
 44122 | Depths:1 | 44122 ||| INVOKING Heroism.
 44123 | Depths:1 | 44123 ||| INVOKING Finesse.
 44139 | Depths:1 | Received a gift from Okawaru
 44178 | Depths:1 | Found a shimmering blue altar of Sif Muna.
 44242 | Depths:1 | Found a one-way gateway to a ziggurat.
 44246 | Depths:1 | 44246 ||| INVOKING Heroism.
 44251 | Depths:1 | 44251 ||| INVOKING Finesse.
 44319 | Depths:1 | Found Qeshruvau's Distillery.
 44331 | Depths:1 | 44331 ||| BUYING 2 potions of might (144 gold).
 44331 | Depths:1 | Bought 2 potions of might for 144 gold pieces
 44331 | Depths:1 | 44331 ||| BUYING potion of curing (54 gold).
 44331 | Depths:1 | Bought a potion of curing for 54 gold pieces
 44331 | Depths:1 | 44331 ||| BUYING potion of curing (54 gold).
 44331 | Depths:1 | Bought a potion of curing for 54 gold pieces
 44331 | Depths:1 | 44331 ||| BUYING potion of lignification (54 gold).
 44331 | Depths:1 | Bought a potion of lignification for 54 gold pieces
 44331 | Depths:1 | 44331 ||| BUYING potion of lignification (54 gold).
 44331 | Depths:1 | Bought a potion of lignification for 54 gold pieces
 44331 | Depths:1 | 44331 ||| BUYING potion of mutation (144 gold).
 44331 | Depths:1 | Bought a potion of mutation for 144 gold pieces
 44698 | Depths:1 | 44698 ||| Stepping ~*~*~tactically~*~*~ (hiding).
 44859 | Depths:1 | 44859 ||| DROPPING scarf of repulsion.
 44860 | Depths:1 | 44860 ||| DROPPING +2 plate armour of cold resistance.
 44861 | Depths:1 | 44861 ||| UPGRADING to +4 ring of protection.
 44863 | Depths:1 | 44863 ||| DROPPING +6 ring of strength.
 44922 | Depths:2 | 44922 ||| Stepping ~*~*~tactically~*~*~ (hiding).
 44974 | Depths:2 | 44974 ||| INVOKING Finesse.
 45021 | Depths:2 | 45021 ||| Stepping ~*~*~tactically~*~*~ (hiding).
 45089 | Depths:2 | Found a hazy altar of Hepliaklqana.
 45173 | Depths:2 | Received a gift from Okawaru
 45197 | Depths:2 | Found a one-way gate leading to the halls of Pandemonium.
 45287 | Depths:2 | 45287 ||| Stepping ~*~*~tactically~*~*~ (hiding).
 45288 | Depths:2 | 45288 ||| Stepping ~*~*~tactically~*~*~ (hiding).
 45297 | Depths:2 | Noticed Boris
 45298 | Depths:2 | 45298 ||| INVOKING Heroism.
 45299 | Depths:2 | 45299 ||| INVOKING Finesse.
 45316 | Depths:2 | Killed Boris
 45473 | Depths:2 | 45473 ||| Stepping ~*~*~tactically~*~*~ (stealth).
 45475 | Depths:2 | 45475 ||| Stepping ~*~*~tactically~*~*~ (hiding).
 45477 | Depths:2 | 45477 ||| Stepping ~*~*~tactically~*~*~ (hiding).
 45498 | Depths:2 | 45498 ||| INVOKING Heroism.
 45694 | Depths:2 | 45694 ||| INVOKING Heroism.
 45695 | Depths:2 | 45695 ||| INVOKING Finesse.
 45822 | Depths:2 | 45822 ||| Stepping ~*~*~tactically~*~*~ (stealth).
 45824 | Depths:2 | 45824 ||| Stepping ~*~*~tactically~*~*~ (stealth).
 45825 | Depths:2 | 45825 ||| INVOKING Finesse.
 45940 | Depths:2 | 45940 ||| READING 7 scrolls of teleportation.
 46018 | Depths:2 | 46018 ||| READING 6 scrolls of teleportation.
 46019 | Depths:2 | 46019 ||| FLEEEEING.
 46020 | Depths:2 | 46020 ||| FLEEEEING.
 46021 | Depths:2 | 46021 ||| FLEEEEING.
 46100 | Depths:2 | 46100 ||| READING 5 scrolls of teleportation.
 46101 | Depths:2 | Noticed a juggernaut
 46147 | Depths:2 | 46147 ||| READING 4 scrolls of teleportation.
 46205 | Depths:2 | Noticed a golden dragon
 46211 | Depths:2 | 46211 ||| READING 3 scrolls of teleportation.
 46259 | Depths:2 | 46259 ||| READING 2 scrolls of teleportation.
 46292 | Depths:2 | 46292 ||| READING scroll of teleportation.
 46354 | Depths:2 | 46354 ||| Stepping randomly (stuck).
 46355 | Depths:2 | 46355 ||| Stepping randomly (stuck).
 46356 | Depths:2 | 46356 ||| Stepping randomly (stuck).
 46357 | Depths:2 | 46357 ||| Stepping randomly (stuck).
 46358 | Depths:2 | 46358 ||| Stepping randomly (stuck).
 46359 | Depths:2 | 46359 ||| Stepping randomly (stuck).
 46360 | Depths:2 | 46360 ||| Stepping randomly (stuck).
 46361 | Depths:2 | 46361 ||| Stepping randomly (stuck).
 46362 | Depths:2 | 46362 ||| Stepping randomly (stuck).
 46363 | Depths:2 | 46363 ||| Stepping randomly (stuck).
 46364 | Depths:2 | 46364 ||| Stepping randomly (stuck).
 46367 | Depths:2 | 46367 ||| Stepping randomly (stuck).
 46368 | Depths:2 | 46368 ||| Stepping randomly (stuck).
 46369 | Depths:2 | 46369 ||| Stepping randomly (stuck).
 46370 | Depths:2 | 46370 ||| Stepping randomly (stuck).
 46371 | Depths:2 | 46371 ||| Stepping randomly (stuck).
 46372 | Depths:2 | 46372 ||| Stepping randomly (stuck).
 46373 | Depths:2 | 46373 ||| Stepping randomly (stuck).
 46374 | Depths:2 | 46374 ||| Stepping randomly (stuck).
 46375 | Depths:2 | 46375 ||| Stepping randomly (stuck).
 46376 | Depths:2 | 46376 ||| Stepping randomly (stuck).
 46377 | Depths:2 | 46377 ||| Stepping randomly (stuck).
 46378 | Depths:2 | 46378 ||| Stepping randomly (stuck).
 46379 | Depths:2 | 46379 ||| Stepping randomly (stuck).
 46380 | Depths:2 | 46380 ||| Stepping randomly (stuck).
 46381 | Depths:2 | 46381 ||| Stepping randomly (stuck).
 46382 | Depths:2 | 46382 ||| Stepping randomly (stuck).
 46383 | Depths:2 | 46383 ||| Stepping randomly (stuck).
 46384 | Depths:2 | 46384 ||| Stepping randomly (stuck).
 46385 | Depths:2 | 46385 ||| Stepping randomly (stuck).
 46386 | Depths:2 | 46386 ||| Stepping randomly (stuck).
 46387 | Depths:2 | 46387 ||| Stepping randomly (stuck).
 46388 | Depths:2 | 46388 ||| Stepping randomly (stuck).
 46389 | Depths:2 | 46389 ||| Stepping randomly (stuck).
 46390 | Depths:2 | 46390 ||| Stepping randomly (stuck).
 46391 | Depths:2 | 46391 ||| Stepping randomly (stuck).
 46392 | Depths:2 | 46392 ||| Stepping randomly (stuck).
 46393 | Depths:2 | 46393 ||| Stepping randomly (stuck).
 46394 | Depths:2 | 46394 ||| Stepping randomly (stuck).
 46395 | Depths:2 | 46395 ||| Stepping randomly (stuck).
 46396 | Depths:2 | 46396 ||| Stepping randomly (stuck).
 46397 | Depths:2 | 46397 ||| Stepping randomly (stuck).
 46398 | Depths:2 | 46398 ||| Stepping randomly (stuck).
 46399 | Depths:2 | 46399 ||| Stepping randomly (stuck).
 46400 | Depths:2 | 46400 ||| Stepping randomly (stuck).
 46401 | Depths:2 | 46401 ||| Stepping randomly (stuck).
 46402 | Depths:2 | 46402 ||| Stepping randomly (stuck).
 46403 | Depths:2 | 46403 ||| Stepping randomly (stuck).
 46404 | Depths:2 | 46404 ||| Stepping randomly (stuck).
 46405 | Depths:2 | 46405 ||| Stepping randomly (stuck).
 46406 | Depths:2 | 46406 ||| Stepping randomly (stuck).
 46407 | Depths:2 | 46407 ||| Stepping randomly (stuck).
 46408 | Depths:2 | 46408 ||| Stepping randomly (stuck).
 46409 | Depths:2 | 46409 ||| Stepping randomly (stuck).
 46410 | Depths:2 | 46410 ||| Stepping randomly (stuck).
 46411 | Depths:2 | 46411 ||| Stepping randomly (stuck).
 46412 | Depths:2 | 46412 ||| Stepping randomly (stuck).
 46413 | Depths:2 | 46413 ||| Stepping randomly (stuck).
 46414 | Depths:2 | 46414 ||| Stepping randomly (stuck).
 46415 | Depths:2 | 46415 ||| Stepping randomly (stuck).
 46416 | Depths:2 | 46416 ||| Stepping randomly (stuck).
 46417 | Depths:2 | 46417 ||| Stepping randomly (stuck).
 46418 | Depths:2 | 46418 ||| Stepping randomly (stuck).
 46419 | Depths:2 | 46419 ||| Stepping randomly (stuck).
 46420 | Depths:2 | 46420 ||| Stepping randomly (stuck).
 46421 | Depths:2 | 46421 ||| Stepping randomly (stuck).
 46422 | Depths:2 | 46422 ||| Stepping randomly (stuck).
 46423 | Depths:2 | 46423 ||| Stepping randomly (stuck).
 46424 | Depths:2 | 46424 ||| Stepping randomly (stuck).
 46425 | Depths:2 | 46425 ||| Stepping randomly (stuck).
 46426 | Depths:2 | 46426 ||| Stepping randomly (stuck).
 46427 | Depths:2 | 46427 ||| Stepping randomly (stuck).
 46428 | Depths:2 | 46428 ||| Stepping randomly (stuck).
 46429 | Depths:2 | 46429 ||| Stepping randomly (stuck).
 46430 | Depths:2 | 46430 ||| Stepping randomly (stuck).
 46431 | Depths:2 | 46431 ||| Stepping randomly (stuck).
 46432 | Depths:2 | 46432 ||| Stepping randomly (stuck).
 46433 | Depths:2 | 46433 ||| Stepping randomly (stuck).
 46434 | Depths:2 | 46434 ||| Stepping randomly (stuck).
 46435 | Depths:2 | 46435 ||| Stepping randomly (stuck).
 46436 | Depths:2 | 46436 ||| Stepping randomly (stuck).
 46437 | Depths:2 | 46437 ||| Stepping randomly (stuck).
 46438 | Depths:2 | 46438 ||| Stepping randomly (stuck).
 46439 | Depths:2 | 46439 ||| Stepping randomly (stuck).
 46440 | Depths:2 | 46440 ||| Stepping randomly (stuck).
 46441 | Depths:2 | 46441 ||| Stepping randomly (stuck).
 46442 | Depths:2 | 46442 ||| Stepping randomly (stuck).
 46443 | Depths:2 | 46443 ||| Stepping randomly (stuck).
 46444 | Depths:2 | 46444 ||| Stepping randomly (stuck).
 46445 | Depths:2 | 46445 ||| Stepping randomly (stuck).
 46446 | Depths:2 | 46446 ||| Stepping randomly (stuck).
 46447 | Depths:2 | 46447 ||| Stepping randomly (stuck).
 46448 | Depths:2 | 46448 ||| Stepping randomly (stuck).
 46449 | Depths:2 | 46449 ||| Stepping randomly (stuck).
 46450 | Depths:2 | 46450 ||| Stepping randomly (stuck).
 46451 | Depths:2 | 46451 ||| Stepping randomly (stuck).
 46452 | Depths:2 | 46452 ||| Stepping randomly (stuck).
 46453 | Depths:2 | 46453 ||| Stepping randomly (stuck).
 46454 | Depths:2 | 46454 ||| Stepping randomly (stuck).
 46455 | Depths:2 | 46455 ||| Stepping randomly (stuck).
 46457 | Depths:2 | 46457 ||| Stepping randomly (stuck).
 46458 | Depths:2 | 46458 ||| Stepping randomly (stuck).
 46459 | Depths:2 | 46459 ||| Stepping randomly (stuck).
 46460 | Depths:2 | 46460 ||| Stepping randomly (stuck).
 46461 | Depths:2 | 46461 ||| Stepping randomly (stuck).
 46462 | Depths:2 | 46462 ||| Stepping randomly (stuck).
 46463 | Depths:2 | 46463 ||| Stepping randomly (stuck).
 46465 | Depths:2 | 46465 ||| Stepping randomly (stuck).
 46466 | Depths:2 | 46466 ||| Stepping randomly (stuck).
 46467 | Depths:2 | 46467 ||| Stepping randomly (stuck).
 46468 | Depths:2 | 46468 ||| Stepping randomly (stuck).
 46469 | Depths:2 | 46469 ||| Stepping randomly (stuck).
 46470 | Depths:2 | 46470 ||| Stepping randomly (stuck).
 46471 | Depths:2 | 46471 ||| Stepping randomly (stuck).
 46473 | Depths:2 | 46473 ||| Stepping randomly (stuck).
 46475 | Depths:2 | 46475 ||| Stepping randomly (stuck).
 46477 | Depths:2 | 46477 ||| Stepping randomly (stuck).
 46479 | Depths:2 | 46479 ||| Stepping randomly (stuck).
 46481 | Depths:2 | 46481 ||| Stepping randomly (stuck).
 46482 | Depths:2 | 46482 ||| Stepping randomly (stuck).
 46483 | Depths:2 | 46483 ||| Stepping randomly (stuck).
 46486 | Depths:2 | 46486 ||| Stepping randomly (stuck).
 46488 | Depths:2 | 46488 ||| Stepping randomly (stuck).
 46489 | Depths:2 | 46489 ||| Stepping randomly (stuck).
 46490 | Depths:2 | 46490 ||| Stepping randomly (stuck).
 46491 | Depths:2 | 46491 ||| Stepping randomly (stuck).
 46492 | Depths:2 | 46492 ||| Stepping randomly (stuck).
 46493 | Depths:2 | 46493 ||| Stepping randomly (stuck).
 46494 | Depths:2 | 46494 ||| Stepping randomly (stuck).
 46495 | Depths:2 | 46495 ||| Stepping randomly (stuck).
 46496 | Depths:2 | 46496 ||| Stepping randomly (stuck).
 46497 | Depths:2 | 46497 ||| Stepping randomly (stuck).
 46498 | Depths:2 | 46498 ||| Stepping randomly (stuck).
 46499 | Depths:2 | 46499 ||| Stepping randomly (stuck).
 46500 | Depths:2 | 46500 ||| Stepping randomly (stuck).
 46502 | Depths:2 | 46502 ||| Stepping randomly (stuck).
 46517 | Depths:2 | 46517 ||| INVOKING Heroism.
 46518 | Depths:2 | 46518 ||| INVOKING Finesse.
 46521 | Depths:2 | Received a gift from Okawaru
 46576 | Depths:2 | Killed a golden dragon
 46576 | Depths:2 | Received a gift from Okawaru
 46607 | Depths:2 | 46607 ||| Stepping randomly (stuck).
 46610 | Depths:2 | 46610 ||| Stepping randomly (stuck).
 46614 | Depths:2 | 46614 ||| Stepping randomly (stuck).
 46616 | Depths:2 | 46616 ||| Stepping randomly (stuck).
 46618 | Depths:2 | 46618 ||| Stepping randomly (stuck).
 46619 | Depths:2 | 46619 ||| Stepping randomly (stuck).
 46620 | Depths:2 | 46620 ||| Stepping randomly (stuck).
 46621 | Depths:2 | 46621 ||| Stepping randomly (stuck).
 46622 | Depths:2 | 46622 ||| Stepping randomly (stuck).
 46623 | Depths:2 | 46623 ||| Stepping randomly (stuck).
 46624 | Depths:2 | 46624 ||| Stepping randomly (stuck).
 46625 | Depths:2 | 46625 ||| Stepping randomly (stuck).
 46626 | Depths:2 | 46626 ||| Stepping randomly (stuck).
 46628 | Depths:2 | 46628 ||| Stepping randomly (stuck).
 46630 | Depths:2 | 46630 ||| Stepping randomly (stuck).
 46632 | Depths:2 | 46632 ||| Stepping randomly (stuck).
 46634 | Depths:2 | 46634 ||| Stepping randomly (stuck).
 46635 | Depths:2 | 46635 ||| Stepping randomly (stuck).
 46636 | Depths:2 | 46636 ||| Stepping randomly (stuck).
 46638 | Depths:2 | 46638 ||| Stepping randomly (stuck).
 46640 | Depths:2 | 46640 ||| Stepping randomly (stuck).
 46642 | Depths:2 | 46642 ||| Stepping randomly (stuck).
 46643 | Depths:2 | 46643 ||| Stepping randomly (stuck).
 46644 | Depths:2 | 46644 ||| Stepping randomly (stuck).
 46645 | Depths:2 | 46645 ||| Stepping randomly (stuck).
 46646 | Depths:2 | 46646 ||| Stepping randomly (stuck).
 46647 | Depths:2 | 46647 ||| Stepping randomly (stuck).
 46649 | Depths:2 | 46649 ||| Stepping randomly (stuck).
 46650 | Depths:2 | 46650 ||| Stepping randomly (stuck).
 46651 | Depths:2 | 46651 ||| Stepping randomly (stuck).
 46653 | Depths:2 | 46653 ||| Stepping randomly (stuck).
 46654 | Depths:2 | 46654 ||| Stepping randomly (stuck).
 46655 | Depths:2 | 46655 ||| Stepping randomly (stuck).
 46657 | Depths:2 | 46657 ||| Stepping randomly (stuck).
 46659 | Depths:2 | 46659 ||| Stepping randomly (stuck).
 46661 | Depths:2 | 46661 ||| Stepping randomly (stuck).
 46662 | Depths:2 | 46662 ||| Stepping randomly (stuck).
 46663 | Depths:2 | 46663 ||| Stepping randomly (stuck).
 46664 | Depths:2 | 46664 ||| Stepping randomly (stuck).
 46665 | Depths:2 | 46665 ||| Stepping randomly (stuck).
 46666 | Depths:2 | 46666 ||| Stepping randomly (stuck).
 46667 | Depths:2 | 46667 ||| Stepping randomly (stuck).
 46668 | Depths:2 | 46668 ||| Stepping randomly (stuck).
 46669 | Depths:2 | 46669 ||| Stepping randomly (stuck).
 46670 | Depths:2 | 46670 ||| Stepping randomly (stuck).
 46671 | Depths:2 | 46671 ||| Stepping randomly (stuck).
 46672 | Depths:2 | 46672 ||| Stepping randomly (stuck).
 46674 | Depths:2 | 46674 ||| Stepping randomly (stuck).
 46676 | Depths:2 | 46676 ||| Stepping randomly (stuck).
 46677 | Depths:2 | 46677 ||| Stepping randomly (stuck).
 46678 | Depths:2 | 46678 ||| Stepping randomly (stuck).
 46680 | Depths:2 | 46680 ||| Stepping randomly (stuck).
 46682 | Depths:2 | 46682 ||| Stepping randomly (stuck).
 46684 | Depths:2 | 46684 ||| Stepping randomly (stuck).
 46685 | Depths:2 | 46685 ||| Stepping randomly (stuck).
 46686 | Depths:2 | 46686 ||| Stepping randomly (stuck).
 46687 | Depths:2 | 46687 ||| Stepping randomly (stuck).
 46688 | Depths:2 | 46688 ||| Stepping randomly (stuck).
 46689 | Depths:2 | 46689 ||| Stepping randomly (stuck).
 46690 | Depths:2 | 46690 ||| Stepping randomly (stuck).
 46691 | Depths:2 | 46691 ||| Stepping randomly (stuck).
 46692 | Depths:2 | 46692 ||| Stepping randomly (stuck).
 46693 | Depths:2 | 46693 ||| Stepping randomly (stuck).
 46694 | Depths:2 | 46694 ||| Stepping randomly (stuck).
 46696 | Depths:2 | 46696 ||| Stepping randomly (stuck).
 46697 | Depths:2 | 46697 ||| Stepping randomly (stuck).
 46699 | Depths:2 | 46699 ||| Stepping randomly (stuck).
 46700 | Depths:2 | 46700 ||| Stepping randomly (stuck).
 46701 | Depths:2 | 46701 ||| Stepping randomly (stuck).
 46702 | Depths:2 | 46702 ||| Stepping randomly (stuck).
 46704 | Depths:2 | 46704 ||| Stepping randomly (stuck).
 46705 | Depths:2 | 46705 ||| Stepping randomly (stuck).
 46706 | Depths:2 | 46706 ||| Stepping randomly (stuck).
 46707 | Depths:2 | 46707 ||| Stepping randomly (stuck).
 46708 | Depths:2 | 46708 ||| Stepping randomly (stuck).
 46709 | Depths:2 | 46709 ||| Stepping randomly (stuck).
 46710 | Depths:2 | 46710 ||| Stepping randomly (stuck).
 46711 | Depths:2 | 46711 ||| Stepping randomly (stuck).
 46712 | Depths:2 | 46712 ||| Stepping randomly (stuck).
 46713 | Depths:2 | 46713 ||| Stepping randomly (stuck).
 46714 | Depths:2 | 46714 ||| Stepping randomly (stuck).
 46715 | Depths:2 | 46715 ||| Stepping randomly (stuck).
 46716 | Depths:2 | 46716 ||| Stepping randomly (stuck).
 46717 | Depths:2 | 46717 ||| Stepping randomly (stuck).
 46718 | Depths:2 | 46718 ||| Stepping randomly (stuck).
 46719 | Depths:2 | 46719 ||| Stepping randomly (stuck).
 46721 | Depths:2 | 46721 ||| Stepping randomly (stuck).
 46722 | Depths:2 | 46722 ||| Stepping randomly (stuck).
 46723 | Depths:2 | 46723 ||| Stepping randomly (stuck).
 46724 | Depths:2 | 46724 ||| Stepping randomly (stuck).
 46726 | Depths:2 | 46726 ||| Stepping randomly (stuck).
 46728 | Depths:2 | 46728 ||| Stepping randomly (stuck).
 46729 | Depths:2 | 46729 ||| Stepping randomly (stuck).
 46730 | Depths:2 | 46730 ||| Stepping randomly (stuck).
 46731 | Depths:2 | 46731 ||| Stepping randomly (stuck).
 46732 | Depths:2 | 46732 ||| Stepping randomly (stuck).
 46733 | Depths:2 | 46733 ||| Stepping randomly (stuck).
 46735 | Depths:2 | 46735 ||| Stepping randomly (stuck).
 46736 | Depths:2 | 46736 ||| Stepping randomly (stuck).
 46737 | Depths:2 | 46737 ||| Stepping randomly (stuck).
 46739 | Depths:2 | 46739 ||| Stepping randomly (stuck).
 46740 | Depths:2 | 46740 ||| Stepping randomly (stuck).
 46741 | Depths:2 | 46741 ||| Stepping randomly (stuck).
 46742 | Depths:2 | 46742 ||| Stepping randomly (stuck).
 46743 | Depths:2 | 46743 ||| Stepping randomly (stuck).
 46744 | Depths:2 | 46744 ||| Stepping randomly (stuck).
 46745 | Depths:2 | 46745 ||| Stepping randomly (stuck).
 46746 | Depths:2 | 46746 ||| Stepping randomly (stuck).
 46747 | Depths:2 | 46747 ||| Stepping randomly (stuck).
 46748 | Depths:2 | 46748 ||| Stepping randomly (stuck).
 46749 | Depths:2 | 46749 ||| Stepping randomly (stuck).
 46750 | Depths:2 | 46750 ||| Stepping randomly (stuck).
 46751 | Depths:2 | 46751 ||| Stepping randomly (stuck).
 46752 | Depths:2 | 46752 ||| Stepping randomly (stuck).
 46753 | Depths:2 | 46753 ||| Stepping randomly (stuck).
 46754 | Depths:2 | 46754 ||| Stepping randomly (stuck).
 46755 | Depths:2 | 46755 ||| Stepping randomly (stuck).
 46756 | Depths:2 | 46756 ||| Stepping randomly (stuck).
 46758 | Depths:2 | 46758 ||| Stepping randomly (stuck).
 46759 | Depths:2 | 46759 ||| Stepping randomly (stuck).
 46760 | Depths:2 | 46760 ||| Stepping randomly (stuck).
 46761 | Depths:2 | 46761 ||| Stepping randomly (stuck).
 46762 | Depths:2 | 46762 ||| Stepping randomly (stuck).
 46764 | Depths:2 | 46764 ||| Stepping randomly (stuck).
 46765 | Depths:2 | 46765 ||| Stepping randomly (stuck).
 46766 | Depths:2 | 46766 ||| Stepping randomly (stuck).
 46767 | Depths:2 | 46767 ||| Stepping randomly (stuck).
 46768 | Depths:2 | 46768 ||| Stepping randomly (stuck).
 46770 | Depths:2 | 46770 ||| Stepping randomly (stuck).
 46771 | Depths:2 | 46771 ||| Stepping randomly (stuck).
 46772 | Depths:2 | 46772 ||| Stepping randomly (stuck).
 46773 | Depths:2 | 46773 ||| Stepping randomly (stuck).
 46774 | Depths:2 | 46774 ||| Stepping randomly (stuck).
 46775 | Depths:2 | 46775 ||| Stepping randomly (stuck).
 46776 | Depths:2 | 46776 ||| Stepping randomly (stuck).
 46777 | Depths:2 | 46777 ||| Stepping randomly (stuck).
 46778 | Depths:2 | 46778 ||| Stepping randomly (stuck).
 46779 | Depths:2 | 46779 ||| Stepping randomly (stuck).
 46780 | Depths:2 | 46780 ||| Stepping randomly (stuck).
 46781 | Depths:2 | 46781 ||| Stepping randomly (stuck).
 46782 | Depths:2 | 46782 ||| Stepping randomly (stuck).
 46784 | Depths:2 | 46784 ||| Stepping randomly (stuck).
 46785 | Depths:2 | 46785 ||| Stepping randomly (stuck).
 46786 | Depths:2 | 46786 ||| Stepping randomly (stuck).
 46787 | Depths:2 | 46787 ||| Stepping randomly (stuck).
 46788 | Depths:2 | 46788 ||| Stepping randomly (stuck).
 46789 | Depths:2 | 46789 ||| Stepping randomly (stuck).
 46790 | Depths:2 | 46790 ||| Stepping randomly (stuck).
 46791 | Depths:2 | 46791 ||| Stepping randomly (stuck).
 46793 | Depths:2 | 46793 ||| Stepping randomly (stuck).
 46795 | Depths:2 | 46795 ||| Stepping randomly (stuck).
 46796 | Depths:2 | 46796 ||| Stepping randomly (stuck).
 46797 | Depths:2 | 46797 ||| Stepping randomly (stuck).
 46799 | Depths:2 | 46799 ||| Stepping randomly (stuck).
 46801 | Depths:2 | 46801 ||| Stepping randomly (stuck).
 46803 | Depths:2 | 46803 ||| Stepping randomly (stuck).
 46804 | Depths:2 | 46804 ||| Stepping randomly (stuck).
 46805 | Depths:2 | 46805 ||| Stepping randomly (stuck).
 46806 | Depths:2 | 46806 ||| Stepping randomly (stuck).
 46807 | Depths:2 | 46807 ||| Stepping randomly (stuck).
 46808 | Depths:2 | 46808 ||| Stepping randomly (stuck).
 46809 | Depths:2 | 46809 ||| Stepping randomly (stuck).
 46810 | Depths:2 | 46810 ||| Stepping randomly (stuck).
 46811 | Depths:2 | 46811 ||| Stepping randomly (stuck).
 46812 | Depths:2 | 46812 ||| Stepping randomly (stuck).
 46813 | Depths:2 | 46813 ||| Stepping randomly (stuck).
 46814 | Depths:2 | 46814 ||| Stepping randomly (stuck).
 46815 | Depths:2 | 46815 ||| Stepping randomly (stuck).
 46816 | Depths:2 | 46816 ||| Stepping randomly (stuck).
 46817 | Depths:2 | 46817 ||| Stepping randomly (stuck).
 46818 | Depths:2 | 46818 ||| Stepping randomly (stuck).
 46820 | Depths:2 | 46820 ||| Stepping randomly (stuck).
 46821 | Depths:2 | 46821 ||| Stepping randomly (stuck).
 46822 | Depths:2 | 46822 ||| Stepping randomly (stuck).
 46823 | Depths:2 | 46823 ||| Stepping randomly (stuck).
 46824 | Depths:2 | 46824 ||| Stepping randomly (stuck).
 46825 | Depths:2 | 46825 ||| Stepping randomly (stuck).
 46827 | Depths:2 | 46827 ||| Stepping randomly (stuck).
 46829 | Depths:2 | 46829 ||| Stepping randomly (stuck).
 46830 | Depths:2 | 46830 ||| Stepping randomly (stuck).
 46831 | Depths:2 | 46831 ||| Stepping randomly (stuck).
 46832 | Depths:2 | 46832 ||| Stepping randomly (stuck).
 46833 | Depths:2 | 46833 ||| Stepping randomly (stuck).
 46834 | Depths:2 | 46834 ||| Stepping randomly (stuck).
 46836 | Depths:2 | 46836 ||| Stepping randomly (stuck).
 46838 | Depths:2 | 46838 ||| Stepping randomly (stuck).
 46840 | Depths:2 | 46840 ||| Stepping randomly (stuck).
 46841 | Depths:2 | 46841 ||| Stepping randomly (stuck).
 46842 | Depths:2 | 46842 ||| Stepping randomly (stuck).
 46843 | Depths:2 | 46843 ||| Stepping randomly (stuck).
 46844 | Depths:2 | 46844 ||| Stepping randomly (stuck).
 46846 | Depths:2 | 46846 ||| Stepping randomly (stuck).
 46847 | Depths:2 | 46847 ||| Stepping randomly (stuck).
 46848 | Depths:2 | 46848 ||| Stepping randomly (stuck).
 46850 | Depths:2 | 46850 ||| Stepping randomly (stuck).
 46852 | Depths:2 | 46852 ||| Stepping randomly (stuck).
 46854 | Depths:2 | 46854 ||| Stepping randomly (stuck).
 46855 | Depths:2 | 46855 ||| Stepping randomly (stuck).
 46856 | Depths:2 | 46856 ||| Stepping randomly (stuck).
 46857 | Depths:2 | 46857 ||| Stepping randomly (stuck).
 46858 | Depths:2 | 46858 ||| Stepping randomly (stuck).
 46859 | Depths:2 | 46859 ||| Stepping randomly (stuck).
 46861 | Depths:2 | 46861 ||| Stepping randomly (stuck).
 46862 | Depths:2 | 46862 ||| Stepping randomly (stuck).
 46863 | Depths:2 | 46863 ||| Stepping randomly (stuck).
 46864 | Depths:2 | 46864 ||| Stepping randomly (stuck).
 46865 | Depths:2 | 46865 ||| Stepping randomly (stuck).
 46867 | Depths:2 | 46867 ||| Stepping randomly (stuck).
 46868 | Depths:2 | 46868 ||| Stepping randomly (stuck).
 46870 | Depths:2 | 46870 ||| Stepping randomly (stuck).
 46871 | Depths:2 | 46871 ||| Stepping randomly (stuck).
 46873 | Depths:2 | 46873 ||| Stepping randomly (stuck).
 46874 | Depths:2 | 46874 ||| Stepping randomly (stuck).
 46875 | Depths:2 | 46875 ||| Stepping randomly (stuck).
 46876 | Depths:2 | 46876 ||| Stepping randomly (stuck).
 46877 | Depths:2 | 46877 ||| Stepping randomly (stuck).
 46878 | Depths:2 | 46878 ||| Stepping randomly (stuck).
 46879 | Depths:2 | 46879 ||| Stepping randomly (stuck).
 46881 | Depths:2 | 46881 ||| Stepping randomly (stuck).
 46883 | Depths:2 | 46883 ||| Stepping randomly (stuck).
 46884 | Depths:2 | 46884 ||| Stepping randomly (stuck).
 46885 | Depths:2 | 46885 ||| Stepping randomly (stuck).
 46886 | Depths:2 | 46886 ||| Stepping randomly (stuck).
 46887 | Depths:2 | 46887 ||| Stepping randomly (stuck).
 46888 | Depths:2 | 46888 ||| Stepping randomly (stuck).
 46889 | Depths:2 | 46889 ||| Stepping randomly (stuck).
 46890 | Depths:2 | 46890 ||| Stepping randomly (stuck).
 46891 | Depths:2 | 46891 ||| Stepping randomly (stuck).
 46892 | Depths:2 | 46892 ||| Stepping randomly (stuck).
 46893 | Depths:2 | 46893 ||| Stepping randomly (stuck).
 46895 | Depths:2 | 46895 ||| Stepping randomly (stuck).
 46897 | Depths:2 | 46897 ||| Stepping randomly (stuck).
 46898 | Depths:2 | 46898 ||| Stepping randomly (stuck).
 46899 | Depths:2 | 46899 ||| Stepping randomly (stuck).
 46900 | Depths:2 | 46900 ||| Stepping randomly (stuck).
 46901 | Depths:2 | 46901 ||| Stepping randomly (stuck).
 46902 | Depths:2 | 46902 ||| Stepping randomly (stuck).
 46903 | Depths:2 | 46903 ||| Stepping randomly (stuck).
 46905 | Depths:2 | 46905 ||| Stepping randomly (stuck).
 46906 | Depths:2 | 46906 ||| Stepping randomly (stuck).
 46907 | Depths:2 | 46907 ||| Stepping randomly (stuck).
 46908 | Depths:2 | 46908 ||| Stepping randomly (stuck).
 46909 | Depths:2 | 46909 ||| Stepping randomly (stuck).
 46910 | Depths:2 | 46910 ||| Stepping randomly (stuck).
 46911 | Depths:2 | 46911 ||| Stepping randomly (stuck).
 46912 | Depths:2 | 46912 ||| Stepping randomly (stuck).
 46913 | Depths:2 | 46913 ||| Stepping randomly (stuck).
 46914 | Depths:2 | 46914 ||| Stepping randomly (stuck).
 46915 | Depths:2 | 46915 ||| Stepping randomly (stuck).
 46916 | Depths:2 | 46916 ||| Stepping randomly (stuck).
 46918 | Depths:2 | 46918 ||| Stepping randomly (stuck).
 46920 | Depths:2 | 46920 ||| Stepping randomly (stuck).
 46922 | Depths:2 | 46922 ||| Stepping randomly (stuck).
 46923 | Depths:2 | 46923 ||| Stepping randomly (stuck).
 46925 | Depths:2 | 46925 ||| Stepping randomly (stuck).
 46927 | Depths:2 | 46927 ||| Stepping randomly (stuck).
 46929 | Depths:2 | 46929 ||| Stepping randomly (stuck).
 46930 | Depths:2 | 46930 ||| Stepping randomly (stuck).
 46931 | Depths:2 | 46931 ||| Stepping randomly (stuck).
 46932 | Depths:2 | 46932 ||| Stepping randomly (stuck).
 46933 | Depths:2 | 46933 ||| Stepping randomly (stuck).
 46934 | Depths:2 | 46934 ||| Stepping randomly (stuck).
 46936 | Depths:2 | 46936 ||| Stepping randomly (stuck).
 46938 | Depths:2 | 46938 ||| Stepping randomly (stuck).
 46940 | Depths:2 | 46940 ||| Stepping randomly (stuck).
 46942 | Depths:2 | 46942 ||| Stepping randomly (stuck).
 46944 | Depths:2 | 46944 ||| Stepping randomly (stuck).
 46946 | Depths:2 | 46946 ||| Stepping randomly (stuck).
 46947 | Depths:2 | 46947 ||| Stepping randomly (stuck).
 46948 | Depths:2 | 46948 ||| Stepping randomly (stuck).
 46949 | Depths:2 | 46949 ||| Stepping randomly (stuck).
 46950 | Depths:2 | 46950 ||| Stepping randomly (stuck).
 46951 | Depths:2 | 46951 ||| Stepping randomly (stuck).
 46953 | Depths:2 | 46953 ||| Stepping randomly (stuck).
 46955 | Depths:2 | 46955 ||| Stepping randomly (stuck).
 46957 | Depths:2 | 46957 ||| Stepping randomly (stuck).
 46959 | Depths:2 | 46959 ||| Stepping randomly (stuck).
 46960 | Depths:2 | 46960 ||| Stepping randomly (stuck).
 46961 | Depths:2 | 46961 ||| Stepping randomly (stuck).
 46962 | Depths:2 | 46962 ||| Stepping randomly (stuck).
 46964 | Depths:2 | 46964 ||| Stepping randomly (stuck).
 46965 | Depths:2 | 46965 ||| Stepping randomly (stuck).
 46966 | Depths:2 | 46966 ||| Stepping randomly (stuck).
 46967 | Depths:2 | 46967 ||| Stepping randomly (stuck).
 46969 | Depths:2 | 46969 ||| Stepping randomly (stuck).
 46970 | Depths:2 | 46970 ||| Stepping randomly (stuck).
 46972 | Depths:2 | 46972 ||| Stepping randomly (stuck).
 46974 | Depths:2 | 46974 ||| Stepping randomly (stuck).
 46976 | Depths:2 | 46976 ||| Stepping randomly (stuck).
 46978 | Depths:2 | 46978 ||| Stepping randomly (stuck).
 46979 | Depths:2 | 46979 ||| Stepping randomly (stuck).
 46980 | Depths:2 | 46980 ||| Stepping randomly (stuck).
 46981 | Depths:2 | 46981 ||| Stepping randomly (stuck).
 46982 | Depths:2 | 46982 ||| Stepping randomly (stuck).
 46984 | Depths:2 | 46984 ||| Stepping randomly (stuck).
 46986 | Depths:2 | 46986 ||| Stepping randomly (stuck).
 46988 | Depths:2 | 46988 ||| Stepping randomly (stuck).
 46990 | Depths:2 | 46990 ||| Stepping randomly (stuck).
 46991 | Depths:2 | 46991 ||| Stepping randomly (stuck).
 46993 | Depths:2 | 46993 ||| Stepping randomly (stuck).
 46994 | Depths:2 | 46994 ||| Stepping randomly (stuck).
 46995 | Depths:2 | 46995 ||| Stepping randomly (stuck).
 46996 | Depths:2 | 46996 ||| Stepping randomly (stuck).
 46997 | Depths:2 | 46997 ||| Stepping randomly (stuck).
 46998 | Depths:2 | 46998 ||| Stepping randomly (stuck).
 46999 | Depths:2 | 46999 ||| Stepping randomly (stuck).
 47000 | Depths:2 | 47000 ||| Stepping randomly (stuck).
 47001 | Depths:2 | 47001 ||| Stepping randomly (stuck).
 47003 | Depths:2 | 47003 ||| Stepping randomly (stuck).
 47005 | Depths:2 | 47005 ||| Stepping randomly (stuck).
 47007 | Depths:2 | 47007 ||| Stepping randomly (stuck).
 47008 | Depths:2 | 47008 ||| Stepping randomly (stuck).
 47009 | Depths:2 | 47009 ||| Stepping randomly (stuck).
 47011 | Depths:2 | 47011 ||| Stepping randomly (stuck).
 47013 | Depths:2 | 47013 ||| Stepping randomly (stuck).
 47015 | Depths:2 | 47015 ||| Stepping randomly (stuck).
 47017 | Depths:2 | 47017 ||| Stepping randomly (stuck).
 47018 | Depths:2 | 47018 ||| Stepping randomly (stuck).
 47020 | Depths:2 | 47020 ||| Stepping randomly (stuck).
 47021 | Depths:2 | 47021 ||| Stepping randomly (stuck).
 47022 | Depths:2 | 47022 ||| Stepping randomly (stuck).
 47023 | Depths:2 | 47023 ||| Stepping randomly (stuck).
 47025 | Depths:2 | 47025 ||| Stepping randomly (stuck).
 47027 | Depths:2 | 47027 ||| Stepping randomly (stuck).
 47028 | Depths:2 | 47028 ||| Stepping randomly (stuck).
 47029 | Depths:2 | 47029 ||| Stepping randomly (stuck).
 47030 | Depths:2 | 47030 ||| Stepping randomly (stuck).
 47031 | Depths:2 | 47031 ||| Stepping randomly (stuck).
 47032 | Depths:2 | 47032 ||| Stepping randomly (stuck).
 47033 | Depths:2 | 47033 ||| Stepping randomly (stuck).
 47035 | Depths:2 | 47035 ||| Stepping randomly (stuck).
 47036 | Depths:2 | 47036 ||| Stepping randomly (stuck).
 47038 | Depths:2 | 47038 ||| Stepping randomly (stuck).
 47040 | Depths:2 | 47040 ||| Stepping randomly (stuck).
 47042 | Depths:2 | 47042 ||| Stepping randomly (stuck).
 47044 | Depths:2 | 47044 ||| Stepping randomly (stuck).
 47045 | Depths:2 | 47045 ||| Stepping randomly (stuck).
 47046 | Depths:2 | 47046 ||| Stepping randomly (stuck).
 47047 | Depths:2 | 47047 ||| Stepping randomly (stuck).
 47048 | Depths:2 | 47048 ||| Stepping randomly (stuck).
 47049 | Depths:2 | 47049 ||| Stepping randomly (stuck).
 47051 | Depths:2 | 47051 ||| Stepping randomly (stuck).
 47052 | Depths:2 | 47052 ||| Stepping randomly (stuck).
 47053 | Depths:2 | 47053 ||| Stepping randomly (stuck).
 47055 | Depths:2 | 47055 ||| Stepping randomly (stuck).
 47057 | Depths:2 | 47057 ||| Stepping randomly (stuck).
 47058 | Depths:2 | 47058 ||| Stepping randomly (stuck).
 47059 | Depths:2 | 47059 ||| Stepping randomly (stuck).
 47060 | Depths:2 | 47060 ||| Stepping randomly (stuck).
 47061 | Depths:2 | 47061 ||| Stepping randomly (stuck).
 47063 | Depths:2 | 47063 ||| Stepping randomly (stuck).
 47064 | Depths:2 | 47064 ||| Stepping randomly (stuck).
 47065 | Depths:2 | 47065 ||| Stepping randomly (stuck).
 47066 | Depths:2 | 47066 ||| Stepping randomly (stuck).
 47067 | Depths:2 | 47067 ||| Stepping randomly (stuck).
 47068 | Depths:2 | 47068 ||| Stepping randomly (stuck).
 47069 | Depths:2 | 47069 ||| Stepping randomly (stuck).
 47070 | Depths:2 | 47070 ||| Stepping randomly (stuck).
 47072 | Depths:2 | 47072 ||| Stepping randomly (stuck).
 47074 | Depths:2 | 47074 ||| Stepping randomly (stuck).
 47075 | Depths:2 | 47075 ||| Stepping randomly (stuck).
 47076 | Depths:2 | 47076 ||| Stepping randomly (stuck).
 47077 | Depths:2 | 47077 ||| Stepping randomly (stuck).
 47078 | Depths:2 | 47078 ||| Stepping randomly (stuck).
 47079 | Depths:2 | 47079 ||| Stepping randomly (stuck).
 47080 | Depths:2 | 47080 ||| Stepping randomly (stuck).
 47081 | Depths:2 | 47081 ||| Stepping randomly (stuck).
 47082 | Depths:2 | 47082 ||| Stepping randomly (stuck).
 47084 | Depths:2 | 47084 ||| Stepping randomly (stuck).
 47085 | Depths:2 | 47085 ||| Stepping randomly (stuck).
 47087 | Depths:2 | 47087 ||| Stepping randomly (stuck).
 47088 | Depths:2 | 47088 ||| Stepping randomly (stuck).
 47089 | Depths:2 | 47089 ||| Stepping randomly (stuck).
 47090 | Depths:2 | 47090 ||| Stepping randomly (stuck).
 47091 | Depths:2 | 47091 ||| Stepping randomly (stuck).
 47092 | Depths:2 | 47092 ||| Stepping randomly (stuck).
 47093 | Depths:2 | 47093 ||| Stepping randomly (stuck).
 47094 | Depths:2 | 47094 ||| Stepping randomly (stuck).
 47095 | Depths:2 | 47095 ||| Stepping randomly (stuck).
 47096 | Depths:2 | 47096 ||| Stepping randomly (stuck).
 47098 | Depths:2 | 47098 ||| Stepping randomly (stuck).
 47099 | Depths:2 | 47099 ||| Stepping randomly (stuck).
 47100 | Depths:2 | 47100 ||| Stepping randomly (stuck).
 47101 | Depths:2 | 47101 ||| Stepping randomly (stuck).
 47102 | Depths:2 | 47102 ||| Stepping randomly (stuck).
 47103 | Depths:2 | 47103 ||| Stepping randomly (stuck).
 47104 | Depths:2 | 47104 ||| Stepping randomly (stuck).
 47106 | Depths:2 | 47106 ||| Stepping randomly (stuck).
 47107 | Depths:2 | 47107 ||| Stepping randomly (stuck).
 47108 | Depths:2 | 47108 ||| Stepping randomly (stuck).
 47110 | Depths:2 | 47110 ||| Stepping randomly (stuck).
 47111 | Depths:2 | 47111 ||| Stepping randomly (stuck).
 47112 | Depths:2 | 47112 ||| Stepping randomly (stuck).
 47113 | Depths:2 | 47113 ||| Stepping randomly (stuck).
 47115 | Depths:2 | 47115 ||| Stepping randomly (stuck).
 47116 | Depths:2 | 47116 ||| Stepping randomly (stuck).
 47117 | Depths:2 | 47117 ||| Stepping randomly (stuck).
 47118 | Depths:2 | 47118 ||| Stepping randomly (stuck).
 47119 | Depths:2 | 47119 ||| Stepping randomly (stuck).
 47120 | Depths:2 | 47120 ||| Stepping randomly (stuck).
 47121 | Depths:2 | 47121 ||| Stepping randomly (stuck).
 47122 | Depths:2 | 47122 ||| Stepping randomly (stuck).
 47123 | Depths:2 | 47123 ||| Stepping randomly (stuck).
 47124 | Depths:2 | 47124 ||| Stepping randomly (stuck).
 47125 | Depths:2 | 47125 ||| Stepping randomly (stuck).
 47126 | Depths:2 | 47126 ||| Stepping randomly (stuck).
 47127 | Depths:2 | 47127 ||| Stepping randomly (stuck).
 47128 | Depths:2 | 47128 ||| Stepping randomly (stuck).
 47129 | Depths:2 | 47129 ||| Stepping randomly (stuck).
 47131 | Depths:2 | 47131 ||| Stepping randomly (stuck).
 47133 | Depths:2 | 47133 ||| Stepping randomly (stuck).
 47134 | Depths:2 | 47134 ||| Stepping randomly (stuck).
 47135 | Depths:2 | 47135 ||| Stepping randomly (stuck).
 47137 | Depths:2 | 47137 ||| Stepping randomly (stuck).
 47139 | Depths:2 | 47139 ||| Stepping randomly (stuck).
 47141 | Depths:2 | 47141 ||| Stepping randomly (stuck).
 47142 | Depths:2 | 47142 ||| Stepping randomly (stuck).
 47143 | Depths:2 | 47143 ||| Stepping randomly (stuck).
 47145 | Depths:2 | 47145 ||| Stepping randomly (stuck).
 47147 | Depths:2 | 47147 ||| Stepping randomly (stuck).
 47149 | Depths:2 | 47149 ||| Stepping randomly (stuck).
 47150 | Depths:2 | 47150 ||| Stepping randomly (stuck).
 47151 | Depths:2 | 47151 ||| Stepping randomly (stuck).
 47152 | Depths:2 | 47152 ||| Stepping randomly (stuck).
 47154 | Depths:2 | 47154 ||| Stepping randomly (stuck).
 47156 | Depths:2 | 47156 ||| Stepping randomly (stuck).
 47158 | Depths:2 | 47158 ||| Stepping randomly (stuck).
 47160 | Depths:2 | 47160 ||| Stepping randomly (stuck).
 47162 | Depths:2 | 47162 ||| Stepping randomly (stuck).
 47164 | Depths:2 | 47164 ||| Stepping randomly (stuck).
 47166 | Depths:2 | 47166 ||| Stepping randomly (stuck).
 47167 | Depths:2 | 47167 ||| Stepping randomly (stuck).
 47168 | Depths:2 | 47168 ||| Stepping randomly (stuck).
 47170 | Depths:2 | 47170 ||| Stepping randomly (stuck).
 47172 | Depths:2 | 47172 ||| Stepping randomly (stuck).
 47173 | Depths:2 | 47173 ||| Stepping randomly (stuck).
 47174 | Depths:2 | 47174 ||| Stepping randomly (stuck).
 47175 | Depths:2 | 47175 ||| Stepping ~*~*~tactically~*~*~ (stealth).
 47176 | Depths:2 | 47176 ||| Stepping ~*~*~tactically~*~*~ (stealth).
 47177 | Depths:2 | 47177 ||| Stepping randomly (stuck).
 47179 | Depths:2 | 47179 ||| Stepping randomly (stuck).
 47180 | Depths:2 | 47180 ||| Stepping randomly (stuck).
 47181 | Depths:2 | 47181 ||| Stepping randomly (stuck).
 47182 | Depths:2 | 47182 ||| Stepping randomly (stuck).
 47184 | Depths:2 | 47184 ||| Stepping randomly (stuck).
 47186 | Depths:2 | 47186 ||| Stepping randomly (stuck).
 47187 | Depths:2 | 47187 ||| Stepping randomly (stuck).
 47188 | Depths:2 | 47188 ||| Stepping randomly (stuck).
 47189 | Depths:2 | 47189 ||| Stepping randomly (stuck).
 47190 | Depths:2 | 47190 ||| Stepping randomly (stuck).
 47205 | Depths:2 | 47205 ||| Stepping randomly (stuck).
 47206 | Depths:2 | 47206 ||| Stepping randomly (stuck).
 47207 | Depths:2 | 47207 ||| Stepping randomly (stuck).
 47208 | Depths:2 | 47208 ||| Stepping randomly (stuck).
 47209 | Depths:2 | 47209 ||| Stepping randomly (stuck).
 47210 | Depths:2 | 47210 ||| Stepping randomly (stuck).
 47211 | Depths:2 | 47211 ||| Stepping randomly (stuck).
 47212 | Depths:2 | 47212 ||| Stepping randomly (stuck).
 47214 | Depths:2 | 47214 ||| Stepping randomly (stuck).
 47216 | Depths:2 | 47216 ||| Stepping randomly (stuck).
 47218 | Depths:2 | 47218 ||| Stepping randomly (stuck).
 47220 | Depths:2 | 47220 ||| Stepping randomly (stuck).
 47221 | Depths:2 | 47221 ||| Stepping randomly (stuck).
 47222 | Depths:2 | 47222 ||| Stepping randomly (stuck).
 47224 | Depths:2 | 47224 ||| Stepping randomly (stuck).
 47225 | Depths:2 | 47225 ||| Stepping randomly (stuck).
 47226 | Depths:2 | 47226 ||| Stepping randomly (stuck).
 47227 | Depths:2 | 47227 ||| Stepping randomly (stuck).
 47228 | Depths:2 | 47228 ||| Stepping randomly (stuck).
 47229 | Depths:2 | 47229 ||| Stepping randomly (stuck).
 47230 | Depths:2 | 47230 ||| Stepping randomly (stuck).
 47231 | Depths:2 | 47231 ||| Stepping randomly (stuck).
 47232 | Depths:2 | 47232 ||| Stepping randomly (stuck).
 47233 | Depths:2 | 47233 ||| Stepping randomly (stuck).
 47234 | Depths:2 | 47234 ||| Stepping randomly (stuck).
 47235 | Depths:2 | 47235 ||| Stepping randomly (stuck).
 47236 | Depths:2 | 47236 ||| Stepping randomly (stuck).
 47237 | Depths:2 | 47237 ||| Stepping randomly (stuck).
 47238 | Depths:2 | 47238 ||| Stepping randomly (stuck).
 47239 | Depths:2 | 47239 ||| Stepping randomly (stuck).
 47241 | Depths:2 | 47241 ||| Stepping randomly (stuck).
 47242 | Depths:2 | 47242 ||| Stepping randomly (stuck).
 47243 | Depths:2 | 47243 ||| Stepping randomly (stuck).
 47244 | Depths:2 | 47244 ||| Stepping randomly (stuck).
 47245 | Depths:2 | 47245 ||| Stepping randomly (stuck).
 47246 | Depths:2 | 47246 ||| Stepping randomly (stuck).
 47247 | Depths:2 | 47247 ||| Stepping randomly (stuck).
 47248 | Depths:2 | 47248 ||| Stepping randomly (stuck).
 47249 | Depths:2 | 47249 ||| Stepping randomly (stuck).
 47250 | Depths:2 | 47250 ||| Stepping randomly (stuck).
 47251 | Depths:2 | 47251 ||| Stepping randomly (stuck).
 47252 | Depths:2 | 47252 ||| Stepping randomly (stuck).
 47253 | Depths:2 | 47253 ||| Stepping randomly (stuck).
 47254 | Depths:2 | 47254 ||| Stepping randomly (stuck).
 47255 | Depths:2 | 47255 ||| Stepping randomly (stuck).
 47256 | Depths:2 | 47256 ||| Stepping randomly (stuck).
 47257 | Depths:2 | 47257 ||| Stepping randomly (stuck).
 47258 | Depths:2 | 47258 ||| Stepping randomly (stuck).
 47259 | Depths:2 | 47259 ||| Stepping randomly (stuck).
 47260 | Depths:2 | 47260 ||| Stepping randomly (stuck).
 47261 | Depths:2 | 47261 ||| Stepping randomly (stuck).
 47263 | Depths:2 | 47263 ||| Stepping randomly (stuck).
 47264 | Depths:2 | 47264 ||| Stepping randomly (stuck).
 47265 | Depths:2 | 47265 ||| Stepping randomly (stuck).
 47266 | Depths:2 | 47266 ||| Stepping randomly (stuck).
 47267 | Depths:2 | 47267 ||| Stepping randomly (stuck).
 47268 | Depths:2 | 47268 ||| Stepping randomly (stuck).
 47269 | Depths:2 | 47269 ||| Stepping randomly (stuck).
 47270 | Depths:2 | 47270 ||| Stepping randomly (stuck).
 47271 | Depths:2 | 47271 ||| Stepping randomly (stuck).
 47272 | Depths:2 | 47272 ||| Stepping randomly (stuck).
 47273 | Depths:2 | 47273 ||| Stepping randomly (stuck).
 47274 | Depths:2 | 47274 ||| Stepping randomly (stuck).
 47276 | Depths:2 | 47276 ||| Stepping randomly (stuck).
 47277 | Depths:2 | 47277 ||| Stepping randomly (stuck).
 47278 | Depths:2 | 47278 ||| Stepping randomly (stuck).
 47279 | Depths:2 | 47279 ||| Stepping randomly (stuck).
 47281 | Depths:2 | 47281 ||| Stepping randomly (stuck).
 47282 | Depths:2 | 47282 ||| Stepping randomly (stuck).
 47283 | Depths:2 | 47283 ||| Stepping randomly (stuck).
 47285 | Depths:2 | 47285 ||| Stepping randomly (stuck).
 47286 | Depths:2 | 47286 ||| Stepping randomly (stuck).
 47287 | Depths:2 | 47287 ||| Stepping randomly (stuck).
 47288 | Depths:2 | 47288 ||| Stepping randomly (stuck).
 47289 | Depths:2 | 47289 ||| Stepping randomly (stuck).
 47290 | Depths:2 | 47290 ||| Stepping randomly (stuck).
 47291 | Depths:2 | 47291 ||| Stepping randomly (stuck).
 47292 | Depths:2 | 47292 ||| Stepping randomly (stuck).
 47293 | Depths:2 | 47293 ||| Stepping randomly (stuck).
 47294 | Depths:2 | 47294 ||| Stepping randomly (stuck).
 47296 | Depths:2 | 47296 ||| Stepping randomly (stuck).
 47297 | Depths:2 | 47297 ||| Stepping randomly (stuck).
 47298 | Depths:2 | 47298 ||| Stepping randomly (stuck).
 47299 | Depths:2 | 47299 ||| Stepping randomly (stuck).
 47300 | Depths:2 | 47300 ||| Stepping randomly (stuck).
 47301 | Depths:2 | 47301 ||| Stepping randomly (stuck).
 47302 | Depths:2 | 47302 ||| Stepping randomly (stuck).
 47303 | Depths:2 | 47303 ||| Stepping randomly (stuck).
 47304 | Depths:2 | 47304 ||| Stepping randomly (stuck).
 47305 | Depths:2 | 47305 ||| Stepping randomly (stuck).
 47306 | Depths:2 | 47306 ||| Stepping randomly (stuck).
 47308 | Depths:2 | 47308 ||| Stepping randomly (stuck).
 47309 | Depths:2 | 47309 ||| Stepping randomly (stuck).
 47310 | Depths:2 | 47310 ||| Stepping randomly (stuck).
 47311 | Depths:2 | 47311 ||| Stepping randomly (stuck).
 47312 | Depths:2 | 47312 ||| Stepping randomly (stuck).
 47313 | Depths:2 | 47313 ||| Stepping randomly (stuck).
 47314 | Depths:2 | 47314 ||| Stepping randomly (stuck).
 47315 | Depths:2 | 47315 ||| Stepping randomly (stuck).
 47316 | Depths:2 | 47316 ||| Stepping randomly (stuck).
 47317 | Depths:2 | 47317 ||| Stepping randomly (stuck).
 47318 | Depths:2 | 47318 ||| Stepping randomly (stuck).
 47319 | Depths:2 | 47319 ||| Stepping randomly (stuck).
 47320 | Depths:2 | 47320 ||| Stepping randomly (stuck).
 47321 | Depths:2 | 47321 ||| Stepping randomly (stuck).
 47322 | Depths:2 | 47322 ||| Stepping randomly (stuck).
 47324 | Depths:2 | 47324 ||| Stepping randomly (stuck).
 47325 | Depths:2 | 47325 ||| Stepping randomly (stuck).
 47326 | Depths:2 | 47326 ||| Stepping randomly (stuck).
 47327 | Depths:2 | 47327 ||| Stepping randomly (stuck).
 47328 | Depths:2 | 47328 ||| Stepping randomly (stuck).
 47329 | Depths:2 | 47329 ||| Stepping randomly (stuck).
 47330 | Depths:2 | 47330 ||| Stepping randomly (stuck).
 47331 | Depths:2 | 47331 ||| Stepping randomly (stuck).
 47332 | Depths:2 | 47332 ||| Stepping randomly (stuck).
 47334 | Depths:2 | 47334 ||| Stepping randomly (stuck).
 47335 | Depths:2 | 47335 ||| Stepping randomly (stuck).
 47336 | Depths:2 | 47336 ||| Stepping randomly (stuck).
 47337 | Depths:2 | 47337 ||| Stepping randomly (stuck).
 47338 | Depths:2 | 47338 ||| Stepping randomly (stuck).
 47339 | Depths:2 | 47339 ||| Stepping randomly (stuck).
 47341 | Depths:2 | 47341 ||| Stepping randomly (stuck).
 47342 | Depths:2 | 47342 ||| Stepping randomly (stuck).
 47344 | Depths:2 | 47344 ||| Stepping randomly (stuck).
 47345 | Depths:2 | 47345 ||| Stepping randomly (stuck).
 47346 | Depths:2 | 47346 ||| Stepping randomly (stuck).
 47347 | Depths:2 | 47347 ||| Stepping randomly (stuck).
 47349 | Depths:2 | 47349 ||| Stepping randomly (stuck).
 47351 | Depths:2 | 47351 ||| Stepping randomly (stuck).
 47353 | Depths:2 | 47353 ||| Stepping randomly (stuck).
 47354 | Depths:2 | 47354 ||| Stepping randomly (stuck).
 47355 | Depths:2 | 47355 ||| Stepping randomly (stuck).
 47356 | Depths:2 | 47356 ||| Stepping randomly (stuck).
 47357 | Depths:2 | 47357 ||| Stepping randomly (stuck).
 47358 | Depths:2 | 47358 ||| Stepping randomly (stuck).
 47359 | Depths:2 | 47359 ||| Stepping randomly (stuck).
 47360 | Depths:2 | 47360 ||| Stepping randomly (stuck).
 47361 | Depths:2 | 47361 ||| Stepping randomly (stuck).
 47362 | Depths:2 | 47362 ||| Stepping randomly (stuck).
 47363 | Depths:2 | 47363 ||| Stepping randomly (stuck).
 47365 | Depths:2 | 47365 ||| Stepping randomly (stuck).
 47366 | Depths:2 | 47366 ||| Stepping randomly (stuck).
 47367 | Depths:2 | 47367 ||| Stepping randomly (stuck).
 47369 | Depths:2 | 47369 ||| Stepping randomly (stuck).
 47371 | Depths:2 | 47371 ||| Stepping randomly (stuck).
 47373 | Depths:2 | 47373 ||| Stepping randomly (stuck).
 47375 | Depths:2 | 47375 ||| Stepping randomly (stuck).
 47376 | Depths:2 | 47376 ||| Stepping randomly (stuck).
 47377 | Depths:2 | 47377 ||| Stepping randomly (stuck).
 47378 | Depths:2 | 47378 ||| Stepping randomly (stuck).
 47379 | Depths:2 | 47379 ||| Stepping randomly (stuck).
 47381 | Depths:2 | 47381 ||| Stepping randomly (stuck).
 47382 | Depths:2 | 47382 ||| Stepping randomly (stuck).
 47383 | Depths:2 | 47383 ||| Stepping randomly (stuck).
 47384 | Depths:2 | 47384 ||| Stepping randomly (stuck).
 47385 | Depths:2 | 47385 ||| Stepping randomly (stuck).
 47386 | Depths:2 | 47386 ||| Stepping randomly (stuck).
 47388 | Depths:2 | 47388 ||| Stepping randomly (stuck).
 47389 | Depths:2 | 47389 ||| Stepping randomly (stuck).
 47390 | Depths:2 | 47390 ||| Stepping randomly (stuck).
 47391 | Depths:2 | 47391 ||| Stepping randomly (stuck).
 47392 | Depths:2 | 47392 ||| Stepping randomly (stuck).
 47393 | Depths:2 | 47393 ||| Stepping randomly (stuck).
 47394 | Depths:2 | 47394 ||| Stepping randomly (stuck).
 47395 | Depths:2 | 47395 ||| Stepping randomly (stuck).
 47396 | Depths:2 | 47396 ||| Stepping randomly (stuck).
 47397 | Depths:2 | 47397 ||| Stepping randomly (stuck).
 47398 | Depths:2 | 47398 ||| Stepping randomly (stuck).
 47399 | Depths:2 | 47399 ||| Stepping randomly (stuck).
 47401 | Depths:2 | 47401 ||| Stepping randomly (stuck).
 47402 | Depths:2 | 47402 ||| Stepping randomly (stuck).
 47403 | Depths:2 | 47403 ||| Stepping randomly (stuck).
 47404 | Depths:2 | 47404 ||| Stepping randomly (stuck).
 47405 | Depths:2 | 47405 ||| Stepping randomly (stuck).
 47406 | Depths:2 | 47406 ||| Stepping randomly (stuck).
 47407 | Depths:2 | 47407 ||| Stepping randomly (stuck).
 47408 | Depths:2 | 47408 ||| Stepping randomly (stuck).
 47409 | Depths:2 | 47409 ||| Stepping randomly (stuck).
 47410 | Depths:2 | 47410 ||| Stepping randomly (stuck).
 47411 | Depths:2 | 47411 ||| Stepping randomly (stuck).
 47413 | Depths:2 | 47413 ||| Stepping randomly (stuck).
 47414 | Depths:2 | 47414 ||| Stepping randomly (stuck).
 47415 | Depths:2 | 47415 ||| Stepping randomly (stuck).
 47416 | Depths:2 | 47416 ||| Stepping randomly (stuck).
 47417 | Depths:2 | 47417 ||| Stepping randomly (stuck).
 47418 | Depths:2 | 47418 ||| Stepping randomly (stuck).
 47419 | Depths:2 | 47419 ||| Stepping randomly (stuck).
 47420 | Depths:2 | 47420 ||| Stepping randomly (stuck).
 47421 | Depths:2 | 47421 ||| Stepping randomly (stuck).
 47423 | Depths:2 | 47423 ||| Stepping randomly (stuck).
 47424 | Depths:2 | 47424 ||| Stepping randomly (stuck).
 47426 | Depths:2 | 47426 ||| Stepping randomly (stuck).
 47428 | Depths:2 | 47428 ||| Stepping randomly (stuck).
 47430 | Depths:2 | 47430 ||| Stepping randomly (stuck).
 47431 | Depths:2 | 47431 ||| Stepping randomly (stuck).
 47432 | Depths:2 | 47432 ||| Stepping randomly (stuck).
 47433 | Depths:2 | 47433 ||| Stepping randomly (stuck).
 47434 | Depths:2 | 47434 ||| Stepping randomly (stuck).
 47435 | Depths:2 | 47435 ||| Stepping randomly (stuck).
 47436 | Depths:2 | 47436 ||| Stepping randomly (stuck).
 47437 | Depths:2 | 47437 ||| Stepping randomly (stuck).
 47438 | Depths:2 | 47438 ||| Stepping randomly (stuck).
 47439 | Depths:2 | 47439 ||| Stepping randomly (stuck).
 47440 | Depths:2 | 47440 ||| Stepping randomly (stuck).
 47441 | Depths:2 | 47441 ||| Stepping randomly (stuck).
 47442 | Depths:2 | 47442 ||| Stepping randomly (stuck).
 47443 | Depths:2 | 47443 ||| Stepping randomly (stuck).
 47444 | Depths:2 | 47444 ||| Stepping randomly (stuck).
 47445 | Depths:2 | 47445 ||| Stepping randomly (stuck).
 47446 | Depths:2 | 47446 ||| Stepping randomly (stuck).
 47447 | Depths:2 | 47447 ||| Stepping randomly (stuck).
 47448 | Depths:2 | 47448 ||| Stepping randomly (stuck).
 47449 | Depths:2 | 47449 ||| Stepping randomly (stuck).
 47450 | Depths:2 | 47450 ||| Stepping randomly (stuck).
 47451 | Depths:2 | 47451 ||| Stepping randomly (stuck).
 47452 | Depths:2 | 47452 ||| Stepping randomly (stuck).
 47453 | Depths:2 | 47453 ||| Stepping randomly (stuck).
 47455 | Depths:2 | 47455 ||| Stepping randomly (stuck).
 47456 | Depths:2 | 47456 ||| Stepping randomly (stuck).
 47457 | Depths:2 | 47457 ||| Stepping randomly (stuck).
 47458 | Depths:2 | 47458 ||| Stepping randomly (stuck).
 47459 | Depths:2 | 47459 ||| Stepping randomly (stuck).
 47460 | Depths:2 | 47460 ||| Stepping randomly (stuck).
 47461 | Depths:2 | 47461 ||| Stepping randomly (stuck).
 47462 | Depths:2 | 47462 ||| Stepping randomly (stuck).
 47463 | Depths:2 | 47463 ||| Stepping randomly (stuck).
 47464 | Depths:2 | 47464 ||| Stepping randomly (stuck).
 47465 | Depths:2 | 47465 ||| Stepping randomly (stuck).
 47466 | Depths:2 | 47466 ||| Stepping randomly (stuck).
 47468 | Depths:2 | 47468 ||| Stepping randomly (stuck).
 47469 | Depths:2 | 47469 ||| Stepping randomly (stuck).
 47470 | Depths:2 | 47470 ||| Stepping randomly (stuck).
 47471 | Depths:2 | 47471 ||| Stepping randomly (stuck).
 47472 | Depths:2 | 47472 ||| Stepping randomly (stuck).
 47473 | Depths:2 | 47473 ||| Stepping randomly (stuck).
 47474 | Depths:2 | 47474 ||| Stepping randomly (stuck).
 47475 | Depths:2 | 47475 ||| Stepping randomly (stuck).
 47476 | Depths:2 | 47476 ||| Stepping randomly (stuck).
 47477 | Depths:2 | 47477 ||| Stepping randomly (stuck).
 47478 | Depths:2 | 47478 ||| Stepping randomly (stuck).
 47479 | Depths:2 | 47479 ||| Stepping randomly (stuck).
 47480 | Depths:2 | 47480 ||| Stepping randomly (stuck).
 47481 | Depths:2 | 47481 ||| Stepping randomly (stuck).
 47483 | Depths:2 | 47483 ||| Stepping randomly (stuck).
 47485 | Depths:2 | 47485 ||| Stepping randomly (stuck).
 47487 | Depths:2 | 47487 ||| Stepping randomly (stuck).
 47488 | Depths:2 | 47488 ||| Stepping randomly (stuck).
 47489 | Depths:2 | 47489 ||| Stepping randomly (stuck).
 47490 | Depths:2 | 47490 ||| Stepping randomly (stuck).
 47491 | Depths:2 | 47491 ||| Stepping randomly (stuck).
 47492 | Depths:2 | 47492 ||| Stepping randomly (stuck).
 47493 | Depths:2 | 47493 ||| Stepping randomly (stuck).
 47494 | Depths:2 | 47494 ||| Stepping randomly (stuck).
 47495 | Depths:2 | 47495 ||| Stepping randomly (stuck).
 47496 | Depths:2 | 47496 ||| Stepping randomly (stuck).
 47497 | Depths:2 | 47497 ||| Stepping randomly (stuck).
 47498 | Depths:2 | 47498 ||| Stepping randomly (stuck).
 47499 | Depths:2 | 47499 ||| Stepping randomly (stuck).
 47501 | Depths:2 | 47501 ||| Stepping randomly (stuck).
 47502 | Depths:2 | 47502 ||| Stepping randomly (stuck).
 47503 | Depths:2 | 47503 ||| Stepping randomly (stuck).
 47504 | Depths:2 | 47504 ||| Stepping randomly (stuck).
 47505 | Depths:2 | 47505 ||| Stepping randomly (stuck).
 47507 | Depths:2 | 47507 ||| Stepping randomly (stuck).
 47508 | Depths:2 | 47508 ||| Stepping randomly (stuck).
 47510 | Depths:2 | 47510 ||| Stepping randomly (stuck).
 47511 | Depths:2 | 47511 ||| Stepping randomly (stuck).
 47512 | Depths:2 | 47512 ||| Stepping randomly (stuck).
 47513 | Depths:2 | 47513 ||| Stepping randomly (stuck).
 47515 | Depths:2 | 47515 ||| Stepping randomly (stuck).
 47516 | Depths:2 | 47516 ||| Stepping randomly (stuck).
 47517 | Depths:2 | 47517 ||| Stepping randomly (stuck).
 47518 | Depths:2 | 47518 ||| Stepping randomly (stuck).
 47519 | Depths:2 | 47519 ||| Stepping randomly (stuck).
 47520 | Depths:2 | 47520 ||| Stepping randomly (stuck).
 47521 | Depths:2 | 47521 ||| Stepping randomly (stuck).
 47522 | Depths:2 | 47522 ||| Stepping randomly (stuck).
 47523 | Depths:2 | 47523 ||| Stepping randomly (stuck).
 47525 | Depths:2 | 47525 ||| Stepping randomly (stuck).
 47526 | Depths:2 | 47526 ||| Stepping randomly (stuck).
 47528 | Depths:2 | 47528 ||| Stepping randomly (stuck).
 47529 | Depths:2 | 47529 ||| Stepping randomly (stuck).
 47531 | Depths:2 | 47531 ||| Stepping randomly (stuck).
 47533 | Depths:2 | 47533 ||| Stepping randomly (stuck).
 47534 | Depths:2 | 47534 ||| Stepping randomly (stuck).
 47535 | Depths:2 | 47535 ||| Stepping randomly (stuck).
 47537 | Depths:2 | 47537 ||| Stepping randomly (stuck).
 47538 | Depths:2 | 47538 ||| Stepping randomly (stuck).
 47539 | Depths:2 | 47539 ||| Stepping randomly (stuck).
 47540 | Depths:2 | 47540 ||| Stepping randomly (stuck).
 47541 | Depths:2 | 47541 ||| Stepping randomly (stuck).
 47542 | Depths:2 | 47542 ||| Stepping randomly (stuck).
 47543 | Depths:2 | 47543 ||| Stepping randomly (stuck).
 47544 | Depths:2 | 47544 ||| Stepping randomly (stuck).
 47545 | Depths:2 | 47545 ||| Stepping randomly (stuck).
 47546 | Depths:2 | 47546 ||| Stepping randomly (stuck).
 47547 | Depths:2 | 47547 ||| Stepping randomly (stuck).
 47548 | Depths:2 | 47548 ||| Stepping randomly (stuck).
 47549 | Depths:2 | 47549 ||| Stepping randomly (stuck).
 47550 | Depths:2 | 47550 ||| Stepping randomly (stuck).
 47551 | Depths:2 | 47551 ||| Stepping randomly (stuck).
 47552 | Depths:2 | 47552 ||| Stepping randomly (stuck).
 47553 | Depths:2 | 47553 ||| Stepping randomly (stuck).
 47554 | Depths:2 | 47554 ||| Stepping randomly (stuck).
 47555 | Depths:2 | 47555 ||| Stepping randomly (stuck).
 47556 | Depths:2 | 47556 ||| Stepping randomly (stuck).
 47557 | Depths:2 | 47557 ||| Stepping randomly (stuck).
 47558 | Depths:2 | 47558 ||| Stepping randomly (stuck).
 47559 | Depths:2 | 47559 ||| Stepping randomly (stuck).
 47560 | Depths:2 | 47560 ||| Stepping randomly (stuck).
 47561 | Depths:2 | 47561 ||| Stepping randomly (stuck).
 47563 | Depths:2 | 47563 ||| Stepping randomly (stuck).
 47564 | Depths:2 | 47564 ||| Stepping randomly (stuck).
 47565 | Depths:2 | 47565 ||| Stepping randomly (stuck).
 47567 | Depths:2 | 47567 ||| Stepping randomly (stuck).
 47568 | Depths:2 | 47568 ||| Stepping randomly (stuck).
 47569 | Depths:2 | 47569 ||| Stepping randomly (stuck).
 47570 | Depths:2 | 47570 ||| Stepping randomly (stuck).
 47571 | Depths:2 | 47571 ||| Stepping randomly (stuck).
 47573 | Depths:2 | 47573 ||| Stepping randomly (stuck).
 47575 | Depths:2 | 47575 ||| Stepping randomly (stuck).
 47577 | Depths:2 | 47577 ||| Stepping randomly (stuck).
 47579 | Depths:2 | 47579 ||| Stepping randomly (stuck).
 47581 | Depths:2 | 47581 ||| Stepping randomly (stuck).
 47583 | Depths:2 | 47583 ||| Stepping randomly (stuck).
 47585 | Depths:2 | 47585 ||| Stepping randomly (stuck).
 47586 | Depths:2 | 47586 ||| Stepping randomly (stuck).
 47587 | Depths:2 | 47587 ||| Stepping randomly (stuck).
 47588 | Depths:2 | 47588 ||| Stepping randomly (stuck).
 47589 | Depths:2 | 47589 ||| Stepping randomly (stuck).
 47591 | Depths:2 | 47591 ||| Stepping randomly (stuck).
 47592 | Depths:2 | 47592 ||| Stepping randomly (stuck).
 47593 | Depths:2 | 47593 ||| Stepping randomly (stuck).
 47594 | Depths:2 | 47594 ||| Stepping randomly (stuck).
 47595 | Depths:2 | 47595 ||| Stepping randomly (stuck).
 47596 | Depths:2 | 47596 ||| Stepping randomly (stuck).
 47597 | Depths:2 | 47597 ||| Stepping randomly (stuck).
 47598 | Depths:2 | 47598 ||| Stepping randomly (stuck).
 47599 | Depths:2 | 47599 ||| Stepping randomly (stuck).
 47600 | Depths:2 | 47600 ||| Stepping randomly (stuck).
 47601 | Depths:2 | 47601 ||| Stepping randomly (stuck).
 47602 | Depths:2 | 47602 ||| Stepping randomly (stuck).
 47604 | Depths:2 | 47604 ||| Stepping randomly (stuck).
 47606 | Depths:2 | 47606 ||| Stepping randomly (stuck).
 47608 | Depths:2 | 47608 ||| Stepping randomly (stuck).
 47610 | Depths:2 | 47610 ||| Stepping randomly (stuck).
 47612 | Depths:2 | 47612 ||| Stepping randomly (stuck).
 47613 | Depths:2 | 47613 ||| Stepping randomly (stuck).
 47614 | Depths:2 | 47614 ||| Stepping randomly (stuck).
 47615 | Depths:2 | 47615 ||| Stepping randomly (stuck).
 47616 | Depths:2 | 47616 ||| Stepping randomly (stuck).
 47618 | Depths:2 | 47618 ||| Stepping randomly (stuck).
 47620 | Depths:2 | 47620 ||| Stepping randomly (stuck).
 47621 | Depths:2 | 47621 ||| Stepping randomly (stuck).
 47622 | Depths:2 | 47622 ||| Stepping randomly (stuck).
 47623 | Depths:2 | 47623 ||| Stepping randomly (stuck).
 47624 | Depths:2 | 47624 ||| Stepping randomly (stuck).
 47625 | Depths:2 | 47625 ||| Stepping randomly (stuck).
 47627 | Depths:2 | 47627 ||| Stepping randomly (stuck).
 47628 | Depths:2 | 47628 ||| Stepping randomly (stuck).
 47629 | Depths:2 | 47629 ||| Stepping randomly (stuck).
 47631 | Depths:2 | 47631 ||| Stepping randomly (stuck).
 47632 | Depths:2 | 47632 ||| Stepping randomly (stuck).
 47633 | Depths:2 | 47633 ||| Stepping randomly (stuck).
 47634 | Depths:2 | 47634 ||| Stepping randomly (stuck).
 47636 | Depths:2 | 47636 ||| Stepping randomly (stuck).
 47638 | Depths:2 | 47638 ||| Stepping randomly (stuck).
 47639 | Depths:2 | 47639 ||| Stepping randomly (stuck).
 47640 | Depths:2 | 47640 ||| Stepping randomly (stuck).
 47641 | Depths:2 | 47641 ||| Stepping randomly (stuck).
 47643 | Depths:2 | 47643 ||| Stepping randomly (stuck).
 47645 | Depths:2 | 47645 ||| Stepping randomly (stuck).
 47646 | Depths:2 | 47646 ||| Stepping randomly (stuck).
 47647 | Depths:2 | 47647 ||| Stepping randomly (stuck).
 47648 | Depths:2 | 47648 ||| Stepping randomly (stuck).
 47649 | Depths:2 | 47649 ||| Stepping randomly (stuck).
 47650 | Depths:2 | 47650 ||| Stepping randomly (stuck).
 47651 | Depths:2 | 47651 ||| Stepping randomly (stuck).
 47652 | Depths:2 | 47652 ||| Stepping randomly (stuck).
 47653 | Depths:2 | 47653 ||| Stepping randomly (stuck).
 47655 | Depths:2 | 47655 ||| Stepping randomly (stuck).
 47657 | Depths:2 | 47657 ||| Stepping randomly (stuck).
 47659 | Depths:2 | 47659 ||| Stepping randomly (stuck).
 47660 | Depths:2 | 47660 ||| Stepping randomly (stuck).
 47661 | Depths:2 | 47661 ||| Stepping randomly (stuck).
 47662 | Depths:2 | 47662 ||| Stepping randomly (stuck).
 47663 | Depths:2 | 47663 ||| Stepping randomly (stuck).
 47665 | Depths:2 | 47665 ||| Stepping randomly (stuck).
 47666 | Depths:2 | 47666 ||| Stepping randomly (stuck).
 47667 | Depths:2 | 47667 ||| Stepping randomly (stuck).
 47668 | Depths:2 | 47668 ||| Stepping randomly (stuck).
 47669 | Depths:2 | 47669 ||| Stepping randomly (stuck).
 47670 | Depths:2 | 47670 ||| Stepping randomly (stuck).
 47671 | Depths:2 | 47671 ||| Stepping randomly (stuck).
 47672 | Depths:2 | 47672 ||| Stepping randomly (stuck).
 47673 | Depths:2 | 47673 ||| Stepping randomly (stuck).
 47674 | Depths:2 | 47674 ||| Stepping randomly (stuck).
 47675 | Depths:2 | 47675 ||| Stepping randomly (stuck).
 47676 | Depths:2 | 47676 ||| Stepping randomly (stuck).
 47678 | Depths:2 | 47678 ||| Stepping randomly (stuck).
 47680 | Depths:2 | 47680 ||| Stepping randomly (stuck).
 47681 | Depths:2 | 47681 ||| Stepping randomly (stuck).
 47682 | Depths:2 | 47682 ||| Stepping randomly (stuck).
 47683 | Depths:2 | 47683 ||| Stepping randomly (stuck).
 47684 | Depths:2 | 47684 ||| Stepping randomly (stuck).
 47685 | Depths:2 | 47685 ||| Stepping randomly (stuck).
 47686 | Depths:2 | 47686 ||| Stepping randomly (stuck).
 47687 | Depths:2 | 47687 ||| Stepping randomly (stuck).
 47688 | Depths:2 | 47688 ||| Stepping randomly (stuck).
 47689 | Depths:2 | 47689 ||| Stepping randomly (stuck).
 47690 | Depths:2 | 47690 ||| Stepping randomly (stuck).
 47691 | Depths:2 | 47691 ||| Stepping randomly (stuck).
 47692 | Depths:2 | 47692 ||| Stepping randomly (stuck).
 47693 | Depths:2 | 47693 ||| Stepping randomly (stuck).
 47694 | Depths:2 | 47694 ||| Stepping randomly (stuck).
 47695 | Depths:2 | 47695 ||| Stepping randomly (stuck).
 47696 | Depths:2 | 47696 ||| Stepping randomly (stuck).
 47697 | Depths:2 | Quit the game

Levels and vault maps discovered:
D:1:      erik_arrival_triangle_small, layout_loops_ring,
          dreamdust_ecumenical_altar_drowned_temple, grunt_decor_resistance
D:2:      layout_rooms, kennysheep_crisscross, minmay_3d_cube
D:3:      layout_basic
D:4:      layout_cave_pools, marbit_many_paths, nicolae_overflow_hidden_temple,
          mainiacjoe_overflow_alcove_1, serial_shops,
          nicolae_shop_competitors_out_of_business, kennysheep_generic_room_14,
          uniq_robin, uniq_duvessa, uniq_menkaure
D:5:      layout_layer_cave, fedhas_ov_isle_minmay, minmay_misc_feat_tiny,
          amcnicky_mini_corridor_feature, kennysheep_generic_room_4
D:6:      layout_cave_pods, nicolae_overflow_quartered_altars,
          grunt_gozag_statues, kennysheep_mini_moat, minmay_temple_entry_trees,
          serial_shops, nicolae_shop_window_shopping
D:7:      layout_basic, nicolae_overflow_crystal_walls,
          gammafunk_ghost_necromancy
D:8:      layout_rooms, mainiacjoe_overflow_concentric_impassable, uniq_maurice
D:9:      layout_basic, uniq_grum
D:10:     layout_long_grid, lemuel_tele_altar, orc_0_dummy, uniq_lodul
D:11:     layout_small_grid, serial_shops, nicolae_shop_advertising_works
          [nicolae_subvault_shop_adworks], nicolae_good_shop, uniq_urug,
          uniq_amaemon
D:12:     layout_loops_ring
D:13:     layout_cave_pods, erik_vaults_1, gauntlet_entry_generic,
          minmay_statue_crystal_thing
D:14:     layout_stronghold, nicolae_trove_entry_crystal,
          nicolae_uskayaw_dance_hall, serial_shops, shop, guppyfry_shop_earth,
          uniq_rupert
D:15:     grunt_enter_depths_magical_seal, layout_basic,
          ashenzari_conservatory_becter
Temple:   nicolae_temple_cloud_nine
Lair:1:   layout_gridlike, ebering_ghost_xom, grunt_megastairs_3,
          serial_bayou_shore_b
Lair:2:   regret_index_bee_streams, layout_regular_city,
          minmay_shoals_entry_beasts, gammafunk_ghost_cemetery
Lair:3:   layout_loops_ring, minmay_snake_entry_guardpost_small,
          infiniplex_staircase_pool
Lair:4:   layout_gridlike, evilmike_ambush [evilmike_ambush_outer_corners,
          evilmike_ambush_inner_basic], lemuel_fruit_tree, serial_bayou_shore_b
Lair:5:   hangedman_lair_in_review, layout_regular_city,
          dpeg_slime_entry_enclosed, nicolae_volcano_entry_lava_flow,
          serial_bayou_lagoon_b, uniq_nessos
Shoals:1: layout_shoals, nicolae_shoals_lost_giant_hut, nicolae_shop_gadgets,
          uniq_jorgrun
Shoals:2: layout_shoals
Shoals:3: dreamdust_from_the_deep, layout_shoals
Shoals:4: shoals_end_grunt_ice, layout_shoals
Snake:1:  layout_gridlike, grunt_megastairs_1
Snake:2:  layout_misc_corridors, serial_bayou_crossing, grunt_megastairs_5
Snake:3:  nicolae_snake_nest, layout_rooms, serial_shops, shop_statue,
          uniq_mlioglotl
Snake:4:  snake_pit, layout_cave_town, fake_guardian_serpent_vault
Orc:1:    layout_caves
Orc:2:    st_orc_open, layout_caves, hangedman_minor_magic
Vaults:1: vaults_dpeg_diagonal, vaults_dpeg_cross, vaults_standard_mumra_x,
          vaults_room_guarded_vault, nicolae_vaults_network_square,
          nicolae_vaults_rhombus_6, v_misc_11, layout_vaults_big_room,
          uniq_nikola
Vaults:2: nicolae_vaults_specimen_jars, hangedman_vaults_stitches,
          hangedman_vaults_maws, hangedman_vaults_river_flow,
          minmay_crypt_entry_simple_sparse, v_misc_33, nicolae_vaults_network_s,
          nicolae_vaults_little_squares_2, ontoclasm_vaults_hangar,
          vaults_room_fours, nicolae_vaults_gold_heap,
          hangedman_vaults_hard_town_square, vaults_room_pool,
          layout_vaults_maze
Vaults:3: v_misc_1, nicolae_vaults_network_barrier, grunt_vaults_focal,
          st_squares, ontoclasm_vaults_idyll, v_pattern_4,
          nicolae_vaults_mini_display_case, vaults_room_pool,
          layout_vaults_omnigrid, serial_hangedman_research,
          hangedman_research_probablistics, hangedman_research_geology,
          uniq_boris
Vaults:4: ontoclasm_vaults_shuriken, v_rooms_4, v_alt_pattern_1,
          vaults_room_door_ring, nicolae_vaults_good_morning_starshine,
          nicolae_vaults_network_quinsquares
          [nicolae_vaults_network_quincunx_subvault,
          nicolae_vaults_network_quincunx_subvault,
          nicolae_vaults_network_quincunx_subvault,
          nicolae_vaults_network_quincunx_subvault], v_pattern_3, v_misc_2,
          v_misc_22, hangedman_vaults_slice, grunt_vaults_hallway_short,
          layout_vaults_omnibox, uniq_margery, uniq_sojobo
Depths:1: kennysheep_cluttered_fort, layout_basic, enter_ziggurat_b,
          serial_shops, shop, hell_entry, nicolae_sif_muna_condensation
Depths:2: kennysheep_windowed_halls, layout_gridlike,
          nicolae_hepliaklqana_hazy_memory, grunt_pan_entry_spiral,
          grunt_hell_entry_dis_grunt, chequers_serial_rivers_micro_a

Skill      XL: |  1  2  3  4  5  6  7  8  9 10 11 12 13 14 15 16 17 18 19 20 21 22 |
---------------+-------------------------------------------------------------------+-----
Axes           | 2 3 4 5 7 8 10 11 12 13 14 15 17 18 | 18.0
Dodging        | 1 2 3 4 6 7 8 9 |  9.0
Fighting       | 4 5 6 7 8 9 10 11 12 13 14 16 17 18 19 20 | 20.0
Armour         | 6 7 8 9 11 12 13 14 15 16 18 19 | 19.0
Invocations    | 4 5 9 10 | 10.0
Shields        | 4 5 6 7 8 13 14 15 17 19 20 | 20.9
Throwing       | 2 5 7 8 9 10 11 | 11.0

Action                   |  1- 3 |  4- 6 |  7- 9 | 10-12 | 13-15 | 16-18 | 19-21 | 22-24 || total
-------------------------+-------+-------+-------+-------+-------+-------+-------+-------++-------
Melee: War axe           |   109 |   205 |   269 |   795 |   333 |       |       |       ||  1711
       Flail             |       |       |       |    22 |       |       |       |       ||    22
       Broad axe         |       |       |       |       |   651 |  1294 |  1376 |   395 ||  3716
Throw: Boomerang         |       |       |       |    18 |       |     1 |       |       ||    19
       Javelin           |       |       |       |       |    59 |    78 |   115 |    68 ||   320
Invok: Heroism           |       |       |     4 |    32 |    40 |    51 |    42 |    10 ||   179
       Finesse           |       |       |       |     3 |    10 |    10 |    12 |    10 ||    45
  Use: Scroll            |     6 |     6 |     8 |     6 |     5 |     6 |     5 |     7 ||    49
       Potion            |     1 |     3 |     1 |     2 |     2 |     1 |     3 |       ||    13
 Stab: Petrified         |       |       |       |       |     3 |       |       |       ||     3
       Invisible         |       |       |       |       |       |     1 |       |       ||     1
       Distracted        |       |       |       |       |       |       |     1 |     1 ||     2
Armor: Scale mail        |    59 |    25 |       |       |       |       |       |       ||    84
       Chain mail        |       |    54 |    16 |   261 |       |       |       |       ||   331
       Plate armour      |       |       |   144 |   108 |   372 |   445 |   196 |    62 ||  1327
       Gold dragon scale |       |       |       |       |       |       |    40 |       ||    40
Dodge: Dodged            |    48 |    56 |    79 |   308 |   270 |   532 |   318 |    73 ||  1684
       Repelled          |       |       |       |       |       |       |     4 |     3 ||     7
Block: Buckler           |    17 |   104 |   108 |   427 |   428 |     7 |       |       ||  1091
       Reflection        |       |     4 |     1 |     3 |    16 |   152 |    43 |     5 ||   224
       Kite shield       |       |       |       |       |       |  1211 |   144 |       ||  1355
       Tower shield      |       |       |       |       |       |       |   903 |   272 ||  1175

Table legend:
 A = Non-vault XP
 B = Vault XP
 C = Vault XP percentage of total XP
 D = Non-vault monster count
 E = Vault monster count
 F = Vault count percentage of total count
                 A         B        C        D         E       F
            +---------+---------+-------+---------+---------+-------
      Total |  425787 |  250564 |  37.0 |    1082 |     432 |  28.5
            +---------+---------+-------+---------+---------+-------
        D:1 |      39 |       1 |   2.5 |      23 |       1 |   4.2
        D:2 |      74 |      18 |  19.6 |      22 |       4 |  15.4
        D:3 |      81 |       0 |   0.0 |      13 |       0 |   0.0
        D:4 |     213 |     420 |  66.4 |      19 |      18 |  48.6
        D:5 |     402 |       3 |   0.7 |      15 |       1 |   6.2
        D:6 |    1126 |       0 |   0.0 |      24 |       0 |   0.0
        D:7 |    1811 |       0 |   0.0 |      16 |       0 |   0.0
        D:8 |    1220 |     496 |  28.9 |      20 |       1 |   4.8
        D:9 |    4423 |     647 |  12.8 |      43 |       5 |  10.4
       D:10 |    2613 |    1606 |  38.1 |      23 |       8 |  25.8
       D:11 |    3258 |    1950 |  37.4 |      19 |       3 |  13.6
       D:12 |    5560 |       0 |   0.0 |      19 |       0 |   0.0
       D:13 |   14532 |    1654 |  10.2 |      35 |       2 |   5.4
       D:14 |    6198 |    1988 |  24.3 |      14 |       2 |  12.5
       D:15 |   12365 |    3883 |  23.9 |      31 |       8 |  20.5
     Lair:1 |    4650 |    1710 |  26.9 |      19 |       5 |  20.8
     Lair:2 |    5073 |    7002 |  58.0 |      23 |      51 |  68.9
     Lair:3 |    6512 |     654 |   9.1 |      24 |       4 |  14.3
     Lair:4 |   18569 |     924 |   4.7 |      56 |       3 |   5.1
     Lair:5 |    8961 |   10218 |  53.3 |      28 |      22 |  44.0
   Shoals:1 |    4199 |    1749 |  29.4 |      10 |       1 |   9.1
   Shoals:2 |   11190 |       0 |   0.0 |      24 |       0 |   0.0
   Shoals:3 |   23672 |   10322 |  30.4 |      41 |      10 |  19.6
   Shoals:4 |   11197 |   18814 |  62.7 |      26 |      29 |  52.7
    Snake:1 |   20778 |     977 |   4.5 |      42 |       2 |   4.5
    Snake:2 |   17880 |    5047 |  22.0 |      35 |       8 |  18.6
    Snake:3 |   12426 |       0 |   0.0 |      23 |       0 |   0.0
    Snake:4 |   23162 |   23106 |  49.9 |      44 |      34 |  43.6
      Orc:1 |    8315 |    4023 |  32.6 |      64 |      18 |  22.0
      Orc:2 |    1597 |   12332 |  88.5 |       9 |      30 |  76.9
   Vaults:1 |   27006 |   23633 |  46.7 |      40 |      24 |  37.5
   Vaults:2 |   23563 |   28272 |  54.5 |      37 |      35 |  48.6
   Vaults:3 |   31233 |   28144 |  47.4 |      44 |      33 |  42.9
   Vaults:4 |   30996 |   42065 |  57.6 |      41 |      49 |  54.4
   Depths:1 |   35423 |    2387 |   6.3 |      42 |       2 |   4.5
   Depths:2 |   24713 |   16519 |  40.1 |      23 |      19 |  45.2
    Abyss:2 |    2891 |       0 |   0.0 |       8 |       0 |   0.0
    Abyss:3 |   17866 |       0 |   0.0 |      43 |       0 |   0.0
            +---------+---------+-------+---------+---------+-------
